Workbook
Name Despesas: Tabela2[Despesas]
Name Despesas: Tabela2[Despesas]
Name Despesas: Tabela2[Despesas]
Name Despesas: Tabela2[Despesas]
Name Despesas: Tabela2[Despesas]
Name Despesas: Tabela2[Despesas]
Name Despesas: Tabela2[Despesas]
Name Despesas: Tabela2[Despesas]
Name Despesas: Tabela2[Despesas]
Name Despesas: Tabela2[Despesas]
Name Despesas: Tabela2[Despesas]
Name Despesas: Tabela2[Despesas]
Name Dívidas: Tabela3[Dívidas]
Name Dívidas: Tabela3[Dívidas]
Name Dívidas: Tabela3[Dívidas]
Name Dívidas: Tabela3[Dívidas]
Name Dívidas: Tabela3[Dívidas]
Name Dívidas: Tabela3[Dívidas]
Name Dívidas: Tabela3[Dívidas]
Name Dívidas: Tabela3[Dívidas]
Name Dívidas: Tabela3[Dívidas]
Name Dívidas: Tabela3[Dívidas]
Name Dívidas: Tabela3[Dívidas]
Name Dívidas: Tabela3[Dívidas]
Name Investimentos: Tabela4[Investimentos]
Name Investimentos: Tabela4[Investimentos]
Name Investimentos: Tabela4[Investimentos]
Name Investimentos: Tabela4[Investimentos]
Name Investimentos: Tabela4[Investimentos]
Name Investimentos: Tabela4[Investimentos]
Name Investimentos: Tabela4[Investimentos]
Name Investimentos: Tabela4[Investimentos]
Name Investimentos: Tabela4[Investimentos]
Name Investimentos: Tabela4[Investimentos]
Name Investimentos: Tabela4[Investimentos]
Name Investimentos: Tabela4[Investimentos]
Name Receitas: Tabela1[Receitas]
Name Receitas: Tabela1[Receitas]
Name Receitas: Tabela1[Receitas]
Name Receitas: Tabela1[Receitas]
Name Receitas: Tabela1[Receitas]
Name Receitas: Tabela1[Receitas]
Name Receitas: Tabela1[Receitas]
Name Receitas: Tabela1[Receitas]
Name Receitas: Tabela1[Receitas]
Name Receitas: Tabela1[Receitas]
Name Receitas: Tabela1[Receitas]
Name Receitas: Tabela1[Receitas]
Name Tipo: '[1]Base de Dados'!$AM$5:$AM$8
Name Tipo: 'Base de Dados'!$AM$5:$AM$8

Sheet Dashboard
AK1: Meses | AL1: Receita | AN1: Despesa | AQ1: Diferença | AS1: Investimentos | AU1: Orçamento
AK2: Janeiro | AL2: {='Jan '!J3:K3} -> 17150 | AM2: 0 | AN2: {='Jan '!M3:N3} -> 8448 | AO2: 0 | AQ2: =AL2-AN2 -> 8702 | AS2: {='Jan '!S3:T3} -> 1040 | AT2: 0 | AU2: =Orçamento!E17 -> 9630
AK3: Fevereiro | AL3: =Fev!J3 -> 12150 | AN3: =Fev!M3 -> 2468 | AQ3: =AL3-AN3 -> 9682 | AS3: =Fev!S3 -> 640 | AU3: =Orçamento!F17 -> 9400
AK4: Março | AL4: =Mar!J3 -> 12150 | AN4: =Mar!M3 -> 2468 | AQ4: =AL4-AN4 -> 9682 | AS4: =Mar!S3 -> 640 | AU4: =Orçamento!G17 -> 9870
AK5: Abril | AL5: =Abr!J3 -> 12150 | AN5: =Abr!M3 -> 4678 | AQ5: =AL5-AN5 -> 7472 | AS5: =Abr!S3 -> 1100 | AU5: =Orçamento!H17 -> 10020
AK6: Maio | AL6: =Mai!J3 -> 12150 | AN6: =Mai!M3 -> 9668 | AQ6: =AL6-AN6 -> 2482 | AS6: =Mai!S3 -> 640 | AU6: =Orçamento!I17 -> 9590
AK7: Junho | AL7: =Jun!J3 -> 17150 | AN7: =Jun!M3 -> 9668 | AQ7: =AL7-AN7 -> 7482 | AS7: =Jun!S3 -> 4400 | AU7: =Orçamento!J17 -> 9275
AK8: Julho | AL8: =Jul!J3 -> 12150 | AN8: =Jul!M3 -> 9668 | AQ8: =AL8-AN8 -> 2482 | AS8: =Jul!S3 -> 640 | AU8: =Orçamento!J17 -> 9275
AK9: Agosto | AL9: =Ago!J3 -> 12150 | AN9: =Ago!M3 -> 4868 | AQ9: =AL9-AN9 -> 7282 | AS9: =Ago!S3 -> 640 | AU9: =Orçamento!L17 -> 9770
AK10: Setembro | AL10: =Set!J3 -> 15050 | AN10: =Set!M3 -> 4868 | AQ10: =AL10-AN10 -> 10182 | AS10: =Set!S3 -> 640 | AU10: =Orçamento!M17 -> 9860
AK11: Outubro | AL11: =Out!J3 -> 7650 | AN11: =Out!M3 -> 6238 | AQ11: =AL11-AN11 -> 1412 | AS11: =Out!S3 -> 640 | AU11: =Orçamento!N17 -> 9890
AK12: Novembro | AL12: =Nov!J3 -> 12150 | AN12: =Nov!M3 -> 5668 | AQ12: =AL12-AN12 -> 6482 | AS12: =Nov!S3 -> 1700 | AU12: =Orçamento!O17 -> 9950
AK13: Dezembro | AL13: =Dez!J3 -> 12150 | AN13: =Dez!M3 -> 6668 | AQ13: =AL13-AN13 -> 5482 | AS13: =Dez!S3 -> 640 | AU13: =Orçamento!P17 -> 10010
AK14: Soma | AL14: =SUM(AL2:AL13) -> 154200 | AN14: =SUM(AN2:AN13) -> 75376 | AQ14: =AL14-AN14 -> 78824 | AS14: =SUM(AS2:AS13) -> 13360 | AU14: =SUM(AU2:AU13) -> 116540
AK19: Hoje | AL19: =TODAY() -> 45704
AK20: Orçamento/Despesa | AL20: =AN14/AU14 -> 0.64678222
AK21: Orçamento | AL21: =AU14 -> 116540
AK22: Despesa | AL22: =AN14 -> 75376
AK23: Faltante | AL23: =AL21-AL22 -> 41164
AK24: Média Mensal Investimentos | AL24: =AVERAGE(AS2:AS13) -> 1113.3333

Sheet Orçamento
C2: Orçamento Anual | V2: Despesas como % da Receita | Y2: Pagamento de Dívidas como % da Receita | AB2: Investimentos como % da Receita
E3: Jan | F3: Fev | G3: Mar | H3: Abr | I3: Mai | J3: Jun | K3: Jul | L3: Ago | M3: Set | N3: Out | O3: Nov | P3: Dez | Q3: Total | V3: =REPT("|",V4*75) -> ||||||||||||||||||||||||||||||||||| | Y3: =REPT("|",Y4*75) -> |||||||||||||||||||||||| | AB3: =REPT("|",AB4*75) -> |||||||||||||||
C4: Sem Alocação | E4: =+E17-E38-E52-E66 -> 245 | F4: =+F17-F38-F52-F66 -> 5 | G4: =+G17-G38-G52-G66 -> 285 | H4: =+H17-H38-H52-H66 -> -485 | I4: =+I17-I38-I52-I66 -> 185 | J4: =+J17-J38-J52-J66 -> -675 | K4: =+K17-K38-K52-K66 -> 125 | L4: =+L17-L38-L52-L66 -> -385 | ... P4: =+P17-P38-P52-P66 -> -5 | Q4: =SUM(E4:P4) -> -140 | V4: =+Q38/Q17 -> 0.46807422 | Y4: =+Q52/Q17 -> 0.32774579 | AB4: =+Q66/Q17 -> 0.20537428
C6: Metas de Recetas
C8: Fontes de Receitas | E8: Jan | F8: Fev | G8: Mar | H8: Abr | I8: Mai | J8: Jun | K8: Jul | L8: Ago | M8: Set | N8: Out | O8: Nov | P8: Dez | Q8: Total | V8: Visão Geral das Receitas
C9: =IF('Base de Dados'!C9="","",'Base de Dados'!C9) -> Salário | E9: 4500 | F9: 4500 | G9: 4500 | H9: 4500 | I9: 4500 | J9: 4500 | K9: 4500 | L9: 4500 | M9: 4500 | N9: 4500 | O9: 4500 | P9: 4500 | Q9: =IF(SUM(E9:P9)="","",SUM(E9:P9)) -> 54000 | V9: Receitas no Ano
C10: =IF('Base de Dados'!C10="","",'Base de Dados'!C10) -> Salário Cônjuge | E10: 4350 | F10: 4350 | G10: 4350 | H10: 4350 | I10: 4350 | J10: 4350 | K10: 4350 | L10: 4350 | M10: 4350 | N10: 4350 | O10: 4350 | P10: 4350 | Q10: =IF(SUM(E10:P10)="","",SUM(E10:P10)) -> 52200 | V10: =Q17 -> 117225
C11: =IF('Base de Dados'!C11="","",'Base de Dados'!C11) -> Dividendos | E11: 100 | F11: 150 | G11: 200 | H11: 450 | I11: 300 | J11: 150 | K11: 550 | L11: 450 | M11: 530 | N11: 550 | O11: 600 | P11: 650 | Q11: =IF(SUM(E11:P11)="","",SUM(E11:P11)) -> 4680 | V11: =REPT("|",Q17/5000) -> |||||||||||||||||||||||
C12: =IF('Base de Dados'!C12="","",'Base de Dados'!C12) -> Reembolsos | E12: 250 | F12: 250 | G12: 250 | H12: 450 | I12: 250 | J12: 250 | K12: 350 | L12: 250 | M12: 250 | N12: 250 | O12: 250 | P12: 250 | Q12: =IF(SUM(E12:P12)="","",SUM(E12:P12)) -> 3300
C13: =IF('Base de Dados'!C13="","",'Base de Dados'!C13) -> Presentes Receitas | E13: 100 | F13: 100 | G13: 100 | H13: 190 | I13: 100 | J13: 15 | K13: 100 | L13: 100 | M13: 100 | N13: 100 | O13: 100 | P13: 100 | Q13: =IF(SUM(E13:P13)="","",SUM(E13:P13)) -> 1205
C14: =IF('Base de Dados'!C14="","",'Base de Dados'!C14) -> Aluguéis | E14: 30 | F14: 50 | G14: 70 | H14: 80 | I14: 90 | J14: 10 | K14: 110 | L14: 120 | M14: 130 | N14: 140 | O14: 150 | P14: 160 | Q14: =IF(SUM(E14:P14)="","",SUM(E14:P14)) -> 1140
C15: =IF('Base de Dados'!C15="","",'Base de Dados'!C15) -> Juros | E15: 300 | F15: 0 | G15: 0 | H15: 0 | I15: 0 | J15: 0 | K15: 0 | L15: 0 | M15: 0 | N15: 0 | O15: 0 | P15: 0 | Q15: =IF(SUM(E15:P15)="","",SUM(E15:P15)) -> 300
C16: =IF('Base de Dados'!C16="","",'Base de Dados'!C16) -> Renda Extra | E16: 0 | F16: 0 | G16: 400 | H16: 0 | I16: 0 | J16: 0 | K16: 0 | L16: 0 | M16: 0 | N16: 0 | O16: 0 | P16: 0 | Q16: =IF(SUM(E16:P16)="","",SUM(E16:P16)) -> 400
C17: Total | E17: =SUM(E9:E16) -> 9630 | F17: =SUM(F9:F16) -> 9400 | G17: =SUM(G9:G16) -> 9870 | H17: =SUM(H9:H16) -> 10020 | I17: =SUM(I9:I16) -> 9590 | J17: =SUM(J9:J16) -> 9275 | K17: =SUM(K9:K16) -> 9960 | L17: =SUM(L9:L16) -> 9770 | ... Q17: =SUM(Q9:Q16) -> 117225
C20: Orçamento de Despesas
C22: Categorias de Despesas | E22: Jan | F22: Fev | G22: Mar | H22: Abr | I22: Mai | J22: Jun | K22: Jul | L22: Ago | M22: Set | N22: Out | O22: Nov | P22: Dez | Q22: Total | V22: Visão Geral das Despesas
C23: =IF('Base de Dados'!C22="","",'Base de Dados'!C22) -> Casa | E23: 750 | F23: 820 | G23: 680 | H23: 920 | I23: 550 | J23: 620 | K23: 890 | L23: 430 | M23: 770 | N23: 880 | O23: 910 | P23: 600 | Q23: =IF(SUM(E23:P23)=0,"",SUM(E23:P23)) -> 8820 | V23: Depesas Totais no Ano
C24: =IF('Base de Dados'!C23="","",'Base de Dados'!C23) -> Transporte | E24: 340 | F24: 480 | G24: 260 | H24: 570 | I24: 420 | J24: 310 | K24: 600 | L24: 750 | M24: 690 | N24: 550 | O24: 450 | P24: 880 | Q24: =IF(SUM(E24:P24)=0,"",SUM(E24:P24)) -> 6300 | V24: =+Q38 -> 54870
C25: =IF('Base de Dados'!C24="","",'Base de Dados'!C24) -> Alimentação | E25: 220 | F25: 360 | G25: 450 | H25: 640 | I25: 290 | J25: 370 | K25: 500 | L25: 390 | M25: 280 | N25: 530 | O25: 450 | P25: 590 | Q25: =IF(SUM(E25:P25)=0,"",SUM(E25:P25)) -> 5070 | V25: =REPT("|",V26*75) -> |||||||||||||||||||||||||||||||||||
C26: =IF('Base de Dados'!C25="","",'Base de Dados'!C25) -> Utilidades | E26: 140 | F26: 260 | G26: 180 | H26: 380 | I26: 320 | J26: 200 | K26: 410 | L26: 190 | M26: 350 | N26: 230 | O26: 280 | P26: 360 | Q26: =IF(SUM(E26:P26)=0,"",SUM(E26:P26)) -> 3300 | V26: =+V24/Q17 -> 0.46807422
C27: =IF('Base de Dados'!C26="","",'Base de Dados'!C26) -> Seguro | E27: 280 | F27: 330 | G27: 210 | H27: 290 | I27: 360 | J27: 270 | K27: 400 | L27: 320 | M27: 280 | N27: 330 | O27: 400 | P27: 350 | Q27: =IF(SUM(E27:P27)=0,"",SUM(E27:P27)) -> 3820
C28: =IF('Base de Dados'!C27="","",'Base de Dados'!C27) -> Educação | E28: 190 | F28: 120 | G28: 420 | H28: 290 | I28: 330 | J28: 180 | K28: 250 | L28: 310 | M28: 360 | N28: 140 | O28: 400 | P28: 320 | Q28: =IF(SUM(E28:P28)=0,"",SUM(E28:P28)) -> 3310
C29: =IF('Base de Dados'!C28="","",'Base de Dados'!C28) -> Entretenimento | E29: 520 | F29: 480 | G29: 380 | H29: 540 | I29: 430 | J29: 490 | K29: 590 | L29: 600 | M29: 520 | N29: 480 | O29: 650 | P29: 550 | Q29: =IF(SUM(E29:P29)=0,"",SUM(E29:P29)) -> 6230
C30: =IF('Base de Dados'!C29="","",'Base de Dados'!C29) -> Roupas | E30: 80 | F30: 150 | G30: 220 | H30: 90 | I30: 200 | J30: 170 | K30: 200 | L30: 120 | M30: 250 | N30: 210 | O30: 180 | P30: 190 | Q30: =IF(SUM(E30:P30)=0,"",SUM(E30:P30)) -> 2060
C31: =IF('Base de Dados'!C30="","",'Base de Dados'!C30) -> Cuidados Pessoais | E31: 180 | F31: 130 | G31: 90 | H31: 150 | I31: 70 | J31: 200 | K31: 120 | L31: 110 | M31: 160 | N31: 190 | O31: 240 | P31: 80 | Q31: =IF(SUM(E31:P31)=0,"",SUM(E31:P31)) -> 1720
C32: =IF('Base de Dados'!C31="","",'Base de Dados'!C31) -> Presentes | E32: 70 | F32: 90 | G32: 130 | H32: 80 | I32: 120 | J32: 100 | K32: 140 | L32: 160 | M32: 110 | N32: 90 | O32: 100 | P32: 150 | Q32: =IF(SUM(E32:P32)=0,"",SUM(E32:P32)) -> 1340
C33: =IF('Base de Dados'!C32="","",'Base de Dados'!C32) -> Doações | E33: 280 | F33: 340 | G33: 400 | H33: 360 | I33: 320 | J33: 260 | K33: 380 | L33: 320 | M33: 260 | N33: 380 | O33: 340 | P33: 400 | Q33: =IF(SUM(E33:P33)=0,"",SUM(E33:P33)) -> 4040
C34: =IF('Base de Dados'!C33="","",'Base de Dados'!C33) -> Lazer | E34: 90 | F34: 110 | G34: 80 | H34: 70 | I34: 120 | J34: 140 | K34: 20 | L34: 130 | M34: 90 | N34: 150 | O34: 80 | P34: 100 | Q34: =IF(SUM(E34:P34)=0,"",SUM(E34:P34)) -> 1180
C35: =IF('Base de Dados'!C34="","",'Base de Dados'!C34) -> Animal de Estimação | E35: 150 | F35: 180 | G35: 160 | H35: 140 | I35: 200 | J35: 170 | K35: 190 | L35: 210 | M35: 180 | N35: 220 | O35: 190 | P35: 200 | Q35: =IF(SUM(E35:P35)=0,"",SUM(E35:P35)) -> 2190
C36: =IF('Base de Dados'!C35="","",'Base de Dados'!C35) -> Viagens | E36: 300 | F36: 250 | G36: 400 | H36: 800 | I36: 100 | J36: 950 | K36: 200 | L36: 700 | M36: 100 | N36: 50 | O36: 200 | P36: 300 | Q36: =IF(SUM(E36:P36)=0,"",SUM(E36:P36)) -> 4350
C37: =IF('Base de Dados'!C36="","",'Base de Dados'!C36) -> Streaming | E37: 95 | F37: 95 | G37: 95 | H37: 95 | I37: 95 | J37: 95 | K37: 95 | L37: 95 | M37: 95 | N37: 95 | O37: 95 | P37: 95 | Q37: =IF(SUM(E37:P37)=0,"",SUM(E37:P37)) -> 1140
C38: Total | E38: =SUM(E23:E37) -> 3685 | F38: =SUM(F23:F37) -> 4195 | G38: =SUM(G23:G37) -> 4155 | H38: =SUM(H23:H37) -> 5415 | I38: =SUM(I23:I37) -> 3925 | J38: =SUM(J23:J37) -> 4525 | K38: =SUM(K23:K37) -> 4985 | L38: =SUM(L23:L37) -> 4835 | ... P38: =SUM(P23:P37) -> 5165 | Q38: =SUM(E38:P38) -> 54870
C41: Pagamento de Dívidas
C43: Categorias de Dívidas | E43: Jan | F43: Fev | G43: Mar | H43: Abr | I43: Mai | J43: Jun | K43: Jul | L43: Ago | M43: Set | N43: Out | O43: Nov | P43: Dez | Q43: Total | V43: Visão Geral das Dívidas
C44: =IF('Base de Dados'!G9="","",'Base de Dados'!G9) -> Financiamento Carro | E44: 720 | F44: 650 | G44: 780 | H44: 690 | I44: 760 | J44: 710 | K44: 720 | L44: 750 | M44: 770 | N44: 730 | O44: 780 | P44: 700 | Q44: =IF(SUM(E44:P44)="","",SUM(E44:P44)) -> 8760 | V44: Dívidas Totais no Ano
C45: =IF('Base de Dados'!G10="","",'Base de Dados'!G10) -> Empréstimo Estudantil | E45: 330 | F45: 280 | G45: 400 | H45: 250 | I45: 380 | J45: 310 | K45: 320 | L45: 350 | M45: 300 | N45: 390 | O45: 280 | P45: 320 | Q45: =IF(SUM(E45:P45)="","",SUM(E45:P45)) -> 3910 | V45: =+Q52 -> 38420
C46: =IF('Base de Dados'!G11="","",'Base de Dados'!G11) -> Cartão de Crédito | E46: 450 | F46: 390 | G46: 510 | H46: 480 | I46: 520 | J46: 420 | K46: 390 | L46: 500 | M46: 460 | N46: 430 | O46: 540 | P46: 480 | Q46: =IF(SUM(E46:P46)="","",SUM(E46:P46)) -> 5570 | V46: =REPT("|",V47*75) -> ||||||||||||||||||||||||
C47: =IF('Base de Dados'!G12="","",'Base de Dados'!G12) -> Financiamento Apto | E47: 190 | F47: 220 | G47: 180 | H47: 250 | I47: 210 | J47: 230 | K47: 200 | L47: 180 | M47: 240 | N47: 200 | O47: 230 | P47: 220 | Q47: =IF(SUM(E47:P47)="","",SUM(E47:P47)) -> 2550 | V47: =+Q52/Q17 -> 0.32774579
C48: =IF('Base de Dados'!G13="","",'Base de Dados'!G13) -> Consórcio | E48: 290 | F48: 320 | G48: 270 | H48: 340 | I48: 300 | J48: 280 | K48: 320 | L48: 310 | M48: 290 | N48: 330 | O48: 270 | P48: 350 | Q48: =IF(SUM(E48:P48)="","",SUM(E48:P48)) -> 3670
C49: =IF('Base de Dados'!G14="","",'Base de Dados'!G14) -> Empréstimo | E49: 370 | F49: 400 | G49: 430 | H49: 350 | I49: 390 | J49: 360 | K49: 400 | L49: 370 | M49: 380 | N49: 410 | O49: 380 | P49: 400 | Q49: =IF(SUM(E49:P49)="","",SUM(E49:P49)) -> 4640
C50: =IF('Base de Dados'!G15="","",'Base de Dados'!G15) -> Agiota | E50: 520 | F50: 570 | G50: 540 | H50: 590 | I50: 510 | J50: 530 | K50: 550 | L50: 600 | M50: 570 | N50: 580 | O50: 540 | P50: 590 | Q50: =IF(SUM(E50:P50)="","",SUM(E50:P50)) -> 6690
C51: =IF('Base de Dados'!G16="","",'Base de Dados'!G16) -> Financiamento Lote | E51: 180 | F51: 240 | G51: 200 | H51: 210 | I51: 190 | J51: 220 | K51: 250 | L51: 230 | M51: 220 | N51: 250 | O51: 240 | P51: 200 | Q51: =IF(SUM(E51:P51)="","",SUM(E51:P51)) -> 2630
C52: Total | E52: =SUM(E44:E51) -> 3050 | F52: =SUM(F44:F51) -> 3070 | G52: =SUM(G44:G51) -> 3310 | H52: =SUM(H44:H51) -> 3160 | I52: =SUM(I44:I51) -> 3260 | J52: =SUM(J44:J51) -> 3060 | K52: =SUM(K44:K51) -> 3150 | L52: =SUM(L44:L51) -> 3290 | ... P52: =SUM(P44:P51) -> 3260 | Q52: =SUM(E52:P52) -> 38420
C55: Investimentos
C57: Categorias de Investimentos | E57: Jan | F57: Fev | G57: Mar | H57: Abr | I57: Mai | J57: Jun | K57: Jul | L57: Ago | M57: Set | N57: Out | O57: Nov | P57: Dez | Q57: Total | V57: Visão Geral dos Investimentos
C58: =IF('Base de Dados'!G22="","",'Base de Dados'!G22) -> Reserva de Emergência | E58: 350 | F58: 340 | G58: 290 | H58: 240 | I58: 240 | J58: 240 | K58: 240 | L58: 240 | M58: 240 | N58: 240 | O58: 200 | P58: 210 | Q58: =IF(SUM(E58:P58)="","",SUM(E58:P58)) -> 3070 | V58: Investimentos Totais no Ano
C59: =IF('Base de Dados'!G23="","",'Base de Dados'!G23) -> Previdência | E59: 230 | F59: 250 | G59: 320 | H59: 240 | I59: 200 | J59: 290 | K59: 280 | L59: 310 | M59: 230 | N59: 250 | O59: 210 | P59: 200 | Q59: =IF(SUM(E59:P59)="","",SUM(E59:P59)) -> 3010 | V59: =+Q66 -> 24075
C60: =IF('Base de Dados'!G24="","",'Base de Dados'!G24) -> Ações | E60: 220 | F60: 220 | G60: 270 | H60: 250 | I60: 290 | J60: 280 | K60: 210 | L60: 200 | M60: 260 | N60: 270 | O60: 190 | P60: 240 | Q60: =IF(SUM(E60:P60)="","",SUM(E60:P60)) -> 2900 | V60: =REPT("|",V61*75) -> |||||||||||||||
C61: =IF('Base de Dados'!G25="","",'Base de Dados'!G25) -> Fundos Imobiliários | E61: 390 | F61: 220 | G61: 280 | H61: 200 | I61: 270 | J61: 250 | K61: 290 | L61: =210+60 -> 270 | M61: 220 | N61: 210 | O61: 230 | P61: 150 | Q61: =IF(SUM(E61:P61)="","",SUM(E61:P61)) -> 2980 | V61: =+Q66/Q17 -> 0.20537428
C62: =IF('Base de Dados'!G26="","",'Base de Dados'!G26) -> Renda Fixa | E62: 290 | F62: 250 | G62: 220 | H62: 280 | I62: 230 | J62: 270 | K62: 200 | L62: 260 | M62: 250 | N62: 290 | O62: 210 | P62: 270 | Q62: =IF(SUM(E62:P62)="","",SUM(E62:P62)) -> 3020
C63: =IF('Base de Dados'!G27="","",'Base de Dados'!G27) -> CDB Bradesco | E63: 250 | F63: 280 | G63: 200 | H63: 230 | I63: 260 | J63: 210 | K63: 50 | L63: 240 | M63: 220 | N63: 80 | O63: 130 | P63: 270 | Q63: =IF(SUM(E63:P63)="","",SUM(E63:P63)) -> 2420
C64: =IF('Base de Dados'!G28="","",'Base de Dados'!G28) -> CDB Itaú | E64: 530 | F64: 290 | G64: 270 | H64: 280 | I64: 230 | J64: =250+150 -> 400 | K64: 240 | L64: 260 | M64: 290 | N64: 140 | O64: 280 | P64: 200 | Q64: =IF(SUM(E64:P64)="","",SUM(E64:P64)) -> 3410
C65: =IF('Base de Dados'!G29="","",'Base de Dados'!G29) -> Imóveis | E65: 390 | F65: 280 | G65: 270 | H65: 210 | I65: 500 | J65: =290+135 -> 425 | K65: 190 | L65: 250 | M65: 240 | N65: 280 | O65: 180 | P65: 50 | Q65: =IF(SUM(E65:P65)="","",SUM(E65:P65)) -> 3265
C66: Total | E66: =SUM(E58:E65) -> 2650 | F66: =SUM(F58:F65) -> 2130 | G66: =SUM(G58:G65) -> 2120 | H66: =SUM(H58:H65) -> 1930 | I66: =SUM(I58:I65) -> 2220 | J66: =SUM(J58:J65) -> 2365 | K66: =SUM(K58:K65) -> 1700 | L66: =SUM(L58:L65) -> 2030 | ... P66: =SUM(P58:P65) -> 1590 | Q66: =SUM(E66:P66) -> 24075

Sheet Jan 
C2: Janeiro
J3: =SUM(F12:F19) -> 17150 | M3: =SUM(F25:F40) -> 8448 | P3: =SUM(F46:F53) -> 1700 | S3: =SUM(F59:F66) -> 1040 | V3: =+J3-M3-P3-S3 -> 5962 | W3: =+K1-N1-Q1-T1 -> 0
J4: Receita Total | M4: Despesa Total | P4: Pagamento de Dívidas Total | S4: Invetimentos Totais | V4: Não Alocado
J5: =REPT("|",J6*220) -> ||||||||||||||||||||||||||||||||||||||||||||||||||||||||||||||||||||||||||||||||||||||||||||||||||||||||||||||||||||||||||||||||||||||||||||||||||||||||||||||||||||||||||||||||||||||||||||||||||||||||||||||||||||||||||||||||||||||||||||||||||||||||||||||||||||||||||||||||||||||||||||||||||||||||||||||||||||||||||||||||||||||||||||||||||||||||||||||||||||||||||||||||||||||||||||||||||||||| | M5: =REPT("|",M6*95) -> ||||||||||||||||||||||||||||||||||||||||||||||||||||||||||||||||||||||||||||||||||||||||||||||||||||||||||||||||||||||||||||||||||||||||||||||||||||||||||||||||||||||||||||||||||||||||||||||||||||||||||||||||||||||||| | P5: =REPT("|",P6*95) -> |||||||||||||||||||||||||||||||||||||||||||||||||||| | S5: =REPT("|",S6*95) -> |||||||||||||||||| | V5: =REPT("|",V6*95) -> |||||||||||||||||||||||||||||||||
C6: Dashboard Mensal | J6: =J3/SUM(E12:E19) -> 1.780893 | K6: {=_xlfn.IFS(J3>SUM(E12:E19),'Base de Dados'!BE12,'Jan '!J3<SUM('Jan '!E12:E19),'Base de Dados'!BE11,'Jan '!J3=SUM('Jan '!E12:E19),'Base de Dados'!BE13)} -> Acima da Meta | M6: =+M3/SUM(E25:E40) -> 2.2925373 | N6: {=_xlfn.IFS(M3>E41,"Acima do orçamento",'Jan '!M3<E41,"Abaixo do Orçado",'Jan '!M3=E41,'Base de Dados'!BE13)} -> Acima do orçamento | P6: =P3/SUM(E46:E53) -> 0.55737705 | Q6: {=_xlfn.IFS(P3<E54,'Base de Dados'!$BE$11,'Jan '!P3>E54,'Base de Dados'!$BE$12,'Jan '!P3=E54,'Base de Dados'!$BE$13)} -> Abaixo da Meta | S6: =+S3/SUM(E59:E67) -> 0.19622642 | T6: {=_xlfn.IFS(S3<E67,'Base de Dados'!$BE$11,'Jan '!S3>E67,'Base de Dados'!$BE$12,'Jan '!S3=E67,'Base de Dados'!$BE$13)} -> Abaixo da Meta | V6: =+V3/J3 -> 0.34763848 | W6: da Receita Total
B9: =+'Base de Dados'!C6 -> Receitas
C11: Categoria | E11: Meta | F11: Realizado | G11: Dif
C12: =+'Base de Dados'!C9 -> Salário | E12: =IFERROR(VLOOKUP(C12,Orçamento!$C$9:$P$37,3,0),0) -> 4500 | F12: =SUMIF($M$71:$N$371,C12,$P$71:$Q$371) -> 10000 | G12: =+F12-E12 -> 5500 | J12: ="Receita em "&C2 -> Receita em Janeiro | V12: Receita com Salário
C13: =+'Base de Dados'!C10 -> Salário Cônjuge | E13: =IFERROR(VLOOKUP(C13,Orçamento!$C$9:$P$37,3,0),0) -> 4350 | F13: =SUMIF($M$71:$N$371,C13,$P$71:$Q$371) -> 3500 | G13: =+F13-E13 -> -850 | J13: Meta | K13: Realizado | V13: =SUMIFS(F12:F19,C12:C19, "Salário*") -> 13500
C14: =+'Base de Dados'!C11 -> Dividendos | E14: =IFERROR(VLOOKUP(C14,Orçamento!$C$9:$P$37,3,0),0) -> 100 | F14: =SUMIF($M$71:$N$371,C14,$P$71:$Q$371) -> 250 | G14: =+F14-E14 -> 150 | J14: =+E20 -> 9630 | K14: =SUM(F12:F19) -> 17150 | V14: =REPT("|",V15*180) -> |||||||||||||||||||||||||||||||||||||||||||||||||||||||||||||||||||||||||||||||||||||||||||||||||||||||||||||||||||||||||||||||||||||||||||||
C15: =+'Base de Dados'!C12 -> Reembolsos | E15: =IFERROR(VLOOKUP(C15,Orçamento!$C$9:$P$37,3,0),0) -> 250 | F15: =SUMIF($M$71:$N$371,C15,$P$71:$Q$371) -> 0 | G15: =+F15-E15 -> -250 | J15: =REPT("|",J16*220) -> ||||||||||||||||||||||||||||||||||||||||||||||||||||||||||||||||||||||||||||||||||||||||||||||||||||||||||||||||||||||||||||||||||||||||||||||||||||||||||||||||||||||||||||||||||||||||||||||||||||||||||||||||||||||||||||||||||||||||||||||||||||||||||||||||||||||||||||||||||||||||||||||||||||||||||||||||||||||||||||||||||||||||||||||||||||||||||||||||||||||||||||||||||||||||||||||||||||||| | V15: =+V13/SUM(F12:F19) -> 0.78717201
C16: =+'Base de Dados'!C13 -> Presentes Receitas | E16: =IFERROR(VLOOKUP(C16,Orçamento!$C$9:$P$37,3,0),0) -> 100 | F16: =SUMIF($M$71:$N$371,C16,$P$71:$Q$371) -> 0 | G16: =+F16-E16 -> -100 | J16: =+K14/J14 -> 1.780893 | V16: Outras Receitas
C17: =+'Base de Dados'!C14 -> Aluguéis | E17: =IFERROR(VLOOKUP(C17,Orçamento!$C$9:$P$37,3,0),0) -> 30 | F17: =SUMIF($M$71:$N$371,C17,$P$71:$Q$371) -> 0 | G17: =+F17-E17 -> -30 | J17: =+K14-J14 -> 7520 | V17: =SUM(F12:F19)-V13 -> 3650
C18: =+'Base de Dados'!C15 -> Juros | E18: =IFERROR(VLOOKUP(C18,Orçamento!$C$9:$P$37,3,0),0) -> 300 | F18: =SUMIF($M$71:$N$371,C18,$P$71:$Q$371) -> 1400 | G18: =+F18-E18 -> 1100 | V18: =REPT("|",V19*180) -> ||||||||||||||||||||||||||||||||||||||
C19: =+'Base de Dados'!C16 -> Renda Extra | E19: =IFERROR(VLOOKUP(C19,Orçamento!$C$9:$P$37,3,0),0) -> 0 | F19: =SUMIF($M$71:$N$371,C19,$P$71:$Q$371) -> 2000 | G19: =+F19-E19 -> 2000 | J19: =_xlfn.CONCAT(K6," ","neste mês") -> Acima da Meta neste mês | V19: =+V17/SUM(F12:F19) -> 0.21282799
E20: =SUM(E12:E19) -> 9630
B22: =+'Base de Dados'!C19 -> Despesas
C24: Categoria | E24: Orçado | F24: Realizado | G24: Dif | J24: Despesas no mês | M24: Gastos por Dia | S24: % da Recita alocada para Despesas
B25: =+'Base de Dados'!B22 -> 0 | C25: =+'Base de Dados'!C22 -> Casa | E25: =IFERROR(VLOOKUP(C25,Orçamento!$C$23:$P$37,3,0),0) -> 750 | F25: =SUMIF($M$71:$N$371,C25,$P$71:$Q$371) -> 200 | G25: =+F25-E25 -> -550 | J25: Orçado | K25: Realizado | S25: =REPT("|",S26*200) -> ||||||||||||||||||||||||||||||||||||||||||||||||||||||||||||||||||||||||||||||||||||||||||||||||||
B26: =+'Base de Dados'!B23 -> 0 | C26: =+'Base de Dados'!C23 -> Transporte | E26: =IFERROR(VLOOKUP(C26,Orçamento!$C$23:$P$37,3,0),0) -> 340 | F26: =SUMIF($M$71:$N$371,C26,$P$71:$Q$371) -> 0 | G26: =+F26-E26 -> -340 | J26: =SUM(E25:E40) -> 3685 | K26: =SUM(F25:F40) -> 8448 | S26: =+$K$26/$J$3 -> 0.49259475
B27: =+'Base de Dados'!B24 -> 0 | C27: =+'Base de Dados'!C24 -> Alimentação | E27: =IFERROR(VLOOKUP(C27,Orçamento!$C$23:$P$37,3,0),0) -> 220 | F27: =SUMIF($M$71:$N$371,C27,$P$71:$Q$371) -> 1285 | G27: =+F27-E27 -> 1065 | J27: =REPT("|",J28*220) -> ||||||||||||||||||||||||||||||||||||||||||||||||||||||||||||||||||||||||||||||||||||||||||||||||||||||||||||||||||||||||||||||||||||||||||||||||||||||||||||||||||||||||||||||||||||||||||||||||||||||||||||||||||||||||||||||||||||||||||||||||||||||||||||||||||||||||||||||||||||||||||||||||||||||||||||||||||||||||||||||||||||||||||||||||||||||||||||||||||||||||||||||||||||||||||||||||||||||||||||||||||||||||||||||||||||||||||||||||||||||||||||||||||||||||||||||||||||||||||||||||||||||||||||||||||||||||
B28: =+'Base de Dados'!B25 -> 0 | C28: =+'Base de Dados'!C25 -> Utilidades | E28: =IFERROR(VLOOKUP(C28,Orçamento!$C$23:$P$37,3,0),0) -> 140 | F28: =SUMIF($M$71:$N$371,C28,$P$71:$Q$371) -> 0 | G28: =+F28-E28 -> -140 | J28: =+K26/J26 -> 2.2925373
B29: =+'Base de Dados'!B26 -> 0 | C29: =+'Base de Dados'!C26 -> Seguro | E29: =IFERROR(VLOOKUP(C29,Orçamento!$C$23:$P$37,3,0),0) -> 280 | F29: =SUMIF($M$71:$N$371,C29,$P$71:$Q$371) -> 0 | G29: =+F29-E29 -> -280 | J29: =+J26-K26 -> -4763
B30: =+'Base de Dados'!B27 -> 0 | C30: =+'Base de Dados'!C27 -> Educação | E30: =IFERROR(VLOOKUP(C30,Orçamento!$C$23:$P$37,3,0),0) -> 190 | F30: =SUMIF($M$71:$N$371,C30,$P$71:$Q$371) -> 95 | G30: =+F30-E30 -> -95
B31: =+'Base de Dados'!B28 -> 0 | C31: =+'Base de Dados'!C28 -> Entretenimento | E31: =IFERROR(VLOOKUP(C31,Orçamento!$C$23:$P$37,3,0),0) -> 520 | F31: =SUMIF($M$71:$N$371,C31,$P$71:$Q$371) -> 500 | G31: =+F31-E31 -> -20 | J31: =_xlfn.CONCAT(N6," ","este mês") -> Acima do orçamento este mês
B32: =+'Base de Dados'!B29 -> 0 | C32: =+'Base de Dados'!C29 -> Roupas | E32: =IFERROR(VLOOKUP(C32,Orçamento!$C$23:$P$37,3,0),0) -> 80 | F32: =SUMIF($M$71:$N$371,C32,$P$71:$Q$371) -> 1000 | G32: =+F32-E32 -> 920
B33: =+'Base de Dados'!B30 -> 0 | C33: =+'Base de Dados'!C30 -> Cuidados Pessoais | E33: =IFERROR(VLOOKUP(C33,Orçamento!$C$23:$P$37,3,0),0) -> 180 | F33: =SUMIF($M$71:$N$371,C33,$P$71:$Q$371) -> 0 | G33: =+F33-E33 -> -180
B34: =+'Base de Dados'!B31 -> 0 | C34: =+'Base de Dados'!C31 -> Presentes | E34: =IFERROR(VLOOKUP(C34,Orçamento!$C$23:$P$37,3,0),0) -> 70 | F34: =SUMIF($M$71:$N$371,C34,$P$71:$Q$371) -> 48 | G34: =+F34-E34 -> -22 | J34: Categorias Abaixo | K34: Categorias Acima
B35: =+'Base de Dados'!B32 -> 0 | C35: =+'Base de Dados'!C32 -> Doações | E35: =IFERROR(VLOOKUP(C35,Orçamento!$C$23:$P$37,3,0),0) -> 280 | F35: =SUMIF($M$71:$N$371,C35,$P$71:$Q$371) -> 20 | G35: =+F35-E35 -> -260 | J35: =COUNTIF(G25:G40,">0") -> 4 | K35: =COUNTIF(G25:G40,"<0") -> 11
B36: =+'Base de Dados'!B33 -> 0 | C36: =+'Base de Dados'!C33 -> Lazer | E36: =IFERROR(VLOOKUP(C36,Orçamento!$C$23:$P$37,3,0),0) -> 90 | F36: =SUMIF($M$71:$N$371,C36,$P$71:$Q$371) -> 300 | G36: =+F36-E36 -> 210 | J36: =+J35/(SUM($J$35,$K$35)) -> 0.26666667 | K36: =+K35/(SUM($J$35,$K$35)) -> 0.73333333
B37: =+'Base de Dados'!B34 -> 0 | C37: =+'Base de Dados'!C34 -> Animal de Estimação | E37: =IFERROR(VLOOKUP(C37,Orçamento!$C$23:$P$37,3,0),0) -> 150 | F37: =SUMIF($M$71:$N$371,C37,$P$71:$Q$371) -> 5000 | G37: =+F37-E37 -> 4850 | J37: 1 | K37: =100%-K36 -> 0.26666667
B38: =+'Base de Dados'!B35 -> 0 | C38: =+'Base de Dados'!C35 -> Viagens | E38: =IFERROR(VLOOKUP(C38,Orçamento!$C$23:$P$37,3,0),0) -> 300 | F38: =SUMIF($M$71:$N$371,C38,$P$71:$Q$371) -> 0 | G38: =+F38-E38 -> -300
C39: =+'Base de Dados'!C36 -> Streaming | E39: =IFERROR(VLOOKUP(C39,Orçamento!$C$23:$P$37,3,0),0) -> 95 | F39: =SUMIF($M$71:$N$371,C39,$P$71:$Q$371) -> 0 | G39: =+F39-E39 -> -95
B40: =+'Base de Dados'!B36 -> 0 | C40: =+'Base de Dados'!C37 -> Videogame | E40: =IFERROR(VLOOKUP(C40,Orçamento!$C$23:$P$37,3,0),0) -> 0 | F40: =SUMIF($M$71:$N$371,C40,$P$71:$Q$371) -> 0 | G40: =+F40-E40 -> 0
E41: =SUM(E25:E40) -> 3685
B43: =+'Base de Dados'!G6 -> Dívidas
C45: Categoria | E45: Orçado | F45: Realizado | G45: Dif | J45: Pagamento de Dívidas no mês
B46: =+'Base de Dados'!F8 -> 0 | C46: =+'Base de Dados'!G9 -> Financiamento Carro | E46: =IFERROR(VLOOKUP(C46,Orçamento!$C$44:$P$51,3,0),0) -> 720 | F46: =SUMIF($M$71:$N$371,C46,$P$71:$Q$371) -> 0 | G46: =+F46-E46 -> -720 | J46: Orçado | K46: Realizado
B47: =+'Base de Dados'!F9 -> 0 | C47: =+'Base de Dados'!G10 -> Empréstimo Estudantil | E47: =IFERROR(VLOOKUP(C47,Orçamento!$C$44:$P$51,3,0),0) -> 330 | F47: =SUMIF($M$71:$N$371,C47,$P$71:$Q$371) -> 500 | G47: =+F47-E47 -> 170 | J47: =SUM(E46:E53) -> 3050 | K47: =SUM(F46:F53) -> 1700
B48: =+'Base de Dados'!F10 -> 0 | C48: =+'Base de Dados'!G11 -> Cartão de Crédito | E48: =IFERROR(VLOOKUP(C48,Orçamento!$C$44:$P$51,3,0),0) -> 450 | F48: =SUMIF($M$71:$N$371,C48,$P$71:$Q$371) -> 900 | G48: =+F48-E48 -> 450 | J48: =REPT("|",J49*210) -> |||||||||||||||||||||||||||||||||||||||||||||||||||||||||||||||||||||||||||||||||||||||||||||||||||||||||||||||||||||
B49: =+'Base de Dados'!F11 -> 0 | C49: =+'Base de Dados'!G12 -> Financiamento Apto | E49: =IFERROR(VLOOKUP(C49,Orçamento!$C$44:$P$51,3,0),0) -> 190 | F49: =SUMIF($M$71:$N$371,C49,$P$71:$Q$371) -> 0 | G49: =+F49-E49 -> -190 | J49: =+K47/J47 -> 0.55737705
B50: =+'Base de Dados'!F12 -> 0 | C50: =+'Base de Dados'!G13 -> Consórcio | E50: =IFERROR(VLOOKUP(C50,Orçamento!$C$44:$P$51,3,0),0) -> 290 | F50: =SUMIF($M$71:$N$371,C50,$P$71:$Q$371) -> 300 | G50: =+F50-E50 -> 10 | J50: =+J47-K47 -> 1350
B51: =+'Base de Dados'!F13 -> 0 | C51: =+'Base de Dados'!G14 -> Empréstimo | E51: =IFERROR(VLOOKUP(C51,Orçamento!$C$44:$P$51,3,0),0) -> 370 | F51: =SUMIF($M$71:$N$371,C51,$P$71:$Q$371) -> 0 | G51: =+F51-E51 -> -370
B52: =+'Base de Dados'!F14 -> 0 | C52: =+'Base de Dados'!G15 -> Agiota | E52: =IFERROR(VLOOKUP(C52,Orçamento!$C$44:$P$51,3,0),0) -> 520 | F52: =SUMIF($M$71:$N$371,C52,$P$71:$Q$371) -> 0 | G52: =+F52-E52 -> -520 | J52: =_xlfn.CONCAT(Q6," ","neste mês") -> Abaixo da Meta neste mês
B53: =+'Base de Dados'!F15 -> 0 | C53: =+'Base de Dados'!G16 -> Financiamento Lote | E53: =IFERROR(VLOOKUP(C53,Orçamento!$C$44:$P$51,3,0),0) -> 180 | F53: =SUMIF($M$71:$N$371,C53,$P$71:$Q$371) -> 0 | G53: =+F53-E53 -> -180
E54: =SUM(E46:E53) -> 3050
B56: =+'Base de Dados'!G19 -> Investimentos
C58: Categoria | E58: Meta | F58: Realizado | G58: Dif | J58: Investimentos no Mês
B59: =+'Base de Dados'!F21 -> 0 | C59: =+'Base de Dados'!G22 -> Reserva de Emergência | E59: =IFERROR(VLOOKUP(C59,Orçamento!$C$58:$P$65,3,0),0) -> 350 | F59: =SUMIF($M$71:$N$371,C59,$P$71:$Q$371) -> 0 | G59: =+F59-E59 -> -350 | J59: Meta | K59: Realizado
B60: =+'Base de Dados'!F22 -> 0 | C60: =+'Base de Dados'!G23 -> Previdência | E60: =IFERROR(VLOOKUP(C60,Orçamento!$C$58:$P$65,3,0),0) -> 230 | F60: =SUMIF($M$71:$N$371,C60,$P$71:$Q$371) -> 400 | G60: =+F60-E60 -> 170 | J60: =SUM(E59:E66) -> 2650 | K60: =SUM(F59:F66) -> 1040
B61: =+'Base de Dados'!F23 -> 0 | C61: =+'Base de Dados'!G24 -> Ações | E61: =IFERROR(VLOOKUP(C61,Orçamento!$C$58:$P$65,3,0),0) -> 220 | F61: =SUMIF($M$71:$N$371,C61,$P$71:$Q$371) -> 0 | G61: =+F61-E61 -> -220 | J61: =REPT("|",J62*220) -> ||||||||||||||||||||||||||||||||||||||||||||||||||||||||||||||||||||||||||||||||||||||
B62: =+'Base de Dados'!F24 -> 0 | C62: =+'Base de Dados'!G25 -> Fundos Imobiliários | E62: =IFERROR(VLOOKUP(C62,Orçamento!$C$58:$P$65,3,0),0) -> 390 | F62: =SUMIF($M$71:$N$371,C62,$P$71:$Q$371) -> 0 | G62: =+F62-E62 -> -390 | J62: =+K60/J60 -> 0.39245283
B63: =+'Base de Dados'!F25 -> 0 | C63: =+'Base de Dados'!G26 -> Renda Fixa | E63: =IFERROR(VLOOKUP(C63,Orçamento!$C$58:$P$65,3,0),0) -> 290 | F63: =SUMIF($M$71:$N$371,C63,$P$71:$Q$371) -> 100 | G63: =+F63-E63 -> -190 | J63: =+J60-K60 -> 1610
B64: =+'Base de Dados'!F26 -> 0 | C64: =+'Base de Dados'!G27 -> CDB Bradesco | E64: =IFERROR(VLOOKUP(C64,Orçamento!$C$58:$P$65,3,0),0) -> 250 | F64: =SUMIF($M$71:$N$371,C64,$P$71:$Q$371) -> 440 | G64: =+F64-E64 -> 190
B65: =+'Base de Dados'!F27 -> 0 | C65: =+'Base de Dados'!G28 -> CDB Itaú | E65: =IFERROR(VLOOKUP(C65,Orçamento!$C$58:$P$65,3,0),0) -> 530 | F65: =SUMIF($M$71:$N$371,C65,$P$71:$Q$371) -> 0 | G65: =+F65-E65 -> -530 | J65: =_xlfn.CONCAT(T6," ","neste mês") -> Abaixo da Meta neste mês
B66: =+'Base de Dados'!F28 -> 0 | C66: =+'Base de Dados'!G29 -> Imóveis | E66: =IFERROR(VLOOKUP(C66,Orçamento!$C$58:$P$65,3,0),0) -> 390 | F66: =SUMIF($M$71:$N$371,C66,$P$71:$Q$371) -> 100 | G66: =+F66-E66 -> -290
E67: =SUM(E59:E66) -> 2650 | F67: =SUM(F59:F66) -> 1040
C69: Transações
C70: Data | E70: Descrição | J70: Tipo | M70: Categoria | P70: Valor | S70: Notas | AX70: Date | BC70: =+'Base de Dados'!C19 -> Despesas | BD70: =+'Base de Dados'!G6 -> Dívidas | BE70: =+'Base de Dados'!G19 -> Investimentos
C71: 45298 | J71: Receitas | M71: Salário | P71: 10000 | AX71: 45292 | AZ71: =+C71 -> 45298 | BA71: =+J71 -> Receitas | BB71: =+P71 -> 10000 | BC71: =SUMIFS($BB$71:$BB$371,$AZ$71:$AZ$371,$AX71,$BA$71:$BA$371,"Despesas") -> 0 | BD71: =SUMIFS($BB$71:$BB$371,$AZ$71:$AZ$371,$AX71,$BA$71:$BA$371,"Dívidas") -> 0 | BE71: =SUMIFS($BB$71:$BB$371,$AZ$71:$AZ$371,$AX71,$BA$71:$BA$371,"Investimentos") -> 0
C72: 45299 | J72: Receitas | M72: Salário Cônjuge | P72: 3500 | AX72: 45293 | AZ72: =+C72 -> 45299 | BA72: =+J72 -> Receitas | BB72: =+P72 -> 3500 | BC72: =SUMIFS($BB$71:$BB$371,$AZ$71:$AZ$371,$AX72,$BA$71:$BA$371,"Despesas") -> 0 | BD72: =SUMIFS($BB$71:$BB$371,$AZ$71:$AZ$371,$AX72,$BA$71:$BA$371,"Dívidas") -> 0 | BE72: =SUMIFS($BB$71:$BB$371,$AZ$71:$AZ$371,$AX72,$BA$71:$BA$371,"Investimentos") -> 0
C73: 45300 | J73: Despesas | M73: Casa | P73: 200 | AX73: 45294 | AZ73: =+C73 -> 45300 | BA73: =+J73 -> Despesas | BB73: =+P73 -> 200 | BC73: =SUMIFS($BB$71:$BB$371,$AZ$71:$AZ$371,$AX73,$BA$71:$BA$371,"Despesas") -> 0 | BD73: =SUMIFS($BB$71:$BB$371,$AZ$71:$AZ$371,$AX73,$BA$71:$BA$371,"Dívidas") -> 0 | BE73: =SUMIFS($BB$71:$BB$371,$AZ$71:$AZ$371,$AX73,$BA$71:$BA$371,"Investimentos") -> 0
C74: 45301 | J74: Dívidas | M74: Empréstimo Estudantil | P74: 500 | AX74: 45295 | AZ74: =+C74 -> 45301 | BA74: =+J74 -> Dívidas | BB74: =+P74 -> 500 | BC74: =SUMIFS($BB$71:$BB$371,$AZ$71:$AZ$371,$AX74,$BA$71:$BA$371,"Despesas") -> 0 | BD74: =SUMIFS($BB$71:$BB$371,$AZ$71:$AZ$371,$AX74,$BA$71:$BA$371,"Dívidas") -> 0 | BE74: =SUMIFS($BB$71:$BB$371,$AZ$71:$AZ$371,$AX74,$BA$71:$BA$371,"Investimentos") -> 0
C75: 45302 | J75: Investimentos | M75: Previdência | P75: 400 | AX75: 45296 | AZ75: =+C75 -> 45302 | BA75: =+J75 -> Investimentos | BB75: =+P75 -> 400 | BC75: =SUMIFS($BB$71:$BB$371,$AZ$71:$AZ$371,$AX75,$BA$71:$BA$371,"Despesas") -> 0 | BD75: =SUMIFS($BB$71:$BB$371,$AZ$71:$AZ$371,$AX75,$BA$71:$BA$371,"Dívidas") -> 0 | BE75: =SUMIFS($BB$71:$BB$371,$AZ$71:$AZ$371,$AX75,$BA$71:$BA$371,"Investimentos") -> 0
C76: 45303 | J76: Receitas | M76: Dividendos | P76: 50 | AX76: 45297 | AZ76: =+C76 -> 45303 | BA76: =+J76 -> Receitas | BB76: =+P76 -> 50 | BC76: =SUMIFS($BB$71:$BB$371,$AZ$71:$AZ$371,$AX76,$BA$71:$BA$371,"Despesas") -> 0 | BD76: =SUMIFS($BB$71:$BB$371,$AZ$71:$AZ$371,$AX76,$BA$71:$BA$371,"Dívidas") -> 0 | BE76: =SUMIFS($BB$71:$BB$371,$AZ$71:$AZ$371,$AX76,$BA$71:$BA$371,"Investimentos") -> 0
C77: 45304 | J77: Despesas | M77: Alimentação | P77: 600 | AX77: 45298 | AZ77: =+C77 -> 45304 | BA77: =+J77 -> Despesas | BB77: =+P77 -> 600 | BC77: =SUMIFS($BB$71:$BB$371,$AZ$71:$AZ$371,$AX77,$BA$71:$BA$371,"Despesas") -> 0 | BD77: =SUMIFS($BB$71:$BB$371,$AZ$71:$AZ$371,$AX77,$BA$71:$BA$371,"Dívidas") -> 0 | BE77: =SUMIFS($BB$71:$BB$371,$AZ$71:$AZ$371,$AX77,$BA$71:$BA$371,"Investimentos") -> 0
C78: 45305 | J78: Investimentos | M78: Renda Fixa | P78: 100 | AX78: 45299 | AZ78: =+C78 -> 45305 | BA78: =+J78 -> Investimentos | BB78: =+P78 -> 100 | BC78: =SUMIFS($BB$71:$BB$371,$AZ$71:$AZ$371,$AX78,$BA$71:$BA$371,"Despesas") -> 0 | BD78: =SUMIFS($BB$71:$BB$371,$AZ$71:$AZ$371,$AX78,$BA$71:$BA$371,"Dívidas") -> 0 | BE78: =SUMIFS($BB$71:$BB$371,$AZ$71:$AZ$371,$AX78,$BA$71:$BA$371,"Investimentos") -> 0
C79: 45306 | J79: Investimentos | M79: Imóveis | P79: 100 | AX79: 45300 | AZ79: =+C79 -> 45306 | BA79: =+J79 -> Investimentos | BB79: =+P79 -> 100 | BC79: =SUMIFS($BB$71:$BB$371,$AZ$71:$AZ$371,$AX79,$BA$71:$BA$371,"Despesas") -> 200 | BD79: =SUMIFS($BB$71:$BB$371,$AZ$71:$AZ$371,$AX79,$BA$71:$BA$371,"Dívidas") -> 0 | BE79: =SUMIFS($BB$71:$BB$371,$AZ$71:$AZ$371,$AX79,$BA$71:$BA$371,"Investimentos") -> 0
C80: 45307 | J80: Receitas | M80: Dividendos | P80: 200 | AX80: 45301 | AZ80: =+C80 -> 45307 | BA80: =+J80 -> Receitas | BB80: =+P80 -> 200 | BC80: =SUMIFS($BB$71:$BB$371,$AZ$71:$AZ$371,$AX80,$BA$71:$BA$371,"Despesas") -> 0 | BD80: =SUMIFS($BB$71:$BB$371,$AZ$71:$AZ$371,$AX80,$BA$71:$BA$371,"Dívidas") -> 500 | BE80: =SUMIFS($BB$71:$BB$371,$AZ$71:$AZ$371,$AX80,$BA$71:$BA$371,"Investimentos") -> 0
C81: 45308 | J81: Despesas | M81: Entretenimento | P81: 500 | AX81: 45302 | AZ81: =+C81 -> 45308 | BA81: =+J81 -> Despesas | BB81: =+P81 -> 500 | BC81: =SUMIFS($BB$71:$BB$371,$AZ$71:$AZ$371,$AX81,$BA$71:$BA$371,"Despesas") -> 0 | BD81: =SUMIFS($BB$71:$BB$371,$AZ$71:$AZ$371,$AX81,$BA$71:$BA$371,"Dívidas") -> 0 | BE81: =SUMIFS($BB$71:$BB$371,$AZ$71:$AZ$371,$AX81,$BA$71:$BA$371,"Investimentos") -> 400
C82: 45309 | J82: Despesas | M82: Roupas | P82: 1000 | AX82: 45303 | AZ82: =+C82 -> 45309 | BA82: =+J82 -> Despesas | BB82: =+P82 -> 1000 | BC82: =SUMIFS($BB$71:$BB$371,$AZ$71:$AZ$371,$AX82,$BA$71:$BA$371,"Despesas") -> 0 | BD82: =SUMIFS($BB$71:$BB$371,$AZ$71:$AZ$371,$AX82,$BA$71:$BA$371,"Dívidas") -> 0 | BE82: =SUMIFS($BB$71:$BB$371,$AZ$71:$AZ$371,$AX82,$BA$71:$BA$371,"Investimentos") -> 0
... C96: 45323 | J96: Receitas | M96: Renda Extra | P96: 2000 | AX96: 45317 | AZ96: =+C96 -> 45323 | BA96: =+J96 -> Receitas | BB96: =+P96 -> 2000 | BC96: =SUMIFS($BB$71:$BB$371,$AZ$71:$AZ$371,$AX96,$BA$71:$BA$371,"Despesas") -> 5000 | BD96: =SUMIFS($BB$71:$BB$371,$AZ$71:$AZ$371,$AX96,$BA$71:$BA$371,"Dívidas") -> 0 | BE96: =SUMIFS($BB$71:$BB$371,$AZ$71:$AZ$371,$AX96,$BA$71:$BA$371,"Investimentos") -> 0
P97: 0 | AX97: 45318 | AZ97: =+C97 -> 0 | BA97: =+J97 -> 0 | BB97: =+P97 -> 0 | BC97: =SUMIFS($BB$71:$BB$371,$AZ$71:$AZ$371,$AX97,$BA$71:$BA$371,"Despesas") -> 95 | BD97: =SUMIFS($BB$71:$BB$371,$AZ$71:$AZ$371,$AX97,$BA$71:$BA$371,"Dívidas") -> 0 | BE97: =SUMIFS($BB$71:$BB$371,$AZ$71:$AZ$371,$AX97,$BA$71:$BA$371,"Investimentos") -> 0
P98: 0 | AX98: 45319 | AZ98: =+C98 -> 0 | BA98: =+J98 -> 0 | BB98: =+P98 -> 0 | BC98: =SUMIFS($BB$71:$BB$371,$AZ$71:$AZ$371,$AX98,$BA$71:$BA$371,"Despesas") -> 0 | BD98: =SUMIFS($BB$71:$BB$371,$AZ$71:$AZ$371,$AX98,$BA$71:$BA$371,"Dívidas") -> 600 | BE98: =SUMIFS($BB$71:$BB$371,$AZ$71:$AZ$371,$AX98,$BA$71:$BA$371,"Investimentos") -> 0
P99: 0 | AX99: 45320 | AZ99: =+C99 -> 0 | BA99: =+J99 -> 0 | BB99: =+P99 -> 0 | BC99: =SUMIFS($BB$71:$BB$371,$AZ$71:$AZ$371,$AX99,$BA$71:$BA$371,"Despesas") -> 0 | BD99: =SUMIFS($BB$71:$BB$371,$AZ$71:$AZ$371,$AX99,$BA$71:$BA$371,"Dívidas") -> 0 | BE99: =SUMIFS($BB$71:$BB$371,$AZ$71:$AZ$371,$AX99,$BA$71:$BA$371,"Investimentos") -> 240
P100: 0 | AX100: 45321 | AZ100: =+C100 -> 0 | BA100: =+J100 -> 0 | BB100: =+P100 -> 0 | BC100: =SUMIFS($BB$71:$BB$371,$AZ$71:$AZ$371,$AX100,$BA$71:$BA$371,"Despesas") -> 685 | BD100: =SUMIFS($BB$71:$BB$371,$AZ$71:$AZ$371,$AX100,$BA$71:$BA$371,"Dívidas") -> 0 | BE100: =SUMIFS($BB$71:$BB$371,$AZ$71:$AZ$371,$AX100,$BA$71:$BA$371,"Investimentos") -> 0
P101: 0 | AX101: 45322 | AZ101: =+C101 -> 0 | BA101: =+J101 -> 0 | BB101: =+P101 -> 0 | BC101: =SUMIFS($BB$71:$BB$371,$AZ$71:$AZ$371,$AX101,$BA$71:$BA$371,"Despesas") -> 48 | BD101: =SUMIFS($BB$71:$BB$371,$AZ$71:$AZ$371,$AX101,$BA$71:$BA$371,"Dívidas") -> 0 | BE101: =SUMIFS($BB$71:$BB$371,$AZ$71:$AZ$371,$AX101,$BA$71:$BA$371,"Investimentos") -> 0
P102: 0 | AZ102: =+C102 -> 0 | BA102: =+J102 -> 0 | BB102: =+P102 -> 0 | BC102: =SUMIFS($BB$71:$BB$371,$AZ$71:$AZ$371,$AX102,$BA$71:$BA$371,"Despesas") -> 0 | BD102: =SUMIFS($BB$71:$BB$371,$AZ$71:$AZ$371,$AX102,$BA$71:$BA$371,"Dívidas") -> 0 | BE102: =SUMIFS($BB$71:$BB$371,$AZ$71:$AZ$371,$AX102,$BA$71:$BA$371,"Investimentos") -> 0
P103: 0 | AZ103: =+C103 -> 0 | BA103: =+J103 -> 0 | BB103: =+P103 -> 0 | BC103: =SUMIFS($BB$71:$BB$371,$AZ$71:$AZ$371,$AX103,$BA$71:$BA$371,"Despesas") -> 0 | BD103: =SUMIFS($BB$71:$BB$371,$AZ$71:$AZ$371,$AX103,$BA$71:$BA$371,"Dívidas") -> 0 | BE103: =SUMIFS($BB$71:$BB$371,$AZ$71:$AZ$371,$AX103,$BA$71:$BA$371,"Investimentos") -> 0
P104: 0 | AZ104: =+C104 -> 0 | BA104: =+J104 -> 0 | BB104: =+P104 -> 0 | BC104: =SUMIFS($BB$71:$BB$371,$AZ$71:$AZ$371,$AX104,$BA$71:$BA$371,"Despesas") -> 0 | BD104: =SUMIFS($BB$71:$BB$371,$AZ$71:$AZ$371,$AX104,$BA$71:$BA$371,"Dívidas") -> 0 | BE104: =SUMIFS($BB$71:$BB$371,$AZ$71:$AZ$371,$AX104,$BA$71:$BA$371,"Investimentos") -> 0
P105: 0 | AZ105: =+C105 -> 0 | BA105: =+J105 -> 0 | BB105: =+P105 -> 0 | BC105: =SUMIFS($BB$71:$BB$371,$AZ$71:$AZ$371,$AX105,$BA$71:$BA$371,"Despesas") -> 0 | BD105: =SUMIFS($BB$71:$BB$371,$AZ$71:$AZ$371,$AX105,$BA$71:$BA$371,"Dívidas") -> 0 | BE105: =SUMIFS($BB$71:$BB$371,$AZ$71:$AZ$371,$AX105,$BA$71:$BA$371,"Investimentos") -> 0
P106: 0 | AZ106: =+C106 -> 0 | BA106: =+J106 -> 0 | BB106: =+P106 -> 0 | BC106: =SUMIFS($BB$71:$BB$371,$AZ$71:$AZ$371,$AX106,$BA$71:$BA$371,"Despesas") -> 0 | BD106: =SUMIFS($BB$71:$BB$371,$AZ$71:$AZ$371,$AX106,$BA$71:$BA$371,"Dívidas") -> 0 | BE106: =SUMIFS($BB$71:$BB$371,$AZ$71:$AZ$371,$AX106,$BA$71:$BA$371,"Investimentos") -> 0
P107: 0 | AZ107: =+C107 -> 0 | BA107: =+J107 -> 0 | BB107: =+P107 -> 0 | BC107: =SUMIFS($BB$71:$BB$371,$AZ$71:$AZ$371,$AX107,$BA$71:$BA$371,"Despesas") -> 0 | BD107: =SUMIFS($BB$71:$BB$371,$AZ$71:$AZ$371,$AX107,$BA$71:$BA$371,"Dívidas") -> 0 | BE107: =SUMIFS($BB$71:$BB$371,$AZ$71:$AZ$371,$AX107,$BA$71:$BA$371,"Investimentos") -> 0
P108: 0 | AZ108: =+C108 -> 0 | BA108: =+J108 -> 0 | BB108: =+P108 -> 0 | BC108: =SUMIFS($BB$71:$BB$371,$AZ$71:$AZ$371,$AX108,$BA$71:$BA$371,"Despesas") -> 0 | BD108: =SUMIFS($BB$71:$BB$371,$AZ$71:$AZ$371,$AX108,$BA$71:$BA$371,"Dívidas") -> 0 | BE108: =SUMIFS($BB$71:$BB$371,$AZ$71:$AZ$371,$AX108,$BA$71:$BA$371,"Investimentos") -> 0
P109: 0 | AZ109: =+C109 -> 0 | BA109: =+J109 -> 0 | BB109: =+P109 -> 0 | BC109: =SUMIFS($BB$71:$BB$371,$AZ$71:$AZ$371,$AX109,$BA$71:$BA$371,"Despesas") -> 0 | BD109: =SUMIFS($BB$71:$BB$371,$AZ$71:$AZ$371,$AX109,$BA$71:$BA$371,"Dívidas") -> 0 | BE109: =SUMIFS($BB$71:$BB$371,$AZ$71:$AZ$371,$AX109,$BA$71:$BA$371,"Investimentos") -> 0
P110: 0 | AZ110: =+C110 -> 0 | BA110: =+J110 -> 0 | BB110: =+P110 -> 0 | BC110: =SUMIFS($BB$71:$BB$371,$AZ$71:$AZ$371,$AX110,$BA$71:$BA$371,"Despesas") -> 0 | BD110: =SUMIFS($BB$71:$BB$371,$AZ$71:$AZ$371,$AX110,$BA$71:$BA$371,"Dívidas") -> 0 | BE110: =SUMIFS($BB$71:$BB$371,$AZ$71:$AZ$371,$AX110,$BA$71:$BA$371,"Investimentos") -> 0
P111: 0 | AZ111: =+C111 -> 0 | BA111: =+J111 -> 0 | BB111: =+P111 -> 0 | BC111: =SUMIFS($BB$71:$BB$371,$AZ$71:$AZ$371,$AX111,$BA$71:$BA$371,"Despesas") -> 0 | BD111: =SUMIFS($BB$71:$BB$371,$AZ$71:$AZ$371,$AX111,$BA$71:$BA$371,"Dívidas") -> 0 | BE111: =SUMIFS($BB$71:$BB$371,$AZ$71:$AZ$371,$AX111,$BA$71:$BA$371,"Investimentos") -> 0
P112: 0 | AZ112: =+C112 -> 0 | BA112: =+J112 -> 0 | BB112: =+P112 -> 0 | BC112: =SUMIFS($BB$71:$BB$371,$AZ$71:$AZ$371,$AX112,$BA$71:$BA$371,"Despesas") -> 0 | BD112: =SUMIFS($BB$71:$BB$371,$AZ$71:$AZ$371,$AX112,$BA$71:$BA$371,"Dívidas") -> 0 | BE112: =SUMIFS($BB$71:$BB$371,$AZ$71:$AZ$371,$AX112,$BA$71:$BA$371,"Investimentos") -> 0
P113: 0 | AZ113: =+C113 -> 0 | BA113: =+J113 -> 0 | BB113: =+P113 -> 0 | BC113: =SUMIFS($BB$71:$BB$371,$AZ$71:$AZ$371,$AX113,$BA$71:$BA$371,"Despesas") -> 0 | BD113: =SUMIFS($BB$71:$BB$371,$AZ$71:$AZ$371,$AX113,$BA$71:$BA$371,"Dívidas") -> 0 | BE113: =SUMIFS($BB$71:$BB$371,$AZ$71:$AZ$371,$AX113,$BA$71:$BA$371,"Investimentos") -> 0
... P371: 0 | AZ371: =+C371 -> 0 | BA371: =+J371 -> 0 | BB371: =+P371 -> 0 | BC371: =SUMIFS($BB$71:$BB$371,$AZ$71:$AZ$371,$AX371,$BA$71:$BA$371,"Despesas") -> 0 | BD371: =SUMIFS($BB$71:$BB$371,$AZ$71:$AZ$371,$AX371,$BA$71:$BA$371,"Dívidas") -> 0 | BE371: =SUMIFS($BB$71:$BB$371,$AZ$71:$AZ$371,$AX371,$BA$71:$BA$371,"Investimentos") -> 0

Sheet Fev
C2: Fevereiro
J3: =SUM(F12:F19) -> 12150 | M3: =SUM(F25:F40) -> 2468 | P3: =SUM(F46:F53) -> 1700 | S3: =SUM(F59:F66) -> 640 | V3: =+J3-M3-P3-S3 -> 7342 | W3: =+K1-N1-Q1-T1 -> 0
J4: Receita Total | M4: Despesa Total | P4: Pagamento de Dívidas Total | S4: Invetimentos Totais | V4: Não Alocado
J5: =REPT("|",J6*220) -> ||||||||||||||||||||||||||||||||||||||||||||||||||||||||||||||||||||||||||||||||||||||||||||||||||||||||||||||||||||||||||||||||||||||||||||||||||||||||||||||||||||||||||||||||||||||||||||||||||||||||||||||||||||||||||||||||||||||||||||||||||||||||||||||||||||||||||||||||||||| | M5: =REPT("|",M6*95) -> ||||||||||||||||||||||||||||||||||||||||||||||||||||||||||||||| | P5: =REPT("|",P6*95) -> |||||||||||||||||||||||||||||||||||||||||||||||||||| | S5: =REPT("|",S6*95) -> ||||||||||| | V5: =REPT("|",V6*95) -> |||||||||||||||||||||||||||||||||||||||||||||||||||||||||
C6: Dashboard Mensal | J6: =J3/SUM(E12:E19) -> 1.2616822 | K6: {=_xlfn.IFS(J3>SUM(E12:E19),'Base de Dados'!BE12,Fev!J3<SUM(Fev!E12:E19),'Base de Dados'!BE11,Fev!J3=SUM(Fev!E12:E19),'Base de Dados'!BE13)} -> Acima da Meta | M6: =+M3/SUM(E25:E40) -> 0.6697422 | N6: {=_xlfn.IFS(M3>E41,"Acima do orçamento",Fev!M3<E41,"Abaixo do Orçado",Fev!M3=E41,'Base de Dados'!BE13)} -> Abaixo do Orçado | P6: =P3/SUM(E46:E53) -> 0.55737705 | Q6: {=_xlfn.IFS(P3<E54,'Base de Dados'!$BE$11,Fev!P3>E54,'Base de Dados'!$BE$12,Fev!P3=E54,'Base de Dados'!$BE$13)} -> Abaixo da Meta | S6: =+S3/SUM(E59:E67) -> 0.12075472 | T6: {=_xlfn.IFS(S3<E67,'Base de Dados'!$BE$11,Fev!S3>E67,'Base de Dados'!$BE$12,Fev!S3=E67,'Base de Dados'!$BE$13)} -> Abaixo da Meta | V6: =+V3/J3 -> 0.60427984 | W6: da Receita Total
B9: =+'Base de Dados'!C6 -> Receitas
C11: Categoria | E11: Meta | F11: Realizado | G11: Dif
C12: =+'Base de Dados'!C9 -> Salário | E12: =IFERROR(VLOOKUP(C12,Orçamento!$C$9:$P$37,3,0),0) -> 4500 | F12: =SUMIF($M$71:$N$371,C12,$P$71:$Q$371) -> 5000 | G12: =+F12-E12 -> 500 | J12: ="Receita em "&C2 -> Receita em Fevereiro | V12: Receita com Salário
C13: =+'Base de Dados'!C10 -> Salário Cônjuge | E13: =IFERROR(VLOOKUP(C13,Orçamento!$C$9:$P$37,3,0),0) -> 4350 | F13: =SUMIF($M$71:$N$371,C13,$P$71:$Q$371) -> 3500 | G13: =+F13-E13 -> -850 | J13: Meta | K13: Realizado | V13: =SUMIFS(F12:F19,C12:C19, "Salário*") -> 8500
C14: =+'Base de Dados'!C11 -> Dividendos | E14: =IFERROR(VLOOKUP(C14,Orçamento!$C$9:$P$37,3,0),0) -> 100 | F14: =SUMIF($M$71:$N$371,C14,$P$71:$Q$371) -> 250 | G14: =+F14-E14 -> 150 | J14: =+E20 -> 9630 | K14: =SUM(F12:F19) -> 12150 | V14: =REPT("|",V15*180) -> |||||||||||||||||||||||||||||||||||||||||||||||||||||||||||||||||||||||||||||||||||||||||||||||||||||||||||||||||||||||||||||
C15: =+'Base de Dados'!C12 -> Reembolsos | E15: =IFERROR(VLOOKUP(C15,Orçamento!$C$9:$P$37,3,0),0) -> 250 | F15: =SUMIF($M$71:$N$371,C15,$P$71:$Q$371) -> 0 | G15: =+F15-E15 -> -250 | J15: =REPT("|",J16*220) -> ||||||||||||||||||||||||||||||||||||||||||||||||||||||||||||||||||||||||||||||||||||||||||||||||||||||||||||||||||||||||||||||||||||||||||||||||||||||||||||||||||||||||||||||||||||||||||||||||||||||||||||||||||||||||||||||||||||||||||||||||||||||||||||||||||||||||||||||||||||| | V15: =+V13/SUM(F12:F19) -> 0.69958848
C16: =+'Base de Dados'!C13 -> Presentes Receitas | E16: =IFERROR(VLOOKUP(C16,Orçamento!$C$9:$P$37,3,0),0) -> 100 | F16: =SUMIF($M$71:$N$371,C16,$P$71:$Q$371) -> 0 | G16: =+F16-E16 -> -100 | J16: =+K14/J14 -> 1.2616822 | V16: Outras Receitas
C17: =+'Base de Dados'!C14 -> Aluguéis | E17: =IFERROR(VLOOKUP(C17,Orçamento!$C$9:$P$37,3,0),0) -> 30 | F17: =SUMIF($M$71:$N$371,C17,$P$71:$Q$371) -> 0 | G17: =+F17-E17 -> -30 | J17: =+K14-J14 -> 2520 | V17: =SUM(F12:F19)-V13 -> 3650
C18: =+'Base de Dados'!C15 -> Juros | E18: =IFERROR(VLOOKUP(C18,Orçamento!$C$9:$P$37,3,0),0) -> 300 | F18: =SUMIF($M$71:$N$371,C18,$P$71:$Q$371) -> 1400 | G18: =+F18-E18 -> 1100 | V18: =REPT("|",V19*180) -> ||||||||||||||||||||||||||||||||||||||||||||||||||||||
C19: =+'Base de Dados'!C16 -> Renda Extra | E19: =IFERROR(VLOOKUP(C19,Orçamento!$C$9:$P$37,3,0),0) -> 0 | F19: =SUMIF($M$71:$N$371,C19,$P$71:$Q$371) -> 2000 | G19: =+F19-E19 -> 2000 | J19: =_xlfn.CONCAT(K6," ","neste mês") -> Acima da Meta neste mês | V19: =+V17/SUM(F12:F19) -> 0.30041152
E20: =SUM(E12:E19) -> 9630
B22: =+'Base de Dados'!C19 -> Despesas
C24: Categoria | E24: Orçado | F24: Realizado | G24: Dif | J24: Despesas no mês | M24: Gastos por Dia | S24: % da Recita alocada para Despesas
B25: =+'Base de Dados'!B22 -> 0 | C25: =+'Base de Dados'!C22 -> Casa | E25: =IFERROR(VLOOKUP(C25,Orçamento!$C$23:$P$37,3,0),0) -> 750 | F25: =SUMIF($M$71:$N$371,C25,$P$71:$Q$371) -> 200 | G25: =+F25-E25 -> -550 | J25: Orçado | K25: Realizado | S25: =REPT("|",S26*200) -> ||||||||||||||||||||||||||||||||||||||||
B26: =+'Base de Dados'!B23 -> 0 | C26: =+'Base de Dados'!C23 -> Transporte | E26: =IFERROR(VLOOKUP(C26,Orçamento!$C$23:$P$37,3,0),0) -> 340 | F26: =SUMIF($M$71:$N$371,C26,$P$71:$Q$371) -> 0 | G26: =+F26-E26 -> -340 | J26: =SUM(E25:E40) -> 3685 | K26: =SUM(F25:F40) -> 2468 | S26: =+$K$26/$J$3 -> 0.20312757
B27: =+'Base de Dados'!B24 -> 0 | C27: =+'Base de Dados'!C24 -> Alimentação | E27: =IFERROR(VLOOKUP(C27,Orçamento!$C$23:$P$37,3,0),0) -> 220 | F27: =SUMIF($M$71:$N$371,C27,$P$71:$Q$371) -> 715 | G27: =+F27-E27 -> 495 | J27: =REPT("|",J28*220) -> |||||||||||||||||||||||||||||||||||||||||||||||||||||||||||||||||||||||||||||||||||||||||||||||||||||||||||||||||||||||||||||||||||||||||||||||||||
B28: =+'Base de Dados'!B25 -> 0 | C28: =+'Base de Dados'!C25 -> Utilidades | E28: =IFERROR(VLOOKUP(C28,Orçamento!$C$23:$P$37,3,0),0) -> 140 | F28: =SUMIF($M$71:$N$371,C28,$P$71:$Q$371) -> 0 | G28: =+F28-E28 -> -140 | J28: =+K26/J26 -> 0.6697422
B29: =+'Base de Dados'!B26 -> 0 | C29: =+'Base de Dados'!C26 -> Seguro | E29: =IFERROR(VLOOKUP(C29,Orçamento!$C$23:$P$37,3,0),0) -> 280 | F29: =SUMIF($M$71:$N$371,C29,$P$71:$Q$371) -> 0 | G29: =+F29-E29 -> -280 | J29: =+J26-K26 -> 1217
B30: =+'Base de Dados'!B27 -> 0 | C30: =+'Base de Dados'!C27 -> Educação | E30: =IFERROR(VLOOKUP(C30,Orçamento!$C$23:$P$37,3,0),0) -> 190 | F30: =SUMIF($M$71:$N$371,C30,$P$71:$Q$371) -> 95 | G30: =+F30-E30 -> -95
B31: =+'Base de Dados'!B28 -> 0 | C31: =+'Base de Dados'!C28 -> Entretenimento | E31: =IFERROR(VLOOKUP(C31,Orçamento!$C$23:$P$37,3,0),0) -> 520 | F31: =SUMIF($M$71:$N$371,C31,$P$71:$Q$371) -> 600 | G31: =+F31-E31 -> 80 | J31: =_xlfn.CONCAT(N6," ","este mês") -> Abaixo do Orçado este mês
B32: =+'Base de Dados'!B29 -> 0 | C32: =+'Base de Dados'!C29 -> Roupas | E32: =IFERROR(VLOOKUP(C32,Orçamento!$C$23:$P$37,3,0),0) -> 80 | F32: =SUMIF($M$71:$N$371,C32,$P$71:$Q$371) -> 500 | G32: =+F32-E32 -> 420
B33: =+'Base de Dados'!B30 -> 0 | C33: =+'Base de Dados'!C30 -> Cuidados Pessoais | E33: =IFERROR(VLOOKUP(C33,Orçamento!$C$23:$P$37,3,0),0) -> 180 | F33: =SUMIF($M$71:$N$371,C33,$P$71:$Q$371) -> 0 | G33: =+F33-E33 -> -180
B34: =+'Base de Dados'!B31 -> 0 | C34: =+'Base de Dados'!C31 -> Presentes | E34: =IFERROR(VLOOKUP(C34,Orçamento!$C$23:$P$37,3,0),0) -> 70 | F34: =SUMIF($M$71:$N$371,C34,$P$71:$Q$371) -> 48 | G34: =+F34-E34 -> -22 | J34: Categorias Abaixo | K34: Categorias Acima
B35: =+'Base de Dados'!B32 -> 0 | C35: =+'Base de Dados'!C32 -> Doações | E35: =IFERROR(VLOOKUP(C35,Orçamento!$C$23:$P$37,3,0),0) -> 280 | F35: =SUMIF($M$71:$N$371,C35,$P$71:$Q$371) -> 20 | G35: =+F35-E35 -> -260 | J35: =COUNTIF(G25:G40,">0") -> 4 | K35: =COUNTIF(G25:G40,"<0") -> 10
B36: =+'Base de Dados'!B33 -> 0 | C36: =+'Base de Dados'!C33 -> Lazer | E36: =IFERROR(VLOOKUP(C36,Orçamento!$C$23:$P$37,3,0),0) -> 90 | F36: =SUMIF($M$71:$N$371,C36,$P$71:$Q$371) -> 90 | G36: =+F36-E36 -> 0 | J36: =+J35/(SUM($J$35,$K$35)) -> 0.28571429 | K36: =+K35/(SUM($J$35,$K$35)) -> 0.71428571
B37: =+'Base de Dados'!B34 -> 0 | C37: =+'Base de Dados'!C34 -> Animal de Estimação | E37: =IFERROR(VLOOKUP(C37,Orçamento!$C$23:$P$37,3,0),0) -> 150 | F37: =SUMIF($M$71:$N$371,C37,$P$71:$Q$371) -> 200 | G37: =+F37-E37 -> 50 | J37: 1 | K37: =100%-K36 -> 0.28571429
B38: =+'Base de Dados'!B35 -> 0 | C38: =+'Base de Dados'!C35 -> Viagens | E38: =IFERROR(VLOOKUP(C38,Orçamento!$C$23:$P$37,3,0),0) -> 300 | F38: =SUMIF($M$71:$N$371,C38,$P$71:$Q$371) -> 0 | G38: =+F38-E38 -> -300
C39: =+'Base de Dados'!C36 -> Streaming | E39: =IFERROR(VLOOKUP(C39,Orçamento!$C$23:$P$37,3,0),0) -> 95 | F39: =SUMIF($M$71:$N$371,C39,$P$71:$Q$371) -> 0 | G39: =+F39-E39 -> -95
B40: =+'Base de Dados'!B36 -> 0 | C40: =+'Base de Dados'!C37 -> Videogame | E40: =IFERROR(VLOOKUP(C40,Orçamento!$C$23:$P$37,3,0),0) -> 0 | F40: =SUMIF($M$71:$N$371,C40,$P$71:$Q$371) -> 0 | G40: =+F40-E40 -> 0
E41: =SUM(E25:E40) -> 3685
B43: =+'Base de Dados'!G6 -> Dívidas
C45: Categoria | E45: Orçado | F45: Realizado | G45: Dif | J45: Pagamento de Dívidas no mês
B46: =+'Base de Dados'!F8 -> 0 | C46: =+'Base de Dados'!G9 -> Financiamento Carro | E46: =IFERROR(VLOOKUP(C46,Orçamento!$C$44:$P$51,3,0),0) -> 720 | F46: =SUMIF($M$71:$N$371,C46,$P$71:$Q$371) -> 0 | G46: =+F46-E46 -> -720 | J46: Orçado | K46: Realizado
B47: =+'Base de Dados'!F9 -> 0 | C47: =+'Base de Dados'!G10 -> Empréstimo Estudantil | E47: =IFERROR(VLOOKUP(C47,Orçamento!$C$44:$P$51,3,0),0) -> 330 | F47: =SUMIF($M$71:$N$371,C47,$P$71:$Q$371) -> 500 | G47: =+F47-E47 -> 170 | J47: =SUM(E46:E53) -> 3050 | K47: =SUM(F46:F53) -> 1700
B48: =+'Base de Dados'!F10 -> 0 | C48: =+'Base de Dados'!G11 -> Cartão de Crédito | E48: =IFERROR(VLOOKUP(C48,Orçamento!$C$44:$P$51,3,0),0) -> 450 | F48: =SUMIF($M$71:$N$371,C48,$P$71:$Q$371) -> 900 | G48: =+F48-E48 -> 450 | J48: =REPT("|",J49*210) -> |||||||||||||||||||||||||||||||||||||||||||||||||||||||||||||||||||||||||||||||||||||||||||||||||||||||||||||||||||||
B49: =+'Base de Dados'!F11 -> 0 | C49: =+'Base de Dados'!G12 -> Financiamento Apto | E49: =IFERROR(VLOOKUP(C49,Orçamento!$C$44:$P$51,3,0),0) -> 190 | F49: =SUMIF($M$71:$N$371,C49,$P$71:$Q$371) -> 0 | G49: =+F49-E49 -> -190 | J49: =+K47/J47 -> 0.55737705
B50: =+'Base de Dados'!F12 -> 0 | C50: =+'Base de Dados'!G13 -> Consórcio | E50: =IFERROR(VLOOKUP(C50,Orçamento!$C$44:$P$51,3,0),0) -> 290 | F50: =SUMIF($M$71:$N$371,C50,$P$71:$Q$371) -> 300 | G50: =+F50-E50 -> 10 | J50: =+J47-K47 -> 1350
B51: =+'Base de Dados'!F13 -> 0 | C51: =+'Base de Dados'!G14 -> Empréstimo | E51: =IFERROR(VLOOKUP(C51,Orçamento!$C$44:$P$51,3,0),0) -> 370 | F51: =SUMIF($M$71:$N$371,C51,$P$71:$Q$371) -> 0 | G51: =+F51-E51 -> -370
B52: =+'Base de Dados'!F14 -> 0 | C52: =+'Base de Dados'!G15 -> Agiota | E52: =IFERROR(VLOOKUP(C52,Orçamento!$C$44:$P$51,3,0),0) -> 520 | F52: =SUMIF($M$71:$N$371,C52,$P$71:$Q$371) -> 0 | G52: =+F52-E52 -> -520 | J52: =_xlfn.CONCAT(Q6," ","neste mês") -> Abaixo da Meta neste mês
B53: =+'Base de Dados'!F15 -> 0 | C53: =+'Base de Dados'!G16 -> Financiamento Lote | E53: =IFERROR(VLOOKUP(C53,Orçamento!$C$44:$P$51,3,0),0) -> 180 | F53: =SUMIF($M$71:$N$371,C53,$P$71:$Q$371) -> 0 | G53: =+F53-E53 -> -180
E54: =SUM(E46:E53) -> 3050
B56: =+'Base de Dados'!G19 -> Investimentos
C58: Categoria | E58: Meta | F58: Realizado | G58: Dif | J58: Investimentos no Mês
B59: =+'Base de Dados'!F21 -> 0 | C59: =+'Base de Dados'!G22 -> Reserva de Emergência | E59: =IFERROR(VLOOKUP(C59,Orçamento!$C$58:$P$65,3,0),0) -> 350 | F59: =SUMIF($M$71:$N$371,C59,$P$71:$Q$371) -> 0 | G59: =+F59-E59 -> -350 | J59: Meta | K59: Realizado
B60: =+'Base de Dados'!F22 -> 0 | C60: =+'Base de Dados'!G23 -> Previdência | E60: =IFERROR(VLOOKUP(C60,Orçamento!$C$58:$P$65,3,0),0) -> 230 | F60: =SUMIF($M$71:$N$371,C60,$P$71:$Q$371) -> 0 | G60: =+F60-E60 -> -230 | J60: =SUM(E59:E66) -> 2650 | K60: =SUM(F59:F66) -> 640
B61: =+'Base de Dados'!F23 -> 0 | C61: =+'Base de Dados'!G24 -> Ações | E61: =IFERROR(VLOOKUP(C61,Orçamento!$C$58:$P$65,3,0),0) -> 220 | F61: =SUMIF($M$71:$N$371,C61,$P$71:$Q$371) -> 0 | G61: =+F61-E61 -> -220 | J61: =REPT("|",J62*220) -> |||||||||||||||||||||||||||||||||||||||||||||||||||||
B62: =+'Base de Dados'!F24 -> 0 | C62: =+'Base de Dados'!G25 -> Fundos Imobiliários | E62: =IFERROR(VLOOKUP(C62,Orçamento!$C$58:$P$65,3,0),0) -> 390 | F62: =SUMIF($M$71:$N$371,C62,$P$71:$Q$371) -> 0 | G62: =+F62-E62 -> -390 | J62: =+K60/J60 -> 0.24150943
B63: =+'Base de Dados'!F25 -> 0 | C63: =+'Base de Dados'!G26 -> Renda Fixa | E63: =IFERROR(VLOOKUP(C63,Orçamento!$C$58:$P$65,3,0),0) -> 290 | F63: =SUMIF($M$71:$N$371,C63,$P$71:$Q$371) -> 100 | G63: =+F63-E63 -> -190 | J63: =+J60-K60 -> 2010
B64: =+'Base de Dados'!F26 -> 0 | C64: =+'Base de Dados'!G27 -> CDB Bradesco | E64: =IFERROR(VLOOKUP(C64,Orçamento!$C$58:$P$65,3,0),0) -> 250 | F64: =SUMIF($M$71:$N$371,C64,$P$71:$Q$371) -> 440 | G64: =+F64-E64 -> 190
B65: =+'Base de Dados'!F27 -> 0 | C65: =+'Base de Dados'!G28 -> CDB Itaú | E65: =IFERROR(VLOOKUP(C65,Orçamento!$C$58:$P$65,3,0),0) -> 530 | F65: =SUMIF($M$71:$N$371,C65,$P$71:$Q$371) -> 0 | G65: =+F65-E65 -> -530 | J65: =_xlfn.CONCAT(T6," ","neste mês") -> Abaixo da Meta neste mês
B66: =+'Base de Dados'!F28 -> 0 | C66: =+'Base de Dados'!G29 -> Imóveis | E66: =IFERROR(VLOOKUP(C66,Orçamento!$C$58:$P$65,3,0),0) -> 390 | F66: =SUMIF($M$71:$N$371,C66,$P$71:$Q$371) -> 100 | G66: =+F66-E66 -> -290
E67: =SUM(E59:E66) -> 2650 | F67: =SUM(F59:F66) -> 640
C69: Transações
C70: Data | E70: Descrição | J70: Tipo | M70: Categoria | P70: Valor | S70: Notas | AX70: Date | BC70: =+'Base de Dados'!C19 -> Despesas | BD70: =+'Base de Dados'!G6 -> Dívidas | BE70: =+'Base de Dados'!G19 -> Investimentos
C71: 45329 | J71: Receitas | M71: Salário | P71: 5000 | AX71: 45323 | AZ71: =+C71 -> 45329 | BA71: =+J71 -> Receitas | BB71: =+P71 -> 5000 | BC71: =SUMIFS($BB$71:$BB$371,$AZ$71:$AZ$371,$AX71,$BA$71:$BA$371,"Despesas") -> 0 | BD71: =SUMIFS($BB$71:$BB$371,$AZ$71:$AZ$371,$AX71,$BA$71:$BA$371,"Dívidas") -> 0 | BE71: =SUMIFS($BB$71:$BB$371,$AZ$71:$AZ$371,$AX71,$BA$71:$BA$371,"Investimentos") -> 0
C72: 45330 | J72: Receitas | M72: Salário Cônjuge | P72: 3500 | AX72: 45324 | AZ72: =+C72 -> 45330 | BA72: =+J72 -> Receitas | BB72: =+P72 -> 3500 | BC72: =SUMIFS($BB$71:$BB$371,$AZ$71:$AZ$371,$AX72,$BA$71:$BA$371,"Despesas") -> 0 | BD72: =SUMIFS($BB$71:$BB$371,$AZ$71:$AZ$371,$AX72,$BA$71:$BA$371,"Dívidas") -> 0 | BE72: =SUMIFS($BB$71:$BB$371,$AZ$71:$AZ$371,$AX72,$BA$71:$BA$371,"Investimentos") -> 0
C73: 45331 | J73: Despesas | M73: Casa | P73: 200 | AX73: 45325 | AZ73: =+C73 -> 45331 | BA73: =+J73 -> Despesas | BB73: =+P73 -> 200 | BC73: =SUMIFS($BB$71:$BB$371,$AZ$71:$AZ$371,$AX73,$BA$71:$BA$371,"Despesas") -> 0 | BD73: =SUMIFS($BB$71:$BB$371,$AZ$71:$AZ$371,$AX73,$BA$71:$BA$371,"Dívidas") -> 0 | BE73: =SUMIFS($BB$71:$BB$371,$AZ$71:$AZ$371,$AX73,$BA$71:$BA$371,"Investimentos") -> 0
C74: 45332 | J74: Dívidas | M74: Empréstimo Estudantil | P74: 500 | AX74: 45326 | AZ74: =+C74 -> 45332 | BA74: =+J74 -> Dívidas | BB74: =+P74 -> 500 | BC74: =SUMIFS($BB$71:$BB$371,$AZ$71:$AZ$371,$AX74,$BA$71:$BA$371,"Despesas") -> 0 | BD74: =SUMIFS($BB$71:$BB$371,$AZ$71:$AZ$371,$AX74,$BA$71:$BA$371,"Dívidas") -> 0 | BE74: =SUMIFS($BB$71:$BB$371,$AZ$71:$AZ$371,$AX74,$BA$71:$BA$371,"Investimentos") -> 0
C75: 45333 | J75: Investimentos | M75: Previdência | AX75: 45327 | AZ75: =+C75 -> 45333 | BA75: =+J75 -> Investimentos | BB75: =+P75 -> 0 | BC75: =SUMIFS($BB$71:$BB$371,$AZ$71:$AZ$371,$AX75,$BA$71:$BA$371,"Despesas") -> 0 | BD75: =SUMIFS($BB$71:$BB$371,$AZ$71:$AZ$371,$AX75,$BA$71:$BA$371,"Dívidas") -> 0 | BE75: =SUMIFS($BB$71:$BB$371,$AZ$71:$AZ$371,$AX75,$BA$71:$BA$371,"Investimentos") -> 0
C76: 45334 | J76: Receitas | M76: Dividendos | P76: 50 | AX76: 45328 | AZ76: =+C76 -> 45334 | BA76: =+J76 -> Receitas | BB76: =+P76 -> 50 | BC76: =SUMIFS($BB$71:$BB$371,$AZ$71:$AZ$371,$AX76,$BA$71:$BA$371,"Despesas") -> 0 | BD76: =SUMIFS($BB$71:$BB$371,$AZ$71:$AZ$371,$AX76,$BA$71:$BA$371,"Dívidas") -> 0 | BE76: =SUMIFS($BB$71:$BB$371,$AZ$71:$AZ$371,$AX76,$BA$71:$BA$371,"Investimentos") -> 0
C77: 45335 | J77: Despesas | M77: Alimentação | P77: 30 | AX77: 45329 | AZ77: =+C77 -> 45335 | BA77: =+J77 -> Despesas | BB77: =+P77 -> 30 | BC77: =SUMIFS($BB$71:$BB$371,$AZ$71:$AZ$371,$AX77,$BA$71:$BA$371,"Despesas") -> 0 | BD77: =SUMIFS($BB$71:$BB$371,$AZ$71:$AZ$371,$AX77,$BA$71:$BA$371,"Dívidas") -> 0 | BE77: =SUMIFS($BB$71:$BB$371,$AZ$71:$AZ$371,$AX77,$BA$71:$BA$371,"Investimentos") -> 0
C78: 45336 | J78: Investimentos | M78: Renda Fixa | P78: 100 | AX78: 45330 | AZ78: =+C78 -> 45336 | BA78: =+J78 -> Investimentos | BB78: =+P78 -> 100 | BC78: =SUMIFS($BB$71:$BB$371,$AZ$71:$AZ$371,$AX78,$BA$71:$BA$371,"Despesas") -> 0 | BD78: =SUMIFS($BB$71:$BB$371,$AZ$71:$AZ$371,$AX78,$BA$71:$BA$371,"Dívidas") -> 0 | BE78: =SUMIFS($BB$71:$BB$371,$AZ$71:$AZ$371,$AX78,$BA$71:$BA$371,"Investimentos") -> 0
C79: 45337 | J79: Investimentos | M79: Imóveis | P79: 100 | AX79: 45331 | AZ79: =+C79 -> 45337 | BA79: =+J79 -> Investimentos | BB79: =+P79 -> 100 | BC79: =SUMIFS($BB$71:$BB$371,$AZ$71:$AZ$371,$AX79,$BA$71:$BA$371,"Despesas") -> 200 | BD79: =SUMIFS($BB$71:$BB$371,$AZ$71:$AZ$371,$AX79,$BA$71:$BA$371,"Dívidas") -> 0 | BE79: =SUMIFS($BB$71:$BB$371,$AZ$71:$AZ$371,$AX79,$BA$71:$BA$371,"Investimentos") -> 0
C80: 45338 | J80: Receitas | M80: Dividendos | P80: 200 | AX80: 45332 | AZ80: =+C80 -> 45338 | BA80: =+J80 -> Receitas | BB80: =+P80 -> 200 | BC80: =SUMIFS($BB$71:$BB$371,$AZ$71:$AZ$371,$AX80,$BA$71:$BA$371,"Despesas") -> 0 | BD80: =SUMIFS($BB$71:$BB$371,$AZ$71:$AZ$371,$AX80,$BA$71:$BA$371,"Dívidas") -> 500 | BE80: =SUMIFS($BB$71:$BB$371,$AZ$71:$AZ$371,$AX80,$BA$71:$BA$371,"Investimentos") -> 0
C81: 45339 | J81: Despesas | M81: Entretenimento | P81: 600 | AX81: 45333 | AZ81: =+C81 -> 45339 | BA81: =+J81 -> Despesas | BB81: =+P81 -> 600 | BC81: =SUMIFS($BB$71:$BB$371,$AZ$71:$AZ$371,$AX81,$BA$71:$BA$371,"Despesas") -> 0 | BD81: =SUMIFS($BB$71:$BB$371,$AZ$71:$AZ$371,$AX81,$BA$71:$BA$371,"Dívidas") -> 0 | BE81: =SUMIFS($BB$71:$BB$371,$AZ$71:$AZ$371,$AX81,$BA$71:$BA$371,"Investimentos") -> 0
C82: 45340 | J82: Despesas | M82: Roupas | P82: 500 | AX82: 45334 | AZ82: =+C82 -> 45340 | BA82: =+J82 -> Despesas | BB82: =+P82 -> 500 | BC82: =SUMIFS($BB$71:$BB$371,$AZ$71:$AZ$371,$AX82,$BA$71:$BA$371,"Despesas") -> 0 | BD82: =SUMIFS($BB$71:$BB$371,$AZ$71:$AZ$371,$AX82,$BA$71:$BA$371,"Dívidas") -> 0 | BE82: =SUMIFS($BB$71:$BB$371,$AZ$71:$AZ$371,$AX82,$BA$71:$BA$371,"Investimentos") -> 0
C83: 45341 | J83: Despesas | M83: Lazer | P83: 90 | AX83: 45335 | AZ83: =+C83 -> 45341 | BA83: =+J83 -> Despesas | BB83: =+P83 -> 90 | BC83: =SUMIFS($BB$71:$BB$371,$AZ$71:$AZ$371,$AX83,$BA$71:$BA$371,"Despesas") -> 30 | BD83: =SUMIFS($BB$71:$BB$371,$AZ$71:$AZ$371,$AX83,$BA$71:$BA$371,"Dívidas") -> 0 | BE83: =SUMIFS($BB$71:$BB$371,$AZ$71:$AZ$371,$AX83,$BA$71:$BA$371,"Investimentos") -> 0
C84: 45342 | J84: Dívidas | M84: Consórcio | P84: 300 | AX84: 45336 | AZ84: =+C84 -> 45342 | BA84: =+J84 -> Dívidas | BB84: =+P84 -> 300 | BC84: =SUMIFS($BB$71:$BB$371,$AZ$71:$AZ$371,$AX84,$BA$71:$BA$371,"Despesas") -> 0 | BD84: =SUMIFS($BB$71:$BB$371,$AZ$71:$AZ$371,$AX84,$BA$71:$BA$371,"Dívidas") -> 0 | BE84: =SUMIFS($BB$71:$BB$371,$AZ$71:$AZ$371,$AX84,$BA$71:$BA$371,"Investimentos") -> 100
C85: 45343 | J85: Receitas | M85: Juros | P85: 800 | AX85: 45337 | AZ85: =+C85 -> 45343 | BA85: =+J85 -> Receitas | BB85: =+P85 -> 800 | BC85: =SUMIFS($BB$71:$BB$371,$AZ$71:$AZ$371,$AX85,$BA$71:$BA$371,"Despesas") -> 0 | BD85: =SUMIFS($BB$71:$BB$371,$AZ$71:$AZ$371,$AX85,$BA$71:$BA$371,"Dívidas") -> 0 | BE85: =SUMIFS($BB$71:$BB$371,$AZ$71:$AZ$371,$AX85,$BA$71:$BA$371,"Investimentos") -> 100
C86: 45344 | J86: Despesas | M86: Doações | P86: 20 | AX86: 45338 | AZ86: =+C86 -> 45344 | BA86: =+J86 -> Despesas | BB86: =+P86 -> 20 | BC86: =SUMIFS($BB$71:$BB$371,$AZ$71:$AZ$371,$AX86,$BA$71:$BA$371,"Despesas") -> 0 | BD86: =SUMIFS($BB$71:$BB$371,$AZ$71:$AZ$371,$AX86,$BA$71:$BA$371,"Dívidas") -> 0 | BE86: =SUMIFS($BB$71:$BB$371,$AZ$71:$AZ$371,$AX86,$BA$71:$BA$371,"Investimentos") -> 0
C87: 45345 | J87: Receitas | M87: Juros | P87: 600 | AX87: 45339 | AZ87: =+C87 -> 45345 | BA87: =+J87 -> Receitas | BB87: =+P87 -> 600 | BC87: =SUMIFS($BB$71:$BB$371,$AZ$71:$AZ$371,$AX87,$BA$71:$BA$371,"Despesas") -> 600 | BD87: =SUMIFS($BB$71:$BB$371,$AZ$71:$AZ$371,$AX87,$BA$71:$BA$371,"Dívidas") -> 0 | BE87: =SUMIFS($BB$71:$BB$371,$AZ$71:$AZ$371,$AX87,$BA$71:$BA$371,"Investimentos") -> 0
... C96: 45354 | J96: Receitas | M96: Renda Extra | P96: 2000 | AX96: 45348 | AZ96: =+C96 -> 45354 | BA96: =+J96 -> Receitas | BB96: =+P96 -> 2000 | BC96: =SUMIFS($BB$71:$BB$371,$AZ$71:$AZ$371,$AX96,$BA$71:$BA$371,"Despesas") -> 200 | BD96: =SUMIFS($BB$71:$BB$371,$AZ$71:$AZ$371,$AX96,$BA$71:$BA$371,"Dívidas") -> 0 | BE96: =SUMIFS($BB$71:$BB$371,$AZ$71:$AZ$371,$AX96,$BA$71:$BA$371,"Investimentos") -> 0
P97: 0 | AX97: 45349 | AZ97: =+C97 -> 0 | BA97: =+J97 -> 0 | BB97: =+P97 -> 0 | BC97: =SUMIFS($BB$71:$BB$371,$AZ$71:$AZ$371,$AX97,$BA$71:$BA$371,"Despesas") -> 95 | BD97: =SUMIFS($BB$71:$BB$371,$AZ$71:$AZ$371,$AX97,$BA$71:$BA$371,"Dívidas") -> 0 | BE97: =SUMIFS($BB$71:$BB$371,$AZ$71:$AZ$371,$AX97,$BA$71:$BA$371,"Investimentos") -> 0
P98: 0 | AX98: 45350 | AZ98: =+C98 -> 0 | BA98: =+J98 -> 0 | BB98: =+P98 -> 0 | BC98: =SUMIFS($BB$71:$BB$371,$AZ$71:$AZ$371,$AX98,$BA$71:$BA$371,"Despesas") -> 0 | BD98: =SUMIFS($BB$71:$BB$371,$AZ$71:$AZ$371,$AX98,$BA$71:$BA$371,"Dívidas") -> 600 | BE98: =SUMIFS($BB$71:$BB$371,$AZ$71:$AZ$371,$AX98,$BA$71:$BA$371,"Investimentos") -> 0
P99: 0 | AX99: 45351 | AZ99: =+C99 -> 0 | BA99: =+J99 -> 0 | BB99: =+P99 -> 0 | BC99: =SUMIFS($BB$71:$BB$371,$AZ$71:$AZ$371,$AX99,$BA$71:$BA$371,"Despesas") -> 0 | BD99: =SUMIFS($BB$71:$BB$371,$AZ$71:$AZ$371,$AX99,$BA$71:$BA$371,"Dívidas") -> 0 | BE99: =SUMIFS($BB$71:$BB$371,$AZ$71:$AZ$371,$AX99,$BA$71:$BA$371,"Investimentos") -> 240
P100: 0 | AX100: 45352 | AZ100: =+C100 -> 0 | BA100: =+J100 -> 0 | BB100: =+P100 -> 0 | BC100: =SUMIFS($BB$71:$BB$371,$AZ$71:$AZ$371,$AX100,$BA$71:$BA$371,"Despesas") -> 685 | BD100: =SUMIFS($BB$71:$BB$371,$AZ$71:$AZ$371,$AX100,$BA$71:$BA$371,"Dívidas") -> 0 | BE100: =SUMIFS($BB$71:$BB$371,$AZ$71:$AZ$371,$AX100,$BA$71:$BA$371,"Investimentos") -> 0
P101: 0 | AX101: 45353 | AZ101: =+C101 -> 0 | BA101: =+J101 -> 0 | BB101: =+P101 -> 0 | BC101: =SUMIFS($BB$71:$BB$371,$AZ$71:$AZ$371,$AX101,$BA$71:$BA$371,"Despesas") -> 48 | BD101: =SUMIFS($BB$71:$BB$371,$AZ$71:$AZ$371,$AX101,$BA$71:$BA$371,"Dívidas") -> 0 | BE101: =SUMIFS($BB$71:$BB$371,$AZ$71:$AZ$371,$AX101,$BA$71:$BA$371,"Investimentos") -> 0
P102: 0 | AZ102: =+C102 -> 0 | BA102: =+J102 -> 0 | BB102: =+P102 -> 0 | BC102: =SUMIFS($BB$71:$BB$371,$AZ$71:$AZ$371,$AX102,$BA$71:$BA$371,"Despesas") -> 0 | BD102: =SUMIFS($BB$71:$BB$371,$AZ$71:$AZ$371,$AX102,$BA$71:$BA$371,"Dívidas") -> 0 | BE102: =SUMIFS($BB$71:$BB$371,$AZ$71:$AZ$371,$AX102,$BA$71:$BA$371,"Investimentos") -> 0
P103: 0 | AZ103: =+C103 -> 0 | BA103: =+J103 -> 0 | BB103: =+P103 -> 0 | BC103: =SUMIFS($BB$71:$BB$371,$AZ$71:$AZ$371,$AX103,$BA$71:$BA$371,"Despesas") -> 0 | BD103: =SUMIFS($BB$71:$BB$371,$AZ$71:$AZ$371,$AX103,$BA$71:$BA$371,"Dívidas") -> 0 | BE103: =SUMIFS($BB$71:$BB$371,$AZ$71:$AZ$371,$AX103,$BA$71:$BA$371,"Investimentos") -> 0
P104: 0 | AZ104: =+C104 -> 0 | BA104: =+J104 -> 0 | BB104: =+P104 -> 0 | BC104: =SUMIFS($BB$71:$BB$371,$AZ$71:$AZ$371,$AX104,$BA$71:$BA$371,"Despesas") -> 0 | BD104: =SUMIFS($BB$71:$BB$371,$AZ$71:$AZ$371,$AX104,$BA$71:$BA$371,"Dívidas") -> 0 | BE104: =SUMIFS($BB$71:$BB$371,$AZ$71:$AZ$371,$AX104,$BA$71:$BA$371,"Investimentos") -> 0
P105: 0 | AZ105: =+C105 -> 0 | BA105: =+J105 -> 0 | BB105: =+P105 -> 0 | BC105: =SUMIFS($BB$71:$BB$371,$AZ$71:$AZ$371,$AX105,$BA$71:$BA$371,"Despesas") -> 0 | BD105: =SUMIFS($BB$71:$BB$371,$AZ$71:$AZ$371,$AX105,$BA$71:$BA$371,"Dívidas") -> 0 | BE105: =SUMIFS($BB$71:$BB$371,$AZ$71:$AZ$371,$AX105,$BA$71:$BA$371,"Investimentos") -> 0
P106: 0 | AZ106: =+C106 -> 0 | BA106: =+J106 -> 0 | BB106: =+P106 -> 0 | BC106: =SUMIFS($BB$71:$BB$371,$AZ$71:$AZ$371,$AX106,$BA$71:$BA$371,"Despesas") -> 0 | BD106: =SUMIFS($BB$71:$BB$371,$AZ$71:$AZ$371,$AX106,$BA$71:$BA$371,"Dívidas") -> 0 | BE106: =SUMIFS($BB$71:$BB$371,$AZ$71:$AZ$371,$AX106,$BA$71:$BA$371,"Investimentos") -> 0
P107: 0 | AZ107: =+C107 -> 0 | BA107: =+J107 -> 0 | BB107: =+P107 -> 0 | BC107: =SUMIFS($BB$71:$BB$371,$AZ$71:$AZ$371,$AX107,$BA$71:$BA$371,"Despesas") -> 0 | BD107: =SUMIFS($BB$71:$BB$371,$AZ$71:$AZ$371,$AX107,$BA$71:$BA$371,"Dívidas") -> 0 | BE107: =SUMIFS($BB$71:$BB$371,$AZ$71:$AZ$371,$AX107,$BA$71:$BA$371,"Investimentos") -> 0
P108: 0 | AZ108: =+C108 -> 0 | BA108: =+J108 -> 0 | BB108: =+P108 -> 0 | BC108: =SUMIFS($BB$71:$BB$371,$AZ$71:$AZ$371,$AX108,$BA$71:$BA$371,"Despesas") -> 0 | BD108: =SUMIFS($BB$71:$BB$371,$AZ$71:$AZ$371,$AX108,$BA$71:$BA$371,"Dívidas") -> 0 | BE108: =SUMIFS($BB$71:$BB$371,$AZ$71:$AZ$371,$AX108,$BA$71:$BA$371,"Investimentos") -> 0
P109: 0 | AZ109: =+C109 -> 0 | BA109: =+J109 -> 0 | BB109: =+P109 -> 0 | BC109: =SUMIFS($BB$71:$BB$371,$AZ$71:$AZ$371,$AX109,$BA$71:$BA$371,"Despesas") -> 0 | BD109: =SUMIFS($BB$71:$BB$371,$AZ$71:$AZ$371,$AX109,$BA$71:$BA$371,"Dívidas") -> 0 | BE109: =SUMIFS($BB$71:$BB$371,$AZ$71:$AZ$371,$AX109,$BA$71:$BA$371,"Investimentos") -> 0
P110: 0 | AZ110: =+C110 -> 0 | BA110: =+J110 -> 0 | BB110: =+P110 -> 0 | BC110: =SUMIFS($BB$71:$BB$371,$AZ$71:$AZ$371,$AX110,$BA$71:$BA$371,"Despesas") -> 0 | BD110: =SUMIFS($BB$71:$BB$371,$AZ$71:$AZ$371,$AX110,$BA$71:$BA$371,"Dívidas") -> 0 | BE110: =SUMIFS($BB$71:$BB$371,$AZ$71:$AZ$371,$AX110,$BA$71:$BA$371,"Investimentos") -> 0
P111: 0 | AZ111: =+C111 -> 0 | BA111: =+J111 -> 0 | BB111: =+P111 -> 0 | BC111: =SUMIFS($BB$71:$BB$371,$AZ$71:$AZ$371,$AX111,$BA$71:$BA$371,"Despesas") -> 0 | BD111: =SUMIFS($BB$71:$BB$371,$AZ$71:$AZ$371,$AX111,$BA$71:$BA$371,"Dívidas") -> 0 | BE111: =SUMIFS($BB$71:$BB$371,$AZ$71:$AZ$371,$AX111,$BA$71:$BA$371,"Investimentos") -> 0
P112: 0 | AZ112: =+C112 -> 0 | BA112: =+J112 -> 0 | BB112: =+P112 -> 0 | BC112: =SUMIFS($BB$71:$BB$371,$AZ$71:$AZ$371,$AX112,$BA$71:$BA$371,"Despesas") -> 0 | BD112: =SUMIFS($BB$71:$BB$371,$AZ$71:$AZ$371,$AX112,$BA$71:$BA$371,"Dívidas") -> 0 | BE112: =SUMIFS($BB$71:$BB$371,$AZ$71:$AZ$371,$AX112,$BA$71:$BA$371,"Investimentos") -> 0
P113: 0 | AZ113: =+C113 -> 0 | BA113: =+J113 -> 0 | BB113: =+P113 -> 0 | BC113: =SUMIFS($BB$71:$BB$371,$AZ$71:$AZ$371,$AX113,$BA$71:$BA$371,"Despesas") -> 0 | BD113: =SUMIFS($BB$71:$BB$371,$AZ$71:$AZ$371,$AX113,$BA$71:$BA$371,"Dívidas") -> 0 | BE113: =SUMIFS($BB$71:$BB$371,$AZ$71:$AZ$371,$AX113,$BA$71:$BA$371,"Investimentos") -> 0
... P371: 0 | AZ371: =+C371 -> 0 | BA371: =+J371 -> 0 | BB371: =+P371 -> 0 | BC371: =SUMIFS($BB$71:$BB$371,$AZ$71:$AZ$371,$AX371,$BA$71:$BA$371,"Despesas") -> 0 | BD371: =SUMIFS($BB$71:$BB$371,$AZ$71:$AZ$371,$AX371,$BA$71:$BA$371,"Dívidas") -> 0 | BE371: =SUMIFS($BB$71:$BB$371,$AZ$71:$AZ$371,$AX371,$BA$71:$BA$371,"Investimentos") -> 0

Sheet Mar
C2: Março
J3: =SUM(F12:F19) -> 12150 | M3: =SUM(F25:F40) -> 2468 | P3: =SUM(F46:F53) -> 1700 | S3: =SUM(F59:F66) -> 640 | V3: =+J3-M3-P3-S3 -> 7342 | W3: =+K1-N1-Q1-T1 -> 0
J4: Receita Total | M4: Despesa Total | P4: Pagamento de Dívidas Total | S4: Invetimentos Totais | V4: Não Alocado
J5: =REPT("|",J6*220) -> ||||||||||||||||||||||||||||||||||||||||||||||||||||||||||||||||||||||||||||||||||||||||||||||||||||||||||||||||||||||||||||||||||||||||||||||||||||||||||||||||||||||||||||||||||||||||||||||||||||||||||||||||||||||||||||||||||||||||||||||||||||||||||||||||||||||||||||||||||||| | M5: =REPT("|",M6*95) -> ||||||||||||||||||||||||||||||||||||||||||||||||||||||||||||||| | P5: =REPT("|",P6*95) -> |||||||||||||||||||||||||||||||||||||||||||||||||||| | S5: =REPT("|",S6*95) -> ||||||||||| | V5: =REPT("|",V6*95) -> |||||||||||||||||||||||||||||||||||||||||||||||||||||||||
C6: Dashboard Mensal | J6: =J3/SUM(E12:E19) -> 1.2616822 | K6: {=_xlfn.IFS(J3>SUM(E12:E19),'Base de Dados'!BE12,Mar!J3<SUM(Mar!E12:E19),'Base de Dados'!BE11,Mar!J3=SUM(Mar!E12:E19),'Base de Dados'!BE13)} -> Acima da Meta | M6: =+M3/SUM(E25:E40) -> 0.6697422 | N6: {=_xlfn.IFS(M3>E41,"Acima do orçamento",Mar!M3<E41,"Abaixo do Orçado",Mar!M3=E41,'Base de Dados'!BE13)} -> Abaixo do Orçado | P6: =P3/SUM(E46:E53) -> 0.55737705 | Q6: {=_xlfn.IFS(P3<E54,'Base de Dados'!$BE$11,Mar!P3>E54,'Base de Dados'!$BE$12,Mar!P3=E54,'Base de Dados'!$BE$13)} -> Abaixo da Meta | S6: =+S3/SUM(E59:E67) -> 0.12075472 | T6: {=_xlfn.IFS(S3<E67,'Base de Dados'!$BE$11,Mar!S3>E67,'Base de Dados'!$BE$12,Mar!S3=E67,'Base de Dados'!$BE$13)} -> Abaixo da Meta | V6: =+V3/J3 -> 0.60427984 | W6: da Receita Total
B9: =+'Base de Dados'!C6 -> Receitas
C11: Categoria | E11: Meta | F11: Realizado | G11: Dif
C12: =+'Base de Dados'!C9 -> Salário | E12: =IFERROR(VLOOKUP(C12,Orçamento!$C$9:$P$37,3,0),0) -> 4500 | F12: =SUMIF($M$71:$N$371,C12,$P$71:$Q$371) -> 5000 | G12: =+F12-E12 -> 500 | J12: ="Receita em "&C2 -> Receita em Março | V12: Receita com Salário
C13: =+'Base de Dados'!C10 -> Salário Cônjuge | E13: =IFERROR(VLOOKUP(C13,Orçamento!$C$9:$P$37,3,0),0) -> 4350 | F13: =SUMIF($M$71:$N$371,C13,$P$71:$Q$371) -> 3500 | G13: =+F13-E13 -> -850 | J13: Meta | K13: Realizado | V13: =SUMIFS(F12:F19,C12:C19, "Salário*") -> 8500
C14: =+'Base de Dados'!C11 -> Dividendos | E14: =IFERROR(VLOOKUP(C14,Orçamento!$C$9:$P$37,3,0),0) -> 100 | F14: =SUMIF($M$71:$N$371,C14,$P$71:$Q$371) -> 250 | G14: =+F14-E14 -> 150 | J14: =+E20 -> 9630 | K14: =SUM(F12:F19) -> 12150 | V14: =REPT("|",V15*180) -> |||||||||||||||||||||||||||||||||||||||||||||||||||||||||||||||||||||||||||||||||||||||||||||||||||||||||||||||||||||||||||||
C15: =+'Base de Dados'!C12 -> Reembolsos | E15: =IFERROR(VLOOKUP(C15,Orçamento!$C$9:$P$37,3,0),0) -> 250 | F15: =SUMIF($M$71:$N$371,C15,$P$71:$Q$371) -> 0 | G15: =+F15-E15 -> -250 | J15: =REPT("|",J16*220) -> ||||||||||||||||||||||||||||||||||||||||||||||||||||||||||||||||||||||||||||||||||||||||||||||||||||||||||||||||||||||||||||||||||||||||||||||||||||||||||||||||||||||||||||||||||||||||||||||||||||||||||||||||||||||||||||||||||||||||||||||||||||||||||||||||||||||||||||||||||||| | V15: =+V13/SUM(F12:F19) -> 0.69958848
C16: =+'Base de Dados'!C13 -> Presentes Receitas | E16: =IFERROR(VLOOKUP(C16,Orçamento!$C$9:$P$37,3,0),0) -> 100 | F16: =SUMIF($M$71:$N$371,C16,$P$71:$Q$371) -> 0 | G16: =+F16-E16 -> -100 | J16: =+K14/J14 -> 1.2616822 | V16: Outras Receitas
C17: =+'Base de Dados'!C14 -> Aluguéis | E17: =IFERROR(VLOOKUP(C17,Orçamento!$C$9:$P$37,3,0),0) -> 30 | F17: =SUMIF($M$71:$N$371,C17,$P$71:$Q$371) -> 0 | G17: =+F17-E17 -> -30 | J17: =+K14-J14 -> 2520 | V17: =SUM(F12:F19)-V13 -> 3650
C18: =+'Base de Dados'!C15 -> Juros | E18: =IFERROR(VLOOKUP(C18,Orçamento!$C$9:$P$37,3,0),0) -> 300 | F18: =SUMIF($M$71:$N$371,C18,$P$71:$Q$371) -> 1400 | G18: =+F18-E18 -> 1100 | V18: =REPT("|",V19*180) -> ||||||||||||||||||||||||||||||||||||||||||||||||||||||
C19: =+'Base de Dados'!C16 -> Renda Extra | E19: =IFERROR(VLOOKUP(C19,Orçamento!$C$9:$P$37,3,0),0) -> 0 | F19: =SUMIF($M$71:$N$371,C19,$P$71:$Q$371) -> 2000 | G19: =+F19-E19 -> 2000 | J19: =_xlfn.CONCAT(K6," ","neste mês") -> Acima da Meta neste mês | V19: =+V17/SUM(F12:F19) -> 0.30041152
E20: =SUM(E12:E19) -> 9630
B22: =+'Base de Dados'!C19 -> Despesas
C24: Categoria | E24: Orçado | F24: Realizado | G24: Dif | J24: Despesas no mês | M24: Gastos por Dia | S24: % da Recita alocada para Despesas
B25: =+'Base de Dados'!B22 -> 0 | C25: =+'Base de Dados'!C22 -> Casa | E25: =IFERROR(VLOOKUP(C25,Orçamento!$C$23:$P$37,3,0),0) -> 750 | F25: =SUMIF($M$71:$N$371,C25,$P$71:$Q$371) -> 200 | G25: =+F25-E25 -> -550 | J25: Orçado | K25: Realizado | S25: =REPT("|",S26*200) -> ||||||||||||||||||||||||||||||||||||||||
B26: =+'Base de Dados'!B23 -> 0 | C26: =+'Base de Dados'!C23 -> Transporte | E26: =IFERROR(VLOOKUP(C26,Orçamento!$C$23:$P$37,3,0),0) -> 340 | F26: =SUMIF($M$71:$N$371,C26,$P$71:$Q$371) -> 0 | G26: =+F26-E26 -> -340 | J26: =SUM(E25:E40) -> 3685 | K26: =SUM(F25:F40) -> 2468 | S26: =+$K$26/$J$3 -> 0.20312757
B27: =+'Base de Dados'!B24 -> 0 | C27: =+'Base de Dados'!C24 -> Alimentação | E27: =IFERROR(VLOOKUP(C27,Orçamento!$C$23:$P$37,3,0),0) -> 220 | F27: =SUMIF($M$71:$N$371,C27,$P$71:$Q$371) -> 715 | G27: =+F27-E27 -> 495 | J27: =REPT("|",J28*220) -> |||||||||||||||||||||||||||||||||||||||||||||||||||||||||||||||||||||||||||||||||||||||||||||||||||||||||||||||||||||||||||||||||||||||||||||||||||
B28: =+'Base de Dados'!B25 -> 0 | C28: =+'Base de Dados'!C25 -> Utilidades | E28: =IFERROR(VLOOKUP(C28,Orçamento!$C$23:$P$37,3,0),0) -> 140 | F28: =SUMIF($M$71:$N$371,C28,$P$71:$Q$371) -> 0 | G28: =+F28-E28 -> -140 | J28: =+K26/J26 -> 0.6697422
B29: =+'Base de Dados'!B26 -> 0 | C29: =+'Base de Dados'!C26 -> Seguro | E29: =IFERROR(VLOOKUP(C29,Orçamento!$C$23:$P$37,3,0),0) -> 280 | F29: =SUMIF($M$71:$N$371,C29,$P$71:$Q$371) -> 0 | G29: =+F29-E29 -> -280 | J29: =+J26-K26 -> 1217
B30: =+'Base de Dados'!B27 -> 0 | C30: =+'Base de Dados'!C27 -> Educação | E30: =IFERROR(VLOOKUP(C30,Orçamento!$C$23:$P$37,3,0),0) -> 190 | F30: =SUMIF($M$71:$N$371,C30,$P$71:$Q$371) -> 95 | G30: =+F30-E30 -> -95
B31: =+'Base de Dados'!B28 -> 0 | C31: =+'Base de Dados'!C28 -> Entretenimento | E31: =IFERROR(VLOOKUP(C31,Orçamento!$C$23:$P$37,3,0),0) -> 520 | F31: =SUMIF($M$71:$N$371,C31,$P$71:$Q$371) -> 500 | G31: =+F31-E31 -> -20 | J31: =_xlfn.CONCAT(N6," ","este mês") -> Abaixo do Orçado este mês
B32: =+'Base de Dados'!B29 -> 0 | C32: =+'Base de Dados'!C29 -> Roupas | E32: =IFERROR(VLOOKUP(C32,Orçamento!$C$23:$P$37,3,0),0) -> 80 | F32: =SUMIF($M$71:$N$371,C32,$P$71:$Q$371) -> 500 | G32: =+F32-E32 -> 420
B33: =+'Base de Dados'!B30 -> 0 | C33: =+'Base de Dados'!C30 -> Cuidados Pessoais | E33: =IFERROR(VLOOKUP(C33,Orçamento!$C$23:$P$37,3,0),0) -> 180 | F33: =SUMIF($M$71:$N$371,C33,$P$71:$Q$371) -> 0 | G33: =+F33-E33 -> -180
B34: =+'Base de Dados'!B31 -> 0 | C34: =+'Base de Dados'!C31 -> Presentes | E34: =IFERROR(VLOOKUP(C34,Orçamento!$C$23:$P$37,3,0),0) -> 70 | F34: =SUMIF($M$71:$N$371,C34,$P$71:$Q$371) -> 48 | G34: =+F34-E34 -> -22 | J34: Categorias Abaixo | K34: Categorias Acima
B35: =+'Base de Dados'!B32 -> 0 | C35: =+'Base de Dados'!C32 -> Doações | E35: =IFERROR(VLOOKUP(C35,Orçamento!$C$23:$P$37,3,0),0) -> 280 | F35: =SUMIF($M$71:$N$371,C35,$P$71:$Q$371) -> 20 | G35: =+F35-E35 -> -260 | J35: =COUNTIF(G25:G40,">0") -> 3 | K35: =COUNTIF(G25:G40,"<0") -> 11
B36: =+'Base de Dados'!B33 -> 0 | C36: =+'Base de Dados'!C33 -> Lazer | E36: =IFERROR(VLOOKUP(C36,Orçamento!$C$23:$P$37,3,0),0) -> 90 | F36: =SUMIF($M$71:$N$371,C36,$P$71:$Q$371) -> 90 | G36: =+F36-E36 -> 0 | J36: =+J35/(SUM($J$35,$K$35)) -> 0.21428571 | K36: =+K35/(SUM($J$35,$K$35)) -> 0.78571429
B37: =+'Base de Dados'!B34 -> 0 | C37: =+'Base de Dados'!C34 -> Animal de Estimação | E37: =IFERROR(VLOOKUP(C37,Orçamento!$C$23:$P$37,3,0),0) -> 150 | F37: =SUMIF($M$71:$N$371,C37,$P$71:$Q$371) -> 300 | G37: =+F37-E37 -> 150 | J37: 1 | K37: =100%-K36 -> 0.21428571
B38: =+'Base de Dados'!B35 -> 0 | C38: =+'Base de Dados'!C35 -> Viagens | E38: =IFERROR(VLOOKUP(C38,Orçamento!$C$23:$P$37,3,0),0) -> 300 | F38: =SUMIF($M$71:$N$371,C38,$P$71:$Q$371) -> 0 | G38: =+F38-E38 -> -300
C39: =+'Base de Dados'!C36 -> Streaming | E39: =IFERROR(VLOOKUP(C39,Orçamento!$C$23:$P$37,3,0),0) -> 95 | F39: =SUMIF($M$71:$N$371,C39,$P$71:$Q$371) -> 0 | G39: =+F39-E39 -> -95
B40: =+'Base de Dados'!B36 -> 0 | C40: =+'Base de Dados'!C37 -> Videogame | E40: =IFERROR(VLOOKUP(C40,Orçamento!$C$23:$P$37,3,0),0) -> 0 | F40: =SUMIF($M$71:$N$371,C40,$P$71:$Q$371) -> 0 | G40: =+F40-E40 -> 0
E41: =SUM(E25:E40) -> 3685
B43: =+'Base de Dados'!G6 -> Dívidas
C45: Categoria | E45: Orçado | F45: Realizado | G45: Dif | J45: Pagamento de Dívidas no mês
B46: =+'Base de Dados'!F8 -> 0 | C46: =+'Base de Dados'!G9 -> Financiamento Carro | E46: =IFERROR(VLOOKUP(C46,Orçamento!$C$44:$P$51,3,0),0) -> 720 | F46: =SUMIF($M$71:$N$371,C46,$P$71:$Q$371) -> 0 | G46: =+F46-E46 -> -720 | J46: Orçado | K46: Realizado
B47: =+'Base de Dados'!F9 -> 0 | C47: =+'Base de Dados'!G10 -> Empréstimo Estudantil | E47: =IFERROR(VLOOKUP(C47,Orçamento!$C$44:$P$51,3,0),0) -> 330 | F47: =SUMIF($M$71:$N$371,C47,$P$71:$Q$371) -> 500 | G47: =+F47-E47 -> 170 | J47: =SUM(E46:E53) -> 3050 | K47: =SUM(F46:F53) -> 1700
B48: =+'Base de Dados'!F10 -> 0 | C48: =+'Base de Dados'!G11 -> Cartão de Crédito | E48: =IFERROR(VLOOKUP(C48,Orçamento!$C$44:$P$51,3,0),0) -> 450 | F48: =SUMIF($M$71:$N$371,C48,$P$71:$Q$371) -> 900 | G48: =+F48-E48 -> 450 | J48: =REPT("|",J49*210) -> |||||||||||||||||||||||||||||||||||||||||||||||||||||||||||||||||||||||||||||||||||||||||||||||||||||||||||||||||||||
B49: =+'Base de Dados'!F11 -> 0 | C49: =+'Base de Dados'!G12 -> Financiamento Apto | E49: =IFERROR(VLOOKUP(C49,Orçamento!$C$44:$P$51,3,0),0) -> 190 | F49: =SUMIF($M$71:$N$371,C49,$P$71:$Q$371) -> 0 | G49: =+F49-E49 -> -190 | J49: =+K47/J47 -> 0.55737705
B50: =+'Base de Dados'!F12 -> 0 | C50: =+'Base de Dados'!G13 -> Consórcio | E50: =IFERROR(VLOOKUP(C50,Orçamento!$C$44:$P$51,3,0),0) -> 290 | F50: =SUMIF($M$71:$N$371,C50,$P$71:$Q$371) -> 300 | G50: =+F50-E50 -> 10 | J50: =+J47-K47 -> 1350
B51: =+'Base de Dados'!F13 -> 0 | C51: =+'Base de Dados'!G14 -> Empréstimo | E51: =IFERROR(VLOOKUP(C51,Orçamento!$C$44:$P$51,3,0),0) -> 370 | F51: =SUMIF($M$71:$N$371,C51,$P$71:$Q$371) -> 0 | G51: =+F51-E51 -> -370
B52: =+'Base de Dados'!F14 -> 0 | C52: =+'Base de Dados'!G15 -> Agiota | E52: =IFERROR(VLOOKUP(C52,Orçamento!$C$44:$P$51,3,0),0) -> 520 | F52: =SUMIF($M$71:$N$371,C52,$P$71:$Q$371) -> 0 | G52: =+F52-E52 -> -520 | J52: =_xlfn.CONCAT(Q6," ","neste mês") -> Abaixo da Meta neste mês
B53: =+'Base de Dados'!F15 -> 0 | C53: =+'Base de Dados'!G16 -> Financiamento Lote | E53: =IFERROR(VLOOKUP(C53,Orçamento!$C$44:$P$51,3,0),0) -> 180 | F53: =SUMIF($M$71:$N$371,C53,$P$71:$Q$371) -> 0 | G53: =+F53-E53 -> -180
E54: =SUM(E46:E53) -> 3050
B56: =+'Base de Dados'!G19 -> Investimentos
C58: Categoria | E58: Meta | F58: Realizado | G58: Dif | J58: Investimentos no Mês
B59: =+'Base de Dados'!F21 -> 0 | C59: =+'Base de Dados'!G22 -> Reserva de Emergência | E59: =IFERROR(VLOOKUP(C59,Orçamento!$C$58:$P$65,3,0),0) -> 350 | F59: =SUMIF($M$71:$N$371,C59,$P$71:$Q$371) -> 0 | G59: =+F59-E59 -> -350 | J59: Meta | K59: Realizado
B60: =+'Base de Dados'!F22 -> 0 | C60: =+'Base de Dados'!G23 -> Previdência | E60: =IFERROR(VLOOKUP(C60,Orçamento!$C$58:$P$65,3,0),0) -> 230 | F60: =SUMIF($M$71:$N$371,C60,$P$71:$Q$371) -> 0 | G60: =+F60-E60 -> -230 | J60: =SUM(E59:E66) -> 2650 | K60: =SUM(F59:F66) -> 640
B61: =+'Base de Dados'!F23 -> 0 | C61: =+'Base de Dados'!G24 -> Ações | E61: =IFERROR(VLOOKUP(C61,Orçamento!$C$58:$P$65,3,0),0) -> 220 | F61: =SUMIF($M$71:$N$371,C61,$P$71:$Q$371) -> 0 | G61: =+F61-E61 -> -220 | J61: =REPT("|",J62*220) -> |||||||||||||||||||||||||||||||||||||||||||||||||||||
B62: =+'Base de Dados'!F24 -> 0 | C62: =+'Base de Dados'!G25 -> Fundos Imobiliários | E62: =IFERROR(VLOOKUP(C62,Orçamento!$C$58:$P$65,3,0),0) -> 390 | F62: =SUMIF($M$71:$N$371,C62,$P$71:$Q$371) -> 0 | G62: =+F62-E62 -> -390 | J62: =+K60/J60 -> 0.24150943
B63: =+'Base de Dados'!F25 -> 0 | C63: =+'Base de Dados'!G26 -> Renda Fixa | E63: =IFERROR(VLOOKUP(C63,Orçamento!$C$58:$P$65,3,0),0) -> 290 | F63: =SUMIF($M$71:$N$371,C63,$P$71:$Q$371) -> 100 | G63: =+F63-E63 -> -190 | J63: =+J60-K60 -> 2010
B64: =+'Base de Dados'!F26 -> 0 | C64: =+'Base de Dados'!G27 -> CDB Bradesco | E64: =IFERROR(VLOOKUP(C64,Orçamento!$C$58:$P$65,3,0),0) -> 250 | F64: =SUMIF($M$71:$N$371,C64,$P$71:$Q$371) -> 440 | G64: =+F64-E64 -> 190
B65: =+'Base de Dados'!F27 -> 0 | C65: =+'Base de Dados'!G28 -> CDB Itaú | E65: =IFERROR(VLOOKUP(C65,Orçamento!$C$58:$P$65,3,0),0) -> 530 | F65: =SUMIF($M$71:$N$371,C65,$P$71:$Q$371) -> 0 | G65: =+F65-E65 -> -530 | J65: =_xlfn.CONCAT(T6," ","neste mês") -> Abaixo da Meta neste mês
B66: =+'Base de Dados'!F28 -> 0 | C66: =+'Base de Dados'!G29 -> Imóveis | E66: =IFERROR(VLOOKUP(C66,Orçamento!$C$58:$P$65,3,0),0) -> 390 | F66: =SUMIF($M$71:$N$371,C66,$P$71:$Q$371) -> 100 | G66: =+F66-E66 -> -290
E67: =SUM(E59:E66) -> 2650 | F67: =SUM(F59:F66) -> 640
C69: Transações
C70: Data | E70: Descrição | J70: Tipo | M70: Categoria | P70: Valor | S70: Notas | AX70: Date | BC70: =+'Base de Dados'!C19 -> Despesas | BD70: =+'Base de Dados'!G6 -> Dívidas | BE70: =+'Base de Dados'!G19 -> Investimentos
C71: 45358 | J71: Receitas | M71: Salário | P71: 5000 | AX71: 45352 | AZ71: =+C71 -> 45358 | BA71: =+J71 -> Receitas | BB71: =+P71 -> 5000 | BC71: =SUMIFS($BB$71:$BB$371,$AZ$71:$AZ$371,$AX71,$BA$71:$BA$371,"Despesas") -> 0 | BD71: =SUMIFS($BB$71:$BB$371,$AZ$71:$AZ$371,$AX71,$BA$71:$BA$371,"Dívidas") -> 0 | BE71: =SUMIFS($BB$71:$BB$371,$AZ$71:$AZ$371,$AX71,$BA$71:$BA$371,"Investimentos") -> 0
C72: 45359 | J72: Receitas | M72: Salário Cônjuge | P72: 3500 | AX72: 45353 | AZ72: =+C72 -> 45359 | BA72: =+J72 -> Receitas | BB72: =+P72 -> 3500 | BC72: =SUMIFS($BB$71:$BB$371,$AZ$71:$AZ$371,$AX72,$BA$71:$BA$371,"Despesas") -> 0 | BD72: =SUMIFS($BB$71:$BB$371,$AZ$71:$AZ$371,$AX72,$BA$71:$BA$371,"Dívidas") -> 0 | BE72: =SUMIFS($BB$71:$BB$371,$AZ$71:$AZ$371,$AX72,$BA$71:$BA$371,"Investimentos") -> 0
C73: 45360 | J73: Despesas | M73: Casa | P73: 200 | AX73: 45354 | AZ73: =+C73 -> 45360 | BA73: =+J73 -> Despesas | BB73: =+P73 -> 200 | BC73: =SUMIFS($BB$71:$BB$371,$AZ$71:$AZ$371,$AX73,$BA$71:$BA$371,"Despesas") -> 0 | BD73: =SUMIFS($BB$71:$BB$371,$AZ$71:$AZ$371,$AX73,$BA$71:$BA$371,"Dívidas") -> 0 | BE73: =SUMIFS($BB$71:$BB$371,$AZ$71:$AZ$371,$AX73,$BA$71:$BA$371,"Investimentos") -> 0
C74: 45361 | J74: Dívidas | M74: Empréstimo Estudantil | P74: 500 | AX74: 45355 | AZ74: =+C74 -> 45361 | BA74: =+J74 -> Dívidas | BB74: =+P74 -> 500 | BC74: =SUMIFS($BB$71:$BB$371,$AZ$71:$AZ$371,$AX74,$BA$71:$BA$371,"Despesas") -> 0 | BD74: =SUMIFS($BB$71:$BB$371,$AZ$71:$AZ$371,$AX74,$BA$71:$BA$371,"Dívidas") -> 0 | BE74: =SUMIFS($BB$71:$BB$371,$AZ$71:$AZ$371,$AX74,$BA$71:$BA$371,"Investimentos") -> 0
C75: 45362 | J75: Investimentos | M75: Previdência | AX75: 45356 | AZ75: =+C75 -> 45362 | BA75: =+J75 -> Investimentos | BB75: =+P75 -> 0 | BC75: =SUMIFS($BB$71:$BB$371,$AZ$71:$AZ$371,$AX75,$BA$71:$BA$371,"Despesas") -> 0 | BD75: =SUMIFS($BB$71:$BB$371,$AZ$71:$AZ$371,$AX75,$BA$71:$BA$371,"Dívidas") -> 0 | BE75: =SUMIFS($BB$71:$BB$371,$AZ$71:$AZ$371,$AX75,$BA$71:$BA$371,"Investimentos") -> 0
C76: 45363 | J76: Receitas | M76: Dividendos | P76: 50 | AX76: 45357 | AZ76: =+C76 -> 45363 | BA76: =+J76 -> Receitas | BB76: =+P76 -> 50 | BC76: =SUMIFS($BB$71:$BB$371,$AZ$71:$AZ$371,$AX76,$BA$71:$BA$371,"Despesas") -> 0 | BD76: =SUMIFS($BB$71:$BB$371,$AZ$71:$AZ$371,$AX76,$BA$71:$BA$371,"Dívidas") -> 0 | BE76: =SUMIFS($BB$71:$BB$371,$AZ$71:$AZ$371,$AX76,$BA$71:$BA$371,"Investimentos") -> 0
C77: 45364 | J77: Despesas | M77: Alimentação | P77: 30 | AX77: 45358 | AZ77: =+C77 -> 45364 | BA77: =+J77 -> Despesas | BB77: =+P77 -> 30 | BC77: =SUMIFS($BB$71:$BB$371,$AZ$71:$AZ$371,$AX77,$BA$71:$BA$371,"Despesas") -> 0 | BD77: =SUMIFS($BB$71:$BB$371,$AZ$71:$AZ$371,$AX77,$BA$71:$BA$371,"Dívidas") -> 0 | BE77: =SUMIFS($BB$71:$BB$371,$AZ$71:$AZ$371,$AX77,$BA$71:$BA$371,"Investimentos") -> 0
C78: 45365 | J78: Investimentos | M78: Renda Fixa | P78: 100 | AX78: 45359 | AZ78: =+C78 -> 45365 | BA78: =+J78 -> Investimentos | BB78: =+P78 -> 100 | BC78: =SUMIFS($BB$71:$BB$371,$AZ$71:$AZ$371,$AX78,$BA$71:$BA$371,"Despesas") -> 0 | BD78: =SUMIFS($BB$71:$BB$371,$AZ$71:$AZ$371,$AX78,$BA$71:$BA$371,"Dívidas") -> 0 | BE78: =SUMIFS($BB$71:$BB$371,$AZ$71:$AZ$371,$AX78,$BA$71:$BA$371,"Investimentos") -> 0
C79: 45366 | J79: Investimentos | M79: Imóveis | P79: 100 | AX79: 45360 | AZ79: =+C79 -> 45366 | BA79: =+J79 -> Investimentos | BB79: =+P79 -> 100 | BC79: =SUMIFS($BB$71:$BB$371,$AZ$71:$AZ$371,$AX79,$BA$71:$BA$371,"Despesas") -> 200 | BD79: =SUMIFS($BB$71:$BB$371,$AZ$71:$AZ$371,$AX79,$BA$71:$BA$371,"Dívidas") -> 0 | BE79: =SUMIFS($BB$71:$BB$371,$AZ$71:$AZ$371,$AX79,$BA$71:$BA$371,"Investimentos") -> 0
C80: 45367 | J80: Receitas | M80: Dividendos | P80: 200 | AX80: 45361 | AZ80: =+C80 -> 45367 | BA80: =+J80 -> Receitas | BB80: =+P80 -> 200 | BC80: =SUMIFS($BB$71:$BB$371,$AZ$71:$AZ$371,$AX80,$BA$71:$BA$371,"Despesas") -> 0 | BD80: =SUMIFS($BB$71:$BB$371,$AZ$71:$AZ$371,$AX80,$BA$71:$BA$371,"Dívidas") -> 500 | BE80: =SUMIFS($BB$71:$BB$371,$AZ$71:$AZ$371,$AX80,$BA$71:$BA$371,"Investimentos") -> 0
C81: 45368 | J81: Despesas | M81: Entretenimento | P81: 500 | AX81: 45362 | AZ81: =+C81 -> 45368 | BA81: =+J81 -> Despesas | BB81: =+P81 -> 500 | BC81: =SUMIFS($BB$71:$BB$371,$AZ$71:$AZ$371,$AX81,$BA$71:$BA$371,"Despesas") -> 0 | BD81: =SUMIFS($BB$71:$BB$371,$AZ$71:$AZ$371,$AX81,$BA$71:$BA$371,"Dívidas") -> 0 | BE81: =SUMIFS($BB$71:$BB$371,$AZ$71:$AZ$371,$AX81,$BA$71:$BA$371,"Investimentos") -> 0
C82: 45369 | J82: Despesas | M82: Roupas | P82: 500 | AX82: 45363 | AZ82: =+C82 -> 45369 | BA82: =+J82 -> Despesas | BB82: =+P82 -> 500 | BC82: =SUMIFS($BB$71:$BB$371,$AZ$71:$AZ$371,$AX82,$BA$71:$BA$371,"Despesas") -> 0 | BD82: =SUMIFS($BB$71:$BB$371,$AZ$71:$AZ$371,$AX82,$BA$71:$BA$371,"Dívidas") -> 0 | BE82: =SUMIFS($BB$71:$BB$371,$AZ$71:$AZ$371,$AX82,$BA$71:$BA$371,"Investimentos") -> 0
C83: 45370 | J83: Despesas | M83: Lazer | P83: 90 | AX83: 45364 | AZ83: =+C83 -> 45370 | BA83: =+J83 -> Despesas | BB83: =+P83 -> 90 | BC83: =SUMIFS($BB$71:$BB$371,$AZ$71:$AZ$371,$AX83,$BA$71:$BA$371,"Despesas") -> 30 | BD83: =SUMIFS($BB$71:$BB$371,$AZ$71:$AZ$371,$AX83,$BA$71:$BA$371,"Dívidas") -> 0 | BE83: =SUMIFS($BB$71:$BB$371,$AZ$71:$AZ$371,$AX83,$BA$71:$BA$371,"Investimentos") -> 0
C84: 45371 | J84: Dívidas | M84: Consórcio | P84: 300 | AX84: 45365 | AZ84: =+C84 -> 45371 | BA84: =+J84 -> Dívidas | BB84: =+P84 -> 300 | BC84: =SUMIFS($BB$71:$BB$371,$AZ$71:$AZ$371,$AX84,$BA$71:$BA$371,"Despesas") -> 0 | BD84: =SUMIFS($BB$71:$BB$371,$AZ$71:$AZ$371,$AX84,$BA$71:$BA$371,"Dívidas") -> 0 | BE84: =SUMIFS($BB$71:$BB$371,$AZ$71:$AZ$371,$AX84,$BA$71:$BA$371,"Investimentos") -> 100
C85: 45372 | J85: Receitas | M85: Juros | P85: 800 | AX85: 45366 | AZ85: =+C85 -> 45372 | BA85: =+J85 -> Receitas | BB85: =+P85 -> 800 | BC85: =SUMIFS($BB$71:$BB$371,$AZ$71:$AZ$371,$AX85,$BA$71:$BA$371,"Despesas") -> 0 | BD85: =SUMIFS($BB$71:$BB$371,$AZ$71:$AZ$371,$AX85,$BA$71:$BA$371,"Dívidas") -> 0 | BE85: =SUMIFS($BB$71:$BB$371,$AZ$71:$AZ$371,$AX85,$BA$71:$BA$371,"Investimentos") -> 100
C86: 45373 | J86: Despesas | M86: Doações | P86: 20 | AX86: 45367 | AZ86: =+C86 -> 45373 | BA86: =+J86 -> Despesas | BB86: =+P86 -> 20 | BC86: =SUMIFS($BB$71:$BB$371,$AZ$71:$AZ$371,$AX86,$BA$71:$BA$371,"Despesas") -> 0 | BD86: =SUMIFS($BB$71:$BB$371,$AZ$71:$AZ$371,$AX86,$BA$71:$BA$371,"Dívidas") -> 0 | BE86: =SUMIFS($BB$71:$BB$371,$AZ$71:$AZ$371,$AX86,$BA$71:$BA$371,"Investimentos") -> 0
C87: 45374 | J87: Receitas | M87: Juros | P87: 600 | AX87: 45368 | AZ87: =+C87 -> 45374 | BA87: =+J87 -> Receitas | BB87: =+P87 -> 600 | BC87: =SUMIFS($BB$71:$BB$371,$AZ$71:$AZ$371,$AX87,$BA$71:$BA$371,"Despesas") -> 500 | BD87: =SUMIFS($BB$71:$BB$371,$AZ$71:$AZ$371,$AX87,$BA$71:$BA$371,"Dívidas") -> 0 | BE87: =SUMIFS($BB$71:$BB$371,$AZ$71:$AZ$371,$AX87,$BA$71:$BA$371,"Investimentos") -> 0
... C96: 45383 | J96: Receitas | M96: Renda Extra | P96: 2000 | AX96: 45377 | AZ96: =+C96 -> 45383 | BA96: =+J96 -> Receitas | BB96: =+P96 -> 2000 | BC96: =SUMIFS($BB$71:$BB$371,$AZ$71:$AZ$371,$AX96,$BA$71:$BA$371,"Despesas") -> 300 | BD96: =SUMIFS($BB$71:$BB$371,$AZ$71:$AZ$371,$AX96,$BA$71:$BA$371,"Dívidas") -> 0 | BE96: =SUMIFS($BB$71:$BB$371,$AZ$71:$AZ$371,$AX96,$BA$71:$BA$371,"Investimentos") -> 0
P97: 0 | AX97: 45378 | AZ97: =+C97 -> 0 | BA97: =+J97 -> 0 | BB97: =+P97 -> 0 | BC97: =SUMIFS($BB$71:$BB$371,$AZ$71:$AZ$371,$AX97,$BA$71:$BA$371,"Despesas") -> 95 | BD97: =SUMIFS($BB$71:$BB$371,$AZ$71:$AZ$371,$AX97,$BA$71:$BA$371,"Dívidas") -> 0 | BE97: =SUMIFS($BB$71:$BB$371,$AZ$71:$AZ$371,$AX97,$BA$71:$BA$371,"Investimentos") -> 0
P98: 0 | AX98: 45379 | AZ98: =+C98 -> 0 | BA98: =+J98 -> 0 | BB98: =+P98 -> 0 | BC98: =SUMIFS($BB$71:$BB$371,$AZ$71:$AZ$371,$AX98,$BA$71:$BA$371,"Despesas") -> 0 | BD98: =SUMIFS($BB$71:$BB$371,$AZ$71:$AZ$371,$AX98,$BA$71:$BA$371,"Dívidas") -> 600 | BE98: =SUMIFS($BB$71:$BB$371,$AZ$71:$AZ$371,$AX98,$BA$71:$BA$371,"Investimentos") -> 0
P99: 0 | AX99: 45380 | AZ99: =+C99 -> 0 | BA99: =+J99 -> 0 | BB99: =+P99 -> 0 | BC99: =SUMIFS($BB$71:$BB$371,$AZ$71:$AZ$371,$AX99,$BA$71:$BA$371,"Despesas") -> 0 | BD99: =SUMIFS($BB$71:$BB$371,$AZ$71:$AZ$371,$AX99,$BA$71:$BA$371,"Dívidas") -> 0 | BE99: =SUMIFS($BB$71:$BB$371,$AZ$71:$AZ$371,$AX99,$BA$71:$BA$371,"Investimentos") -> 240
P100: 0 | AX100: 45381 | AZ100: =+C100 -> 0 | BA100: =+J100 -> 0 | BB100: =+P100 -> 0 | BC100: =SUMIFS($BB$71:$BB$371,$AZ$71:$AZ$371,$AX100,$BA$71:$BA$371,"Despesas") -> 685 | BD100: =SUMIFS($BB$71:$BB$371,$AZ$71:$AZ$371,$AX100,$BA$71:$BA$371,"Dívidas") -> 0 | BE100: =SUMIFS($BB$71:$BB$371,$AZ$71:$AZ$371,$AX100,$BA$71:$BA$371,"Investimentos") -> 0
P101: 0 | AX101: 45382 | AZ101: =+C101 -> 0 | BA101: =+J101 -> 0 | BB101: =+P101 -> 0 | BC101: =SUMIFS($BB$71:$BB$371,$AZ$71:$AZ$371,$AX101,$BA$71:$BA$371,"Despesas") -> 48 | BD101: =SUMIFS($BB$71:$BB$371,$AZ$71:$AZ$371,$AX101,$BA$71:$BA$371,"Dívidas") -> 0 | BE101: =SUMIFS($BB$71:$BB$371,$AZ$71:$AZ$371,$AX101,$BA$71:$BA$371,"Investimentos") -> 0
P102: 0 | AZ102: =+C102 -> 0 | BA102: =+J102 -> 0 | BB102: =+P102 -> 0 | BC102: =SUMIFS($BB$71:$BB$371,$AZ$71:$AZ$371,$AX102,$BA$71:$BA$371,"Despesas") -> 0 | BD102: =SUMIFS($BB$71:$BB$371,$AZ$71:$AZ$371,$AX102,$BA$71:$BA$371,"Dívidas") -> 0 | BE102: =SUMIFS($BB$71:$BB$371,$AZ$71:$AZ$371,$AX102,$BA$71:$BA$371,"Investimentos") -> 0
P103: 0 | AZ103: =+C103 -> 0 | BA103: =+J103 -> 0 | BB103: =+P103 -> 0 | BC103: =SUMIFS($BB$71:$BB$371,$AZ$71:$AZ$371,$AX103,$BA$71:$BA$371,"Despesas") -> 0 | BD103: =SUMIFS($BB$71:$BB$371,$AZ$71:$AZ$371,$AX103,$BA$71:$BA$371,"Dívidas") -> 0 | BE103: =SUMIFS($BB$71:$BB$371,$AZ$71:$AZ$371,$AX103,$BA$71:$BA$371,"Investimentos") -> 0
P104: 0 | AZ104: =+C104 -> 0 | BA104: =+J104 -> 0 | BB104: =+P104 -> 0 | BC104: =SUMIFS($BB$71:$BB$371,$AZ$71:$AZ$371,$AX104,$BA$71:$BA$371,"Despesas") -> 0 | BD104: =SUMIFS($BB$71:$BB$371,$AZ$71:$AZ$371,$AX104,$BA$71:$BA$371,"Dívidas") -> 0 | BE104: =SUMIFS($BB$71:$BB$371,$AZ$71:$AZ$371,$AX104,$BA$71:$BA$371,"Investimentos") -> 0
P105: 0 | AZ105: =+C105 -> 0 | BA105: =+J105 -> 0 | BB105: =+P105 -> 0 | BC105: =SUMIFS($BB$71:$BB$371,$AZ$71:$AZ$371,$AX105,$BA$71:$BA$371,"Despesas") -> 0 | BD105: =SUMIFS($BB$71:$BB$371,$AZ$71:$AZ$371,$AX105,$BA$71:$BA$371,"Dívidas") -> 0 | BE105: =SUMIFS($BB$71:$BB$371,$AZ$71:$AZ$371,$AX105,$BA$71:$BA$371,"Investimentos") -> 0
P106: 0 | AZ106: =+C106 -> 0 | BA106: =+J106 -> 0 | BB106: =+P106 -> 0 | BC106: =SUMIFS($BB$71:$BB$371,$AZ$71:$AZ$371,$AX106,$BA$71:$BA$371,"Despesas") -> 0 | BD106: =SUMIFS($BB$71:$BB$371,$AZ$71:$AZ$371,$AX106,$BA$71:$BA$371,"Dívidas") -> 0 | BE106: =SUMIFS($BB$71:$BB$371,$AZ$71:$AZ$371,$AX106,$BA$71:$BA$371,"Investimentos") -> 0
P107: 0 | AZ107: =+C107 -> 0 | BA107: =+J107 -> 0 | BB107: =+P107 -> 0 | BC107: =SUMIFS($BB$71:$BB$371,$AZ$71:$AZ$371,$AX107,$BA$71:$BA$371,"Despesas") -> 0 | BD107: =SUMIFS($BB$71:$BB$371,$AZ$71:$AZ$371,$AX107,$BA$71:$BA$371,"Dívidas") -> 0 | BE107: =SUMIFS($BB$71:$BB$371,$AZ$71:$AZ$371,$AX107,$BA$71:$BA$371,"Investimentos") -> 0
P108: 0 | AZ108: =+C108 -> 0 | BA108: =+J108 -> 0 | BB108: =+P108 -> 0 | BC108: =SUMIFS($BB$71:$BB$371,$AZ$71:$AZ$371,$AX108,$BA$71:$BA$371,"Despesas") -> 0 | BD108: =SUMIFS($BB$71:$BB$371,$AZ$71:$AZ$371,$AX108,$BA$71:$BA$371,"Dívidas") -> 0 | BE108: =SUMIFS($BB$71:$BB$371,$AZ$71:$AZ$371,$AX108,$BA$71:$BA$371,"Investimentos") -> 0
P109: 0 | AZ109: =+C109 -> 0 | BA109: =+J109 -> 0 | BB109: =+P109 -> 0 | BC109: =SUMIFS($BB$71:$BB$371,$AZ$71:$AZ$371,$AX109,$BA$71:$BA$371,"Despesas") -> 0 | BD109: =SUMIFS($BB$71:$BB$371,$AZ$71:$AZ$371,$AX109,$BA$71:$BA$371,"Dívidas") -> 0 | BE109: =SUMIFS($BB$71:$BB$371,$AZ$71:$AZ$371,$AX109,$BA$71:$BA$371,"Investimentos") -> 0
P110: 0 | AZ110: =+C110 -> 0 | BA110: =+J110 -> 0 | BB110: =+P110 -> 0 | BC110: =SUMIFS($BB$71:$BB$371,$AZ$71:$AZ$371,$AX110,$BA$71:$BA$371,"Despesas") -> 0 | BD110: =SUMIFS($BB$71:$BB$371,$AZ$71:$AZ$371,$AX110,$BA$71:$BA$371,"Dívidas") -> 0 | BE110: =SUMIFS($BB$71:$BB$371,$AZ$71:$AZ$371,$AX110,$BA$71:$BA$371,"Investimentos") -> 0
P111: 0 | AZ111: =+C111 -> 0 | BA111: =+J111 -> 0 | BB111: =+P111 -> 0 | BC111: =SUMIFS($BB$71:$BB$371,$AZ$71:$AZ$371,$AX111,$BA$71:$BA$371,"Despesas") -> 0 | BD111: =SUMIFS($BB$71:$BB$371,$AZ$71:$AZ$371,$AX111,$BA$71:$BA$371,"Dívidas") -> 0 | BE111: =SUMIFS($BB$71:$BB$371,$AZ$71:$AZ$371,$AX111,$BA$71:$BA$371,"Investimentos") -> 0
P112: 0 | AZ112: =+C112 -> 0 | BA112: =+J112 -> 0 | BB112: =+P112 -> 0 | BC112: =SUMIFS($BB$71:$BB$371,$AZ$71:$AZ$371,$AX112,$BA$71:$BA$371,"Despesas") -> 0 | BD112: =SUMIFS($BB$71:$BB$371,$AZ$71:$AZ$371,$AX112,$BA$71:$BA$371,"Dívidas") -> 0 | BE112: =SUMIFS($BB$71:$BB$371,$AZ$71:$AZ$371,$AX112,$BA$71:$BA$371,"Investimentos") -> 0
P113: 0 | AZ113: =+C113 -> 0 | BA113: =+J113 -> 0 | BB113: =+P113 -> 0 | BC113: =SUMIFS($BB$71:$BB$371,$AZ$71:$AZ$371,$AX113,$BA$71:$BA$371,"Despesas") -> 0 | BD113: =SUMIFS($BB$71:$BB$371,$AZ$71:$AZ$371,$AX113,$BA$71:$BA$371,"Dívidas") -> 0 | BE113: =SUMIFS($BB$71:$BB$371,$AZ$71:$AZ$371,$AX113,$BA$71:$BA$371,"Investimentos") -> 0
... P371: 0 | AZ371: =+C371 -> 0 | BA371: =+J371 -> 0 | BB371: =+P371 -> 0 | BC371: =SUMIFS($BB$71:$BB$371,$AZ$71:$AZ$371,$AX371,$BA$71:$BA$371,"Despesas") -> 0 | BD371: =SUMIFS($BB$71:$BB$371,$AZ$71:$AZ$371,$AX371,$BA$71:$BA$371,"Dívidas") -> 0 | BE371: =SUMIFS($BB$71:$BB$371,$AZ$71:$AZ$371,$AX371,$BA$71:$BA$371,"Investimentos") -> 0

Sheet Abr
C2: Abril
J3: =SUM(F12:F19) -> 12150 | M3: =SUM(F25:F40) -> 4678 | P3: =SUM(F46:F53) -> 1700 | S3: =SUM(F59:F66) -> 1100 | V3: =+J3-M3-P3-S3 -> 4672 | W3: =+K1-N1-Q1-T1 -> 0
J4: Receita Total | M4: Despesa Total | P4: Pagamento de Dívidas Total | S4: Invetimentos Totais | V4: Não Alocado
J5: =REPT("|",J6*220) -> ||||||||||||||||||||||||||||||||||||||||||||||||||||||||||||||||||||||||||||||||||||||||||||||||||||||||||||||||||||||||||||||||||||||||||||||||||||||||||||||||||||||||||||||||||||||||||||||||||||||||||||||||||||||||||||||||||||||||||||||||||||||||||||||||||||||||||||||||||||| | M5: =REPT("|",M6*95) -> |||||||||||||||||||||||||||||||||||||||||||||||||||||||||||||||||||||||||||||||||||||||||||||||||||||||||||||||||||||||| | P5: =REPT("|",P6*95) -> |||||||||||||||||||||||||||||||||||||||||||||||||||| | S5: =REPT("|",S6*95) -> ||||||||||||||||||| | V5: =REPT("|",V6*95) -> ||||||||||||||||||||||||||||||||||||
C6: Dashboard Mensal | J6: =J3/SUM(E12:E19) -> 1.2616822 | K6: {=_xlfn.IFS(J3>SUM(E12:E19),'Base de Dados'!BE12,Abr!J3<SUM(Abr!E12:E19),'Base de Dados'!BE11,Abr!J3=SUM(Abr!E12:E19),'Base de Dados'!BE13)} -> Acima da Meta | M6: =+M3/SUM(E25:E40) -> 1.2694708 | N6: {=_xlfn.IFS(M3>E41,"Acima do orçamento",Abr!M3<E41,"Abaixo do Orçado",Abr!M3=E41,'Base de Dados'!BE13)} -> Acima do orçamento | P6: =P3/SUM(E46:E53) -> 0.55737705 | Q6: {=_xlfn.IFS(P3<E54,'Base de Dados'!$BE$11,Abr!P3>E54,'Base de Dados'!$BE$12,Abr!P3=E54,'Base de Dados'!$BE$13)} -> Abaixo da Meta | S6: =+S3/SUM(E59:E67) -> 0.20754717 | T6: {=_xlfn.IFS(S3<E67,'Base de Dados'!$BE$11,Abr!S3>E67,'Base de Dados'!$BE$12,Abr!S3=E67,'Base de Dados'!$BE$13)} -> Abaixo da Meta | V6: =+V3/J3 -> 0.38452675 | W6: da Receita Total
B9: =+'Base de Dados'!C6 -> Receitas
C11: Categoria | E11: Meta | F11: Realizado | G11: Dif
C12: =+'Base de Dados'!C9 -> Salário | E12: =IFERROR(VLOOKUP(C12,Orçamento!$C$9:$P$37,3,0),0) -> 4500 | F12: =SUMIF($M$71:$N$371,C12,$P$71:$Q$371) -> 5000 | G12: =+F12-E12 -> 500 | J12: ="Receita em "&C2 -> Receita em Abril | V12: Receita com Salário
C13: =+'Base de Dados'!C10 -> Salário Cônjuge | E13: =IFERROR(VLOOKUP(C13,Orçamento!$C$9:$P$37,3,0),0) -> 4350 | F13: =SUMIF($M$71:$N$371,C13,$P$71:$Q$371) -> 3500 | G13: =+F13-E13 -> -850 | J13: Meta | K13: Realizado | V13: =SUMIFS(F12:F19,C12:C19, "Salário*") -> 8500
C14: =+'Base de Dados'!C11 -> Dividendos | E14: =IFERROR(VLOOKUP(C14,Orçamento!$C$9:$P$37,3,0),0) -> 100 | F14: =SUMIF($M$71:$N$371,C14,$P$71:$Q$371) -> 250 | G14: =+F14-E14 -> 150 | J14: =+E20 -> 9630 | K14: =SUM(F12:F19) -> 12150 | V14: =REPT("|",V15*180) -> |||||||||||||||||||||||||||||||||||||||||||||||||||||||||||||||||||||||||||||||||||||||||||||||||||||||||||||||||||||||||||||
C15: =+'Base de Dados'!C12 -> Reembolsos | E15: =IFERROR(VLOOKUP(C15,Orçamento!$C$9:$P$37,3,0),0) -> 250 | F15: =SUMIF($M$71:$N$371,C15,$P$71:$Q$371) -> 0 | G15: =+F15-E15 -> -250 | J15: =REPT("|",J16*220) -> ||||||||||||||||||||||||||||||||||||||||||||||||||||||||||||||||||||||||||||||||||||||||||||||||||||||||||||||||||||||||||||||||||||||||||||||||||||||||||||||||||||||||||||||||||||||||||||||||||||||||||||||||||||||||||||||||||||||||||||||||||||||||||||||||||||||||||||||||||||| | V15: =+V13/SUM(F12:F19) -> 0.69958848
C16: =+'Base de Dados'!C13 -> Presentes Receitas | E16: =IFERROR(VLOOKUP(C16,Orçamento!$C$9:$P$37,3,0),0) -> 100 | F16: =SUMIF($M$71:$N$371,C16,$P$71:$Q$371) -> 0 | G16: =+F16-E16 -> -100 | J16: =+K14/J14 -> 1.2616822 | V16: Outras Receitas
C17: =+'Base de Dados'!C14 -> Aluguéis | E17: =IFERROR(VLOOKUP(C17,Orçamento!$C$9:$P$37,3,0),0) -> 30 | F17: =SUMIF($M$71:$N$371,C17,$P$71:$Q$371) -> 0 | G17: =+F17-E17 -> -30 | J17: =+K14-J14 -> 2520 | V17: =SUM(F12:F19)-V13 -> 3650
C18: =+'Base de Dados'!C15 -> Juros | E18: =IFERROR(VLOOKUP(C18,Orçamento!$C$9:$P$37,3,0),0) -> 300 | F18: =SUMIF($M$71:$N$371,C18,$P$71:$Q$371) -> 1400 | G18: =+F18-E18 -> 1100 | V18: =REPT("|",V19*180) -> ||||||||||||||||||||||||||||||||||||||||||||||||||||||
C19: =+'Base de Dados'!C16 -> Renda Extra | E19: =IFERROR(VLOOKUP(C19,Orçamento!$C$9:$P$37,3,0),0) -> 0 | F19: =SUMIF($M$71:$N$371,C19,$P$71:$Q$371) -> 2000 | G19: =+F19-E19 -> 2000 | J19: =_xlfn.CONCAT(K6," ","neste mês") -> Acima da Meta neste mês | V19: =+V17/SUM(F12:F19) -> 0.30041152
E20: =SUM(E12:E19) -> 9630
B22: =+'Base de Dados'!C19 -> Despesas
C24: Categoria | E24: Orçado | F24: Realizado | G24: Dif | J24: Despesas no mês | M24: Gastos por Dia | S24: % da Recita alocada para Despesas
B25: =+'Base de Dados'!B22 -> 0 | C25: =+'Base de Dados'!C22 -> Casa | E25: =IFERROR(VLOOKUP(C25,Orçamento!$C$23:$P$37,3,0),0) -> 750 | F25: =SUMIF($M$71:$N$371,C25,$P$71:$Q$371) -> 200 | G25: =+F25-E25 -> -550 | J25: Orçado | K25: Realizado | S25: =REPT("|",S26*200) -> |||||||||||||||||||||||||||||||||||||||||||||||||||||||||||||||||||||||||||||
B26: =+'Base de Dados'!B23 -> 0 | C26: =+'Base de Dados'!C23 -> Transporte | E26: =IFERROR(VLOOKUP(C26,Orçamento!$C$23:$P$37,3,0),0) -> 340 | F26: =SUMIF($M$71:$N$371,C26,$P$71:$Q$371) -> 0 | G26: =+F26-E26 -> -340 | J26: =SUM(E25:E40) -> 3685 | K26: =SUM(F25:F40) -> 4678 | S26: =+$K$26/$J$3 -> 0.38502058
B27: =+'Base de Dados'!B24 -> 0 | C27: =+'Base de Dados'!C24 -> Alimentação | E27: =IFERROR(VLOOKUP(C27,Orçamento!$C$23:$P$37,3,0),0) -> 220 | F27: =SUMIF($M$71:$N$371,C27,$P$71:$Q$371) -> 715 | G27: =+F27-E27 -> 495 | J27: =REPT("|",J28*220) -> |||||||||||||||||||||||||||||||||||||||||||||||||||||||||||||||||||||||||||||||||||||||||||||||||||||||||||||||||||||||||||||||||||||||||||||||||||||||||||||||||||||||||||||||||||||||||||||||||||||||||||||||||||||||||||||||||||||||||||||||||||||||||||||||||||||||||||||||||||||||
B28: =+'Base de Dados'!B25 -> 0 | C28: =+'Base de Dados'!C25 -> Utilidades | E28: =IFERROR(VLOOKUP(C28,Orçamento!$C$23:$P$37,3,0),0) -> 140 | F28: =SUMIF($M$71:$N$371,C28,$P$71:$Q$371) -> 0 | G28: =+F28-E28 -> -140 | J28: =+K26/J26 -> 1.2694708
B29: =+'Base de Dados'!B26 -> 0 | C29: =+'Base de Dados'!C26 -> Seguro | E29: =IFERROR(VLOOKUP(C29,Orçamento!$C$23:$P$37,3,0),0) -> 280 | F29: =SUMIF($M$71:$N$371,C29,$P$71:$Q$371) -> 0 | G29: =+F29-E29 -> -280 | J29: =+J26-K26 -> -993
B30: =+'Base de Dados'!B27 -> 0 | C30: =+'Base de Dados'!C27 -> Educação | E30: =IFERROR(VLOOKUP(C30,Orçamento!$C$23:$P$37,3,0),0) -> 190 | F30: =SUMIF($M$71:$N$371,C30,$P$71:$Q$371) -> 95 | G30: =+F30-E30 -> -95
B31: =+'Base de Dados'!B28 -> 0 | C31: =+'Base de Dados'!C28 -> Entretenimento | E31: =IFERROR(VLOOKUP(C31,Orçamento!$C$23:$P$37,3,0),0) -> 520 | F31: =SUMIF($M$71:$N$371,C31,$P$71:$Q$371) -> 200 | G31: =+F31-E31 -> -320 | J31: =_xlfn.CONCAT(N6," ","este mês") -> Acima do orçamento este mês
B32: =+'Base de Dados'!B29 -> 0 | C32: =+'Base de Dados'!C29 -> Roupas | E32: =IFERROR(VLOOKUP(C32,Orçamento!$C$23:$P$37,3,0),0) -> 80 | F32: =SUMIF($M$71:$N$371,C32,$P$71:$Q$371) -> 500 | G32: =+F32-E32 -> 420
B33: =+'Base de Dados'!B30 -> 0 | C33: =+'Base de Dados'!C30 -> Cuidados Pessoais | E33: =IFERROR(VLOOKUP(C33,Orçamento!$C$23:$P$37,3,0),0) -> 180 | F33: =SUMIF($M$71:$N$371,C33,$P$71:$Q$371) -> 0 | G33: =+F33-E33 -> -180
B34: =+'Base de Dados'!B31 -> 0 | C34: =+'Base de Dados'!C31 -> Presentes | E34: =IFERROR(VLOOKUP(C34,Orçamento!$C$23:$P$37,3,0),0) -> 70 | F34: =SUMIF($M$71:$N$371,C34,$P$71:$Q$371) -> 48 | G34: =+F34-E34 -> -22 | J34: Categorias Abaixo | K34: Categorias Acima
B35: =+'Base de Dados'!B32 -> 0 | C35: =+'Base de Dados'!C32 -> Doações | E35: =IFERROR(VLOOKUP(C35,Orçamento!$C$23:$P$37,3,0),0) -> 280 | F35: =SUMIF($M$71:$N$371,C35,$P$71:$Q$371) -> 20 | G35: =+F35-E35 -> -260 | J35: =COUNTIF(G25:G40,">0") -> 4 | K35: =COUNTIF(G25:G40,"<0") -> 11
B36: =+'Base de Dados'!B33 -> 0 | C36: =+'Base de Dados'!C33 -> Lazer | E36: =IFERROR(VLOOKUP(C36,Orçamento!$C$23:$P$37,3,0),0) -> 90 | F36: =SUMIF($M$71:$N$371,C36,$P$71:$Q$371) -> 900 | G36: =+F36-E36 -> 810 | J36: =+J35/(SUM($J$35,$K$35)) -> 0.26666667 | K36: =+K35/(SUM($J$35,$K$35)) -> 0.73333333
B37: =+'Base de Dados'!B34 -> 0 | C37: =+'Base de Dados'!C34 -> Animal de Estimação | E37: =IFERROR(VLOOKUP(C37,Orçamento!$C$23:$P$37,3,0),0) -> 150 | F37: =SUMIF($M$71:$N$371,C37,$P$71:$Q$371) -> 2000 | G37: =+F37-E37 -> 1850 | J37: 1 | K37: =100%-K36 -> 0.26666667
B38: =+'Base de Dados'!B35 -> 0 | C38: =+'Base de Dados'!C35 -> Viagens | E38: =IFERROR(VLOOKUP(C38,Orçamento!$C$23:$P$37,3,0),0) -> 300 | F38: =SUMIF($M$71:$N$371,C38,$P$71:$Q$371) -> 0 | G38: =+F38-E38 -> -300
C39: =+'Base de Dados'!C36 -> Streaming | E39: =IFERROR(VLOOKUP(C39,Orçamento!$C$23:$P$37,3,0),0) -> 95 | F39: =SUMIF($M$71:$N$371,C39,$P$71:$Q$371) -> 0 | G39: =+F39-E39 -> -95
B40: =+'Base de Dados'!B36 -> 0 | C40: =+'Base de Dados'!C37 -> Videogame | E40: =IFERROR(VLOOKUP(C40,Orçamento!$C$23:$P$37,3,0),0) -> 0 | F40: =SUMIF($M$71:$N$371,C40,$P$71:$Q$371) -> 0 | G40: =+F40-E40 -> 0
E41: =SUM(E25:E40) -> 3685
B43: =+'Base de Dados'!G6 -> Dívidas
C45: Categoria | E45: Orçado | F45: Realizado | G45: Dif | J45: Pagamento de Dívidas no mês
B46: =+'Base de Dados'!F8 -> 0 | C46: =+'Base de Dados'!G9 -> Financiamento Carro | E46: =IFERROR(VLOOKUP(C46,Orçamento!$C$44:$P$51,3,0),0) -> 720 | F46: =SUMIF($M$71:$N$371,C46,$P$71:$Q$371) -> 0 | G46: =+F46-E46 -> -720 | J46: Orçado | K46: Realizado
B47: =+'Base de Dados'!F9 -> 0 | C47: =+'Base de Dados'!G10 -> Empréstimo Estudantil | E47: =IFERROR(VLOOKUP(C47,Orçamento!$C$44:$P$51,3,0),0) -> 330 | F47: =SUMIF($M$71:$N$371,C47,$P$71:$Q$371) -> 500 | G47: =+F47-E47 -> 170 | J47: =SUM(E46:E53) -> 3050 | K47: =SUM(F46:F53) -> 1700
B48: =+'Base de Dados'!F10 -> 0 | C48: =+'Base de Dados'!G11 -> Cartão de Crédito | E48: =IFERROR(VLOOKUP(C48,Orçamento!$C$44:$P$51,3,0),0) -> 450 | F48: =SUMIF($M$71:$N$371,C48,$P$71:$Q$371) -> 900 | G48: =+F48-E48 -> 450 | J48: =REPT("|",J49*210) -> |||||||||||||||||||||||||||||||||||||||||||||||||||||||||||||||||||||||||||||||||||||||||||||||||||||||||||||||||||||
B49: =+'Base de Dados'!F11 -> 0 | C49: =+'Base de Dados'!G12 -> Financiamento Apto | E49: =IFERROR(VLOOKUP(C49,Orçamento!$C$44:$P$51,3,0),0) -> 190 | F49: =SUMIF($M$71:$N$371,C49,$P$71:$Q$371) -> 0 | G49: =+F49-E49 -> -190 | J49: =+K47/J47 -> 0.55737705
B50: =+'Base de Dados'!F12 -> 0 | C50: =+'Base de Dados'!G13 -> Consórcio | E50: =IFERROR(VLOOKUP(C50,Orçamento!$C$44:$P$51,3,0),0) -> 290 | F50: =SUMIF($M$71:$N$371,C50,$P$71:$Q$371) -> 300 | G50: =+F50-E50 -> 10 | J50: =+J47-K47 -> 1350
B51: =+'Base de Dados'!F13 -> 0 | C51: =+'Base de Dados'!G14 -> Empréstimo | E51: =IFERROR(VLOOKUP(C51,Orçamento!$C$44:$P$51,3,0),0) -> 370 | F51: =SUMIF($M$71:$N$371,C51,$P$71:$Q$371) -> 0 | G51: =+F51-E51 -> -370
B52: =+'Base de Dados'!F14 -> 0 | C52: =+'Base de Dados'!G15 -> Agiota | E52: =IFERROR(VLOOKUP(C52,Orçamento!$C$44:$P$51,3,0),0) -> 520 | F52: =SUMIF($M$71:$N$371,C52,$P$71:$Q$371) -> 0 | G52: =+F52-E52 -> -520 | J52: =_xlfn.CONCAT(Q6," ","neste mês") -> Abaixo da Meta neste mês
B53: =+'Base de Dados'!F15 -> 0 | C53: =+'Base de Dados'!G16 -> Financiamento Lote | E53: =IFERROR(VLOOKUP(C53,Orçamento!$C$44:$P$51,3,0),0) -> 180 | F53: =SUMIF($M$71:$N$371,C53,$P$71:$Q$371) -> 0 | G53: =+F53-E53 -> -180
E54: =SUM(E46:E53) -> 3050
B56: =+'Base de Dados'!G19 -> Investimentos
C58: Categoria | E58: Meta | F58: Realizado | G58: Dif | J58: Investimentos no Mês
B59: =+'Base de Dados'!F21 -> 0 | C59: =+'Base de Dados'!G22 -> Reserva de Emergência | E59: =IFERROR(VLOOKUP(C59,Orçamento!$C$58:$P$65,3,0),0) -> 350 | F59: =SUMIF($M$71:$N$371,C59,$P$71:$Q$371) -> 0 | G59: =+F59-E59 -> -350 | J59: Meta | K59: Realizado
B60: =+'Base de Dados'!F22 -> 0 | C60: =+'Base de Dados'!G23 -> Previdência | E60: =IFERROR(VLOOKUP(C60,Orçamento!$C$58:$P$65,3,0),0) -> 230 | F60: =SUMIF($M$71:$N$371,C60,$P$71:$Q$371) -> 0 | G60: =+F60-E60 -> -230 | J60: =SUM(E59:E66) -> 2650 | K60: =SUM(F59:F66) -> 1100
B61: =+'Base de Dados'!F23 -> 0 | C61: =+'Base de Dados'!G24 -> Ações | E61: =IFERROR(VLOOKUP(C61,Orçamento!$C$58:$P$65,3,0),0) -> 220 | F61: =SUMIF($M$71:$N$371,C61,$P$71:$Q$371) -> 0 | G61: =+F61-E61 -> -220 | J61: =REPT("|",J62*220) -> |||||||||||||||||||||||||||||||||||||||||||||||||||||||||||||||||||||||||||||||||||||||||||
B62: =+'Base de Dados'!F24 -> 0 | C62: =+'Base de Dados'!G25 -> Fundos Imobiliários | E62: =IFERROR(VLOOKUP(C62,Orçamento!$C$58:$P$65,3,0),0) -> 390 | F62: =SUMIF($M$71:$N$371,C62,$P$71:$Q$371) -> 0 | G62: =+F62-E62 -> -390 | J62: =+K60/J60 -> 0.41509434
B63: =+'Base de Dados'!F25 -> 0 | C63: =+'Base de Dados'!G26 -> Renda Fixa | E63: =IFERROR(VLOOKUP(C63,Orçamento!$C$58:$P$65,3,0),0) -> 290 | F63: =SUMIF($M$71:$N$371,C63,$P$71:$Q$371) -> 100 | G63: =+F63-E63 -> -190 | J63: =+J60-K60 -> 1550
B64: =+'Base de Dados'!F26 -> 0 | C64: =+'Base de Dados'!G27 -> CDB Bradesco | E64: =IFERROR(VLOOKUP(C64,Orçamento!$C$58:$P$65,3,0),0) -> 250 | F64: =SUMIF($M$71:$N$371,C64,$P$71:$Q$371) -> 900 | G64: =+F64-E64 -> 650
B65: =+'Base de Dados'!F27 -> 0 | C65: =+'Base de Dados'!G28 -> CDB Itaú | E65: =IFERROR(VLOOKUP(C65,Orçamento!$C$58:$P$65,3,0),0) -> 530 | F65: =SUMIF($M$71:$N$371,C65,$P$71:$Q$371) -> 0 | G65: =+F65-E65 -> -530 | J65: =_xlfn.CONCAT(T6," ","neste mês") -> Abaixo da Meta neste mês
B66: =+'Base de Dados'!F28 -> 0 | C66: =+'Base de Dados'!G29 -> Imóveis | E66: =IFERROR(VLOOKUP(C66,Orçamento!$C$58:$P$65,3,0),0) -> 390 | F66: =SUMIF($M$71:$N$371,C66,$P$71:$Q$371) -> 100 | G66: =+F66-E66 -> -290
E67: =SUM(E59:E66) -> 2650 | F67: =SUM(F59:F66) -> 1100
C69: Transações
C70: Data | E70: Descrição | J70: Tipo | M70: Categoria | P70: Valor | S70: Notas | AX70: Date | BC70: =+'Base de Dados'!C19 -> Despesas | BD70: =+'Base de Dados'!G6 -> Dívidas | BE70: =+'Base de Dados'!G19 -> Investimentos
C71: 45389 | J71: Receitas | M71: Salário | P71: 5000 | AX71: 45383 | AZ71: =+C71 -> 45389 | BA71: =+J71 -> Receitas | BB71: =+P71 -> 5000 | BC71: =SUMIFS($BB$71:$BB$371,$AZ$71:$AZ$371,$AX71,$BA$71:$BA$371,"Despesas") -> 0 | BD71: =SUMIFS($BB$71:$BB$371,$AZ$71:$AZ$371,$AX71,$BA$71:$BA$371,"Dívidas") -> 0 | BE71: =SUMIFS($BB$71:$BB$371,$AZ$71:$AZ$371,$AX71,$BA$71:$BA$371,"Investimentos") -> 0
C72: 45390 | J72: Receitas | M72: Salário Cônjuge | P72: 3500 | AX72: 45384 | AZ72: =+C72 -> 45390 | BA72: =+J72 -> Receitas | BB72: =+P72 -> 3500 | BC72: =SUMIFS($BB$71:$BB$371,$AZ$71:$AZ$371,$AX72,$BA$71:$BA$371,"Despesas") -> 0 | BD72: =SUMIFS($BB$71:$BB$371,$AZ$71:$AZ$371,$AX72,$BA$71:$BA$371,"Dívidas") -> 0 | BE72: =SUMIFS($BB$71:$BB$371,$AZ$71:$AZ$371,$AX72,$BA$71:$BA$371,"Investimentos") -> 0
C73: 45391 | J73: Despesas | M73: Casa | P73: 200 | AX73: 45385 | AZ73: =+C73 -> 45391 | BA73: =+J73 -> Despesas | BB73: =+P73 -> 200 | BC73: =SUMIFS($BB$71:$BB$371,$AZ$71:$AZ$371,$AX73,$BA$71:$BA$371,"Despesas") -> 0 | BD73: =SUMIFS($BB$71:$BB$371,$AZ$71:$AZ$371,$AX73,$BA$71:$BA$371,"Dívidas") -> 0 | BE73: =SUMIFS($BB$71:$BB$371,$AZ$71:$AZ$371,$AX73,$BA$71:$BA$371,"Investimentos") -> 0
C74: 45392 | J74: Dívidas | M74: Empréstimo Estudantil | P74: 500 | AX74: 45386 | AZ74: =+C74 -> 45392 | BA74: =+J74 -> Dívidas | BB74: =+P74 -> 500 | BC74: =SUMIFS($BB$71:$BB$371,$AZ$71:$AZ$371,$AX74,$BA$71:$BA$371,"Despesas") -> 0 | BD74: =SUMIFS($BB$71:$BB$371,$AZ$71:$AZ$371,$AX74,$BA$71:$BA$371,"Dívidas") -> 0 | BE74: =SUMIFS($BB$71:$BB$371,$AZ$71:$AZ$371,$AX74,$BA$71:$BA$371,"Investimentos") -> 0
C75: 45393 | J75: Investimentos | M75: Previdência | AX75: 45387 | AZ75: =+C75 -> 45393 | BA75: =+J75 -> Investimentos | BB75: =+P75 -> 0 | BC75: =SUMIFS($BB$71:$BB$371,$AZ$71:$AZ$371,$AX75,$BA$71:$BA$371,"Despesas") -> 0 | BD75: =SUMIFS($BB$71:$BB$371,$AZ$71:$AZ$371,$AX75,$BA$71:$BA$371,"Dívidas") -> 0 | BE75: =SUMIFS($BB$71:$BB$371,$AZ$71:$AZ$371,$AX75,$BA$71:$BA$371,"Investimentos") -> 0
C76: 45394 | J76: Receitas | M76: Dividendos | P76: 50 | AX76: 45388 | AZ76: =+C76 -> 45394 | BA76: =+J76 -> Receitas | BB76: =+P76 -> 50 | BC76: =SUMIFS($BB$71:$BB$371,$AZ$71:$AZ$371,$AX76,$BA$71:$BA$371,"Despesas") -> 0 | BD76: =SUMIFS($BB$71:$BB$371,$AZ$71:$AZ$371,$AX76,$BA$71:$BA$371,"Dívidas") -> 0 | BE76: =SUMIFS($BB$71:$BB$371,$AZ$71:$AZ$371,$AX76,$BA$71:$BA$371,"Investimentos") -> 0
C77: 45395 | J77: Despesas | M77: Alimentação | P77: 30 | AX77: 45389 | AZ77: =+C77 -> 45395 | BA77: =+J77 -> Despesas | BB77: =+P77 -> 30 | BC77: =SUMIFS($BB$71:$BB$371,$AZ$71:$AZ$371,$AX77,$BA$71:$BA$371,"Despesas") -> 0 | BD77: =SUMIFS($BB$71:$BB$371,$AZ$71:$AZ$371,$AX77,$BA$71:$BA$371,"Dívidas") -> 0 | BE77: =SUMIFS($BB$71:$BB$371,$AZ$71:$AZ$371,$AX77,$BA$71:$BA$371,"Investimentos") -> 0
C78: 45396 | J78: Investimentos | M78: Renda Fixa | P78: 100 | AX78: 45390 | AZ78: =+C78 -> 45396 | BA78: =+J78 -> Investimentos | BB78: =+P78 -> 100 | BC78: =SUMIFS($BB$71:$BB$371,$AZ$71:$AZ$371,$AX78,$BA$71:$BA$371,"Despesas") -> 0 | BD78: =SUMIFS($BB$71:$BB$371,$AZ$71:$AZ$371,$AX78,$BA$71:$BA$371,"Dívidas") -> 0 | BE78: =SUMIFS($BB$71:$BB$371,$AZ$71:$AZ$371,$AX78,$BA$71:$BA$371,"Investimentos") -> 0
C79: 45397 | J79: Investimentos | M79: Imóveis | P79: 100 | AX79: 45391 | AZ79: =+C79 -> 45397 | BA79: =+J79 -> Investimentos | BB79: =+P79 -> 100 | BC79: =SUMIFS($BB$71:$BB$371,$AZ$71:$AZ$371,$AX79,$BA$71:$BA$371,"Despesas") -> 200 | BD79: =SUMIFS($BB$71:$BB$371,$AZ$71:$AZ$371,$AX79,$BA$71:$BA$371,"Dívidas") -> 0 | BE79: =SUMIFS($BB$71:$BB$371,$AZ$71:$AZ$371,$AX79,$BA$71:$BA$371,"Investimentos") -> 0
C80: 45398 | J80: Receitas | M80: Dividendos | P80: 200 | AX80: 45392 | AZ80: =+C80 -> 45398 | BA80: =+J80 -> Receitas | BB80: =+P80 -> 200 | BC80: =SUMIFS($BB$71:$BB$371,$AZ$71:$AZ$371,$AX80,$BA$71:$BA$371,"Despesas") -> 0 | BD80: =SUMIFS($BB$71:$BB$371,$AZ$71:$AZ$371,$AX80,$BA$71:$BA$371,"Dívidas") -> 500 | BE80: =SUMIFS($BB$71:$BB$371,$AZ$71:$AZ$371,$AX80,$BA$71:$BA$371,"Investimentos") -> 0
C81: 45399 | J81: Despesas | M81: Entretenimento | P81: 200 | AX81: 45393 | AZ81: =+C81 -> 45399 | BA81: =+J81 -> Despesas | BB81: =+P81 -> 200 | BC81: =SUMIFS($BB$71:$BB$371,$AZ$71:$AZ$371,$AX81,$BA$71:$BA$371,"Despesas") -> 0 | BD81: =SUMIFS($BB$71:$BB$371,$AZ$71:$AZ$371,$AX81,$BA$71:$BA$371,"Dívidas") -> 0 | BE81: =SUMIFS($BB$71:$BB$371,$AZ$71:$AZ$371,$AX81,$BA$71:$BA$371,"Investimentos") -> 0
C82: 45400 | J82: Despesas | M82: Roupas | P82: 500 | AX82: 45394 | AZ82: =+C82 -> 45400 | BA82: =+J82 -> Despesas | BB82: =+P82 -> 500 | BC82: =SUMIFS($BB$71:$BB$371,$AZ$71:$AZ$371,$AX82,$BA$71:$BA$371,"Despesas") -> 0 | BD82: =SUMIFS($BB$71:$BB$371,$AZ$71:$AZ$371,$AX82,$BA$71:$BA$371,"Dívidas") -> 0 | BE82: =SUMIFS($BB$71:$BB$371,$AZ$71:$AZ$371,$AX82,$BA$71:$BA$371,"Investimentos") -> 0
C83: 45401 | J83: Despesas | M83: Lazer | P83: 900 | AX83: 45395 | AZ83: =+C83 -> 45401 | BA83: =+J83 -> Despesas | BB83: =+P83 -> 900 | BC83: =SUMIFS($BB$71:$BB$371,$AZ$71:$AZ$371,$AX83,$BA$71:$BA$371,"Despesas") -> 30 | BD83: =SUMIFS($BB$71:$BB$371,$AZ$71:$AZ$371,$AX83,$BA$71:$BA$371,"Dívidas") -> 0 | BE83: =SUMIFS($BB$71:$BB$371,$AZ$71:$AZ$371,$AX83,$BA$71:$BA$371,"Investimentos") -> 0
C84: 45402 | J84: Dívidas | M84: Consórcio | P84: 300 | AX84: 45396 | AZ84: =+C84 -> 45402 | BA84: =+J84 -> Dívidas | BB84: =+P84 -> 300 | BC84: =SUMIFS($BB$71:$BB$371,$AZ$71:$AZ$371,$AX84,$BA$71:$BA$371,"Despesas") -> 0 | BD84: =SUMIFS($BB$71:$BB$371,$AZ$71:$AZ$371,$AX84,$BA$71:$BA$371,"Dívidas") -> 0 | BE84: =SUMIFS($BB$71:$BB$371,$AZ$71:$AZ$371,$AX84,$BA$71:$BA$371,"Investimentos") -> 100
C85: 45403 | J85: Receitas | M85: Juros | P85: 800 | AX85: 45397 | AZ85: =+C85 -> 45403 | BA85: =+J85 -> Receitas | BB85: =+P85 -> 800 | BC85: =SUMIFS($BB$71:$BB$371,$AZ$71:$AZ$371,$AX85,$BA$71:$BA$371,"Despesas") -> 0 | BD85: =SUMIFS($BB$71:$BB$371,$AZ$71:$AZ$371,$AX85,$BA$71:$BA$371,"Dívidas") -> 0 | BE85: =SUMIFS($BB$71:$BB$371,$AZ$71:$AZ$371,$AX85,$BA$71:$BA$371,"Investimentos") -> 100
C86: 45404 | J86: Despesas | M86: Doações | P86: 20 | AX86: 45398 | AZ86: =+C86 -> 45404 | BA86: =+J86 -> Despesas | BB86: =+P86 -> 20 | BC86: =SUMIFS($BB$71:$BB$371,$AZ$71:$AZ$371,$AX86,$BA$71:$BA$371,"Despesas") -> 0 | BD86: =SUMIFS($BB$71:$BB$371,$AZ$71:$AZ$371,$AX86,$BA$71:$BA$371,"Dívidas") -> 0 | BE86: =SUMIFS($BB$71:$BB$371,$AZ$71:$AZ$371,$AX86,$BA$71:$BA$371,"Investimentos") -> 0
C87: 45405 | J87: Receitas | M87: Juros | P87: 600 | AX87: 45399 | AZ87: =+C87 -> 45405 | BA87: =+J87 -> Receitas | BB87: =+P87 -> 600 | BC87: =SUMIFS($BB$71:$BB$371,$AZ$71:$AZ$371,$AX87,$BA$71:$BA$371,"Despesas") -> 200 | BD87: =SUMIFS($BB$71:$BB$371,$AZ$71:$AZ$371,$AX87,$BA$71:$BA$371,"Dívidas") -> 0 | BE87: =SUMIFS($BB$71:$BB$371,$AZ$71:$AZ$371,$AX87,$BA$71:$BA$371,"Investimentos") -> 0
... C96: 45414 | J96: Receitas | M96: Renda Extra | P96: 2000 | AX96: 45408 | AZ96: =+C96 -> 45414 | BA96: =+J96 -> Receitas | BB96: =+P96 -> 2000 | BC96: =SUMIFS($BB$71:$BB$371,$AZ$71:$AZ$371,$AX96,$BA$71:$BA$371,"Despesas") -> 2000 | BD96: =SUMIFS($BB$71:$BB$371,$AZ$71:$AZ$371,$AX96,$BA$71:$BA$371,"Dívidas") -> 0 | BE96: =SUMIFS($BB$71:$BB$371,$AZ$71:$AZ$371,$AX96,$BA$71:$BA$371,"Investimentos") -> 0
P97: 0 | AX97: 45409 | AZ97: =+C97 -> 0 | BA97: =+J97 -> 0 | BB97: =+P97 -> 0 | BC97: =SUMIFS($BB$71:$BB$371,$AZ$71:$AZ$371,$AX97,$BA$71:$BA$371,"Despesas") -> 95 | BD97: =SUMIFS($BB$71:$BB$371,$AZ$71:$AZ$371,$AX97,$BA$71:$BA$371,"Dívidas") -> 0 | BE97: =SUMIFS($BB$71:$BB$371,$AZ$71:$AZ$371,$AX97,$BA$71:$BA$371,"Investimentos") -> 0
P98: 0 | AX98: 45410 | AZ98: =+C98 -> 0 | BA98: =+J98 -> 0 | BB98: =+P98 -> 0 | BC98: =SUMIFS($BB$71:$BB$371,$AZ$71:$AZ$371,$AX98,$BA$71:$BA$371,"Despesas") -> 0 | BD98: =SUMIFS($BB$71:$BB$371,$AZ$71:$AZ$371,$AX98,$BA$71:$BA$371,"Dívidas") -> 600 | BE98: =SUMIFS($BB$71:$BB$371,$AZ$71:$AZ$371,$AX98,$BA$71:$BA$371,"Investimentos") -> 0
P99: 0 | AX99: 45411 | AZ99: =+C99 -> 0 | BA99: =+J99 -> 0 | BB99: =+P99 -> 0 | BC99: =SUMIFS($BB$71:$BB$371,$AZ$71:$AZ$371,$AX99,$BA$71:$BA$371,"Despesas") -> 0 | BD99: =SUMIFS($BB$71:$BB$371,$AZ$71:$AZ$371,$AX99,$BA$71:$BA$371,"Dívidas") -> 0 | BE99: =SUMIFS($BB$71:$BB$371,$AZ$71:$AZ$371,$AX99,$BA$71:$BA$371,"Investimentos") -> 700
P100: 0 | AX100: 45412 | AZ100: =+C100 -> 0 | BA100: =+J100 -> 0 | BB100: =+P100 -> 0 | BC100: =SUMIFS($BB$71:$BB$371,$AZ$71:$AZ$371,$AX100,$BA$71:$BA$371,"Despesas") -> 685 | BD100: =SUMIFS($BB$71:$BB$371,$AZ$71:$AZ$371,$AX100,$BA$71:$BA$371,"Dívidas") -> 0 | BE100: =SUMIFS($BB$71:$BB$371,$AZ$71:$AZ$371,$AX100,$BA$71:$BA$371,"Investimentos") -> 0
P101: 0 | AX101: 45413 | AZ101: =+C101 -> 0 | BA101: =+J101 -> 0 | BB101: =+P101 -> 0 | BC101: =SUMIFS($BB$71:$BB$371,$AZ$71:$AZ$371,$AX101,$BA$71:$BA$371,"Despesas") -> 48 | BD101: =SUMIFS($BB$71:$BB$371,$AZ$71:$AZ$371,$AX101,$BA$71:$BA$371,"Dívidas") -> 0 | BE101: =SUMIFS($BB$71:$BB$371,$AZ$71:$AZ$371,$AX101,$BA$71:$BA$371,"Investimentos") -> 0
P102: 0 | AZ102: =+C102 -> 0 | BA102: =+J102 -> 0 | BB102: =+P102 -> 0 | BC102: =SUMIFS($BB$71:$BB$371,$AZ$71:$AZ$371,$AX102,$BA$71:$BA$371,"Despesas") -> 0 | BD102: =SUMIFS($BB$71:$BB$371,$AZ$71:$AZ$371,$AX102,$BA$71:$BA$371,"Dívidas") -> 0 | BE102: =SUMIFS($BB$71:$BB$371,$AZ$71:$AZ$371,$AX102,$BA$71:$BA$371,"Investimentos") -> 0
P103: 0 | AZ103: =+C103 -> 0 | BA103: =+J103 -> 0 | BB103: =+P103 -> 0 | BC103: =SUMIFS($BB$71:$BB$371,$AZ$71:$AZ$371,$AX103,$BA$71:$BA$371,"Despesas") -> 0 | BD103: =SUMIFS($BB$71:$BB$371,$AZ$71:$AZ$371,$AX103,$BA$71:$BA$371,"Dívidas") -> 0 | BE103: =SUMIFS($BB$71:$BB$371,$AZ$71:$AZ$371,$AX103,$BA$71:$BA$371,"Investimentos") -> 0
P104: 0 | AZ104: =+C104 -> 0 | BA104: =+J104 -> 0 | BB104: =+P104 -> 0 | BC104: =SUMIFS($BB$71:$BB$371,$AZ$71:$AZ$371,$AX104,$BA$71:$BA$371,"Despesas") -> 0 | BD104: =SUMIFS($BB$71:$BB$371,$AZ$71:$AZ$371,$AX104,$BA$71:$BA$371,"Dívidas") -> 0 | BE104: =SUMIFS($BB$71:$BB$371,$AZ$71:$AZ$371,$AX104,$BA$71:$BA$371,"Investimentos") -> 0
P105: 0 | AZ105: =+C105 -> 0 | BA105: =+J105 -> 0 | BB105: =+P105 -> 0 | BC105: =SUMIFS($BB$71:$BB$371,$AZ$71:$AZ$371,$AX105,$BA$71:$BA$371,"Despesas") -> 0 | BD105: =SUMIFS($BB$71:$BB$371,$AZ$71:$AZ$371,$AX105,$BA$71:$BA$371,"Dívidas") -> 0 | BE105: =SUMIFS($BB$71:$BB$371,$AZ$71:$AZ$371,$AX105,$BA$71:$BA$371,"Investimentos") -> 0
P106: 0 | AZ106: =+C106 -> 0 | BA106: =+J106 -> 0 | BB106: =+P106 -> 0 | BC106: =SUMIFS($BB$71:$BB$371,$AZ$71:$AZ$371,$AX106,$BA$71:$BA$371,"Despesas") -> 0 | BD106: =SUMIFS($BB$71:$BB$371,$AZ$71:$AZ$371,$AX106,$BA$71:$BA$371,"Dívidas") -> 0 | BE106: =SUMIFS($BB$71:$BB$371,$AZ$71:$AZ$371,$AX106,$BA$71:$BA$371,"Investimentos") -> 0
P107: 0 | AZ107: =+C107 -> 0 | BA107: =+J107 -> 0 | BB107: =+P107 -> 0 | BC107: =SUMIFS($BB$71:$BB$371,$AZ$71:$AZ$371,$AX107,$BA$71:$BA$371,"Despesas") -> 0 | BD107: =SUMIFS($BB$71:$BB$371,$AZ$71:$AZ$371,$AX107,$BA$71:$BA$371,"Dívidas") -> 0 | BE107: =SUMIFS($BB$71:$BB$371,$AZ$71:$AZ$371,$AX107,$BA$71:$BA$371,"Investimentos") -> 0
P108: 0 | AZ108: =+C108 -> 0 | BA108: =+J108 -> 0 | BB108: =+P108 -> 0 | BC108: =SUMIFS($BB$71:$BB$371,$AZ$71:$AZ$371,$AX108,$BA$71:$BA$371,"Despesas") -> 0 | BD108: =SUMIFS($BB$71:$BB$371,$AZ$71:$AZ$371,$AX108,$BA$71:$BA$371,"Dívidas") -> 0 | BE108: =SUMIFS($BB$71:$BB$371,$AZ$71:$AZ$371,$AX108,$BA$71:$BA$371,"Investimentos") -> 0
P109: 0 | AZ109: =+C109 -> 0 | BA109: =+J109 -> 0 | BB109: =+P109 -> 0 | BC109: =SUMIFS($BB$71:$BB$371,$AZ$71:$AZ$371,$AX109,$BA$71:$BA$371,"Despesas") -> 0 | BD109: =SUMIFS($BB$71:$BB$371,$AZ$71:$AZ$371,$AX109,$BA$71:$BA$371,"Dívidas") -> 0 | BE109: =SUMIFS($BB$71:$BB$371,$AZ$71:$AZ$371,$AX109,$BA$71:$BA$371,"Investimentos") -> 0
P110: 0 | AZ110: =+C110 -> 0 | BA110: =+J110 -> 0 | BB110: =+P110 -> 0 | BC110: =SUMIFS($BB$71:$BB$371,$AZ$71:$AZ$371,$AX110,$BA$71:$BA$371,"Despesas") -> 0 | BD110: =SUMIFS($BB$71:$BB$371,$AZ$71:$AZ$371,$AX110,$BA$71:$BA$371,"Dívidas") -> 0 | BE110: =SUMIFS($BB$71:$BB$371,$AZ$71:$AZ$371,$AX110,$BA$71:$BA$371,"Investimentos") -> 0
P111: 0 | AZ111: =+C111 -> 0 | BA111: =+J111 -> 0 | BB111: =+P111 -> 0 | BC111: =SUMIFS($BB$71:$BB$371,$AZ$71:$AZ$371,$AX111,$BA$71:$BA$371,"Despesas") -> 0 | BD111: =SUMIFS($BB$71:$BB$371,$AZ$71:$AZ$371,$AX111,$BA$71:$BA$371,"Dívidas") -> 0 | BE111: =SUMIFS($BB$71:$BB$371,$AZ$71:$AZ$371,$AX111,$BA$71:$BA$371,"Investimentos") -> 0
P112: 0 | AZ112: =+C112 -> 0 | BA112: =+J112 -> 0 | BB112: =+P112 -> 0 | BC112: =SUMIFS($BB$71:$BB$371,$AZ$71:$AZ$371,$AX112,$BA$71:$BA$371,"Despesas") -> 0 | BD112: =SUMIFS($BB$71:$BB$371,$AZ$71:$AZ$371,$AX112,$BA$71:$BA$371,"Dívidas") -> 0 | BE112: =SUMIFS($BB$71:$BB$371,$AZ$71:$AZ$371,$AX112,$BA$71:$BA$371,"Investimentos") -> 0
P113: 0 | AZ113: =+C113 -> 0 | BA113: =+J113 -> 0 | BB113: =+P113 -> 0 | BC113: =SUMIFS($BB$71:$BB$371,$AZ$71:$AZ$371,$AX113,$BA$71:$BA$371,"Despesas") -> 0 | BD113: =SUMIFS($BB$71:$BB$371,$AZ$71:$AZ$371,$AX113,$BA$71:$BA$371,"Dívidas") -> 0 | BE113: =SUMIFS($BB$71:$BB$371,$AZ$71:$AZ$371,$AX113,$BA$71:$BA$371,"Investimentos") -> 0
... P371: 0 | AZ371: =+C371 -> 0 | BA371: =+J371 -> 0 | BB371: =+P371 -> 0 | BC371: =SUMIFS($BB$71:$BB$371,$AZ$71:$AZ$371,$AX371,$BA$71:$BA$371,"Despesas") -> 0 | BD371: =SUMIFS($BB$71:$BB$371,$AZ$71:$AZ$371,$AX371,$BA$71:$BA$371,"Dívidas") -> 0 | BE371: =SUMIFS($BB$71:$BB$371,$AZ$71:$AZ$371,$AX371,$BA$71:$BA$371,"Investimentos") -> 0

Sheet Mai
C2: Maio
J3: =SUM(F12:F19) -> 12150 | M3: =SUM(F25:F40) -> 9668 | P3: =SUM(F46:F53) -> 1700 | S3: =SUM(F59:F66) -> 640 | V3: =+J3-M3-P3-S3 -> 142 | W3: =+K1-N1-Q1-T1 -> 0
J4: Receita Total | M4: Despesa Total | P4: Pagamento de Dívidas Total | S4: Invetimentos Totais | V4: Não Alocado
J5: =REPT("|",J6*220) -> ||||||||||||||||||||||||||||||||||||||||||||||||||||||||||||||||||||||||||||||||||||||||||||||||||||||||||||||||||||||||||||||||||||||||||||||||||||||||||||||||||||||||||||||||||||||||||||||||||||||||||||||||||||||||||||||||||||||||||||||||||||||||||||||||||||||||||||||||||||| | M5: =REPT("|",M6*95) -> ||||||||||||||||||||||||||||||||||||||||||||||||||||||||||||||||||||||||||||||||||||||||||||||||||||||||||||||||||||||||||||||||||||||||||||||||||||||||||||||||||||||||||||||||||||||||||||||||||||||||||||||||||||||||||||||||||||||||||||||||||||||||| | P5: =REPT("|",P6*95) -> |||||||||||||||||||||||||||||||||||||||||||||||||||| | S5: =REPT("|",S6*95) -> ||||||||||| | V5: =REPT("|",V6*95) -> |
C6: Dashboard Mensal | J6: =J3/SUM(E12:E19) -> 1.2616822 | K6: {=_xlfn.IFS(J3>SUM(E12:E19),'Base de Dados'!BE12,Mai!J3<SUM(Mai!E12:E19),'Base de Dados'!BE11,Mai!J3=SUM(Mai!E12:E19),'Base de Dados'!BE13)} -> Acima da Meta | M6: =+M3/SUM(E25:E40) -> 2.6236092 | N6: {=_xlfn.IFS(M3>E41,"Acima do orçamento",Mai!M3<E41,"Abaixo do Orçado",Mai!M3=E41,'Base de Dados'!BE13)} -> Acima do orçamento | P6: =P3/SUM(E46:E53) -> 0.55737705 | Q6: {=_xlfn.IFS(P3<E54,'Base de Dados'!$BE$11,Mai!P3>E54,'Base de Dados'!$BE$12,Mai!P3=E54,'Base de Dados'!$BE$13)} -> Abaixo da Meta | S6: =+S3/SUM(E59:E67) -> 0.12075472 | T6: {=_xlfn.IFS(S3<E67,'Base de Dados'!$BE$11,Mai!S3>E67,'Base de Dados'!$BE$12,Mai!S3=E67,'Base de Dados'!$BE$13)} -> Abaixo da Meta | V6: =+V3/J3 -> 0.011687243 | W6: da Receita Total
B9: =+'Base de Dados'!C6 -> Receitas
C11: Categoria | E11: Meta | F11: Realizado | G11: Dif
C12: =+'Base de Dados'!C9 -> Salário | E12: =IFERROR(VLOOKUP(C12,Orçamento!$C$9:$P$37,3,0),0) -> 4500 | F12: =SUMIF($M$71:$N$371,C12,$P$71:$Q$371) -> 5000 | G12: =+F12-E12 -> 500 | J12: ="Receita em "&C2 -> Receita em Maio | V12: Receita com Salário
C13: =+'Base de Dados'!C10 -> Salário Cônjuge | E13: =IFERROR(VLOOKUP(C13,Orçamento!$C$9:$P$37,3,0),0) -> 4350 | F13: =SUMIF($M$71:$N$371,C13,$P$71:$Q$371) -> 3500 | G13: =+F13-E13 -> -850 | J13: Meta | K13: Realizado | V13: =SUMIFS(F12:F19,C12:C19, "Salário*") -> 8500
C14: =+'Base de Dados'!C11 -> Dividendos | E14: =IFERROR(VLOOKUP(C14,Orçamento!$C$9:$P$37,3,0),0) -> 100 | F14: =SUMIF($M$71:$N$371,C14,$P$71:$Q$371) -> 250 | G14: =+F14-E14 -> 150 | J14: =+E20 -> 9630 | K14: =SUM(F12:F19) -> 12150 | V14: =REPT("|",V15*180) -> |||||||||||||||||||||||||||||||||||||||||||||||||||||||||||||||||||||||||||||||||||||||||||||||||||||||||||||||||||||||||||||
C15: =+'Base de Dados'!C12 -> Reembolsos | E15: =IFERROR(VLOOKUP(C15,Orçamento!$C$9:$P$37,3,0),0) -> 250 | F15: =SUMIF($M$71:$N$371,C15,$P$71:$Q$371) -> 0 | G15: =+F15-E15 -> -250 | J15: =REPT("|",J16*220) -> ||||||||||||||||||||||||||||||||||||||||||||||||||||||||||||||||||||||||||||||||||||||||||||||||||||||||||||||||||||||||||||||||||||||||||||||||||||||||||||||||||||||||||||||||||||||||||||||||||||||||||||||||||||||||||||||||||||||||||||||||||||||||||||||||||||||||||||||||||||| | V15: =+V13/SUM(F12:F19) -> 0.69958848
C16: =+'Base de Dados'!C13 -> Presentes Receitas | E16: =IFERROR(VLOOKUP(C16,Orçamento!$C$9:$P$37,3,0),0) -> 100 | F16: =SUMIF($M$71:$N$371,C16,$P$71:$Q$371) -> 0 | G16: =+F16-E16 -> -100 | J16: =+K14/J14 -> 1.2616822 | V16: Outras Receitas
C17: =+'Base de Dados'!C14 -> Aluguéis | E17: =IFERROR(VLOOKUP(C17,Orçamento!$C$9:$P$37,3,0),0) -> 30 | F17: =SUMIF($M$71:$N$371,C17,$P$71:$Q$371) -> 0 | G17: =+F17-E17 -> -30 | J17: =+K14-J14 -> 2520 | V17: =SUM(F12:F19)-V13 -> 3650
C18: =+'Base de Dados'!C15 -> Juros | E18: =IFERROR(VLOOKUP(C18,Orçamento!$C$9:$P$37,3,0),0) -> 300 | F18: =SUMIF($M$71:$N$371,C18,$P$71:$Q$371) -> 1400 | G18: =+F18-E18 -> 1100 | V18: =REPT("|",V19*180) -> ||||||||||||||||||||||||||||||||||||||||||||||||||||||
C19: =+'Base de Dados'!C16 -> Renda Extra | E19: =IFERROR(VLOOKUP(C19,Orçamento!$C$9:$P$37,3,0),0) -> 0 | F19: =SUMIF($M$71:$N$371,C19,$P$71:$Q$371) -> 2000 | G19: =+F19-E19 -> 2000 | J19: =_xlfn.CONCAT(K6," ","neste mês") -> Acima da Meta neste mês | V19: =+V17/SUM(F12:F19) -> 0.30041152
E20: =SUM(E12:E19) -> 9630
B22: =+'Base de Dados'!C19 -> Despesas
C24: Categoria | E24: Orçado | F24: Realizado | G24: Dif | J24: Despesas no mês | M24: Gastos por Dia | S24: % da Recita alocada para Despesas
B25: =+'Base de Dados'!B22 -> 0 | C25: =+'Base de Dados'!C22 -> Casa | E25: =IFERROR(VLOOKUP(C25,Orçamento!$C$23:$P$37,3,0),0) -> 750 | F25: =SUMIF($M$71:$N$371,C25,$P$71:$Q$371) -> 200 | G25: =+F25-E25 -> -550 | J25: Orçado | K25: Realizado | S25: =REPT("|",S26*200) -> |||||||||||||||||||||||||||||||||||||||||||||||||||||||||||||||||||||||||||||||||||||||||||||||||||||||||||||||||||||||||||||||||||||||||||||||||||||||||||||||
B26: =+'Base de Dados'!B23 -> 0 | C26: =+'Base de Dados'!C23 -> Transporte | E26: =IFERROR(VLOOKUP(C26,Orçamento!$C$23:$P$37,3,0),0) -> 340 | F26: =SUMIF($M$71:$N$371,C26,$P$71:$Q$371) -> 0 | G26: =+F26-E26 -> -340 | J26: =SUM(E25:E40) -> 3685 | K26: =SUM(F25:F40) -> 9668 | S26: =+$K$26/$J$3 -> 0.79572016
B27: =+'Base de Dados'!B24 -> 0 | C27: =+'Base de Dados'!C24 -> Alimentação | E27: =IFERROR(VLOOKUP(C27,Orçamento!$C$23:$P$37,3,0),0) -> 220 | F27: =SUMIF($M$71:$N$371,C27,$P$71:$Q$371) -> 715 | G27: =+F27-E27 -> 495 | J27: =REPT("|",J28*220) -> |||||||||||||||||||||||||||||||||||||||||||||||||||||||||||||||||||||||||||||||||||||||||||||||||||||||||||||||||||||||||||||||||||||||||||||||||||||||||||||||||||||||||||||||||||||||||||||||||||||||||||||||||||||||||||||||||||||||||||||||||||||||||||||||||||||||||||||||||||||||||||||||||||||||||||||||||||||||||||||||||||||||||||||||||||||||||||||||||||||||||||||||||||||||||||||||||||||||||||||||||||||||||||||||||||||||||||||||||||||||||||||||||||||||||||||||||||||||||||||||||||||||||||||||||||||||||||||||||||||||||||||||||||||||||||||||||||||||||||||||||||||||||||||||||
B28: =+'Base de Dados'!B25 -> 0 | C28: =+'Base de Dados'!C25 -> Utilidades | E28: =IFERROR(VLOOKUP(C28,Orçamento!$C$23:$P$37,3,0),0) -> 140 | F28: =SUMIF($M$71:$N$371,C28,$P$71:$Q$371) -> 0 | G28: =+F28-E28 -> -140 | J28: =+K26/J26 -> 2.6236092
B29: =+'Base de Dados'!B26 -> 0 | C29: =+'Base de Dados'!C26 -> Seguro | E29: =IFERROR(VLOOKUP(C29,Orçamento!$C$23:$P$37,3,0),0) -> 280 | F29: =SUMIF($M$71:$N$371,C29,$P$71:$Q$371) -> 0 | G29: =+F29-E29 -> -280 | J29: =+J26-K26 -> -5983
B30: =+'Base de Dados'!B27 -> 0 | C30: =+'Base de Dados'!C27 -> Educação | E30: =IFERROR(VLOOKUP(C30,Orçamento!$C$23:$P$37,3,0),0) -> 190 | F30: =SUMIF($M$71:$N$371,C30,$P$71:$Q$371) -> 95 | G30: =+F30-E30 -> -95
B31: =+'Base de Dados'!B28 -> 0 | C31: =+'Base de Dados'!C28 -> Entretenimento | E31: =IFERROR(VLOOKUP(C31,Orçamento!$C$23:$P$37,3,0),0) -> 520 | F31: =SUMIF($M$71:$N$371,C31,$P$71:$Q$371) -> 3000 | G31: =+F31-E31 -> 2480 | J31: =_xlfn.CONCAT(N6," ","este mês") -> Acima do orçamento este mês
B32: =+'Base de Dados'!B29 -> 0 | C32: =+'Base de Dados'!C29 -> Roupas | E32: =IFERROR(VLOOKUP(C32,Orçamento!$C$23:$P$37,3,0),0) -> 80 | F32: =SUMIF($M$71:$N$371,C32,$P$71:$Q$371) -> 500 | G32: =+F32-E32 -> 420
B33: =+'Base de Dados'!B30 -> 0 | C33: =+'Base de Dados'!C30 -> Cuidados Pessoais | E33: =IFERROR(VLOOKUP(C33,Orçamento!$C$23:$P$37,3,0),0) -> 180 | F33: =SUMIF($M$71:$N$371,C33,$P$71:$Q$371) -> 0 | G33: =+F33-E33 -> -180
B34: =+'Base de Dados'!B31 -> 0 | C34: =+'Base de Dados'!C31 -> Presentes | E34: =IFERROR(VLOOKUP(C34,Orçamento!$C$23:$P$37,3,0),0) -> 70 | F34: =SUMIF($M$71:$N$371,C34,$P$71:$Q$371) -> 48 | G34: =+F34-E34 -> -22 | J34: Categorias Abaixo | K34: Categorias Acima
B35: =+'Base de Dados'!B32 -> 0 | C35: =+'Base de Dados'!C32 -> Doações | E35: =IFERROR(VLOOKUP(C35,Orçamento!$C$23:$P$37,3,0),0) -> 280 | F35: =SUMIF($M$71:$N$371,C35,$P$71:$Q$371) -> 20 | G35: =+F35-E35 -> -260 | J35: =COUNTIF(G25:G40,">0") -> 4 | K35: =COUNTIF(G25:G40,"<0") -> 10
B36: =+'Base de Dados'!B33 -> 0 | C36: =+'Base de Dados'!C33 -> Lazer | E36: =IFERROR(VLOOKUP(C36,Orçamento!$C$23:$P$37,3,0),0) -> 90 | F36: =SUMIF($M$71:$N$371,C36,$P$71:$Q$371) -> 90 | G36: =+F36-E36 -> 0 | J36: =+J35/(SUM($J$35,$K$35)) -> 0.28571429 | K36: =+K35/(SUM($J$35,$K$35)) -> 0.71428571
B37: =+'Base de Dados'!B34 -> 0 | C37: =+'Base de Dados'!C34 -> Animal de Estimação | E37: =IFERROR(VLOOKUP(C37,Orçamento!$C$23:$P$37,3,0),0) -> 150 | F37: =SUMIF($M$71:$N$371,C37,$P$71:$Q$371) -> 5000 | G37: =+F37-E37 -> 4850 | J37: 1 | K37: =100%-K36 -> 0.28571429
B38: =+'Base de Dados'!B35 -> 0 | C38: =+'Base de Dados'!C35 -> Viagens | E38: =IFERROR(VLOOKUP(C38,Orçamento!$C$23:$P$37,3,0),0) -> 300 | F38: =SUMIF($M$71:$N$371,C38,$P$71:$Q$371) -> 0 | G38: =+F38-E38 -> -300
C39: =+'Base de Dados'!C36 -> Streaming | E39: =IFERROR(VLOOKUP(C39,Orçamento!$C$23:$P$37,3,0),0) -> 95 | F39: =SUMIF($M$71:$N$371,C39,$P$71:$Q$371) -> 0 | G39: =+F39-E39 -> -95
B40: =+'Base de Dados'!B36 -> 0 | C40: =+'Base de Dados'!C37 -> Videogame | E40: =IFERROR(VLOOKUP(C40,Orçamento!$C$23:$P$37,3,0),0) -> 0 | F40: =SUMIF($M$71:$N$371,C40,$P$71:$Q$371) -> 0 | G40: =+F40-E40 -> 0
E41: =SUM(E25:E40) -> 3685
B43: =+'Base de Dados'!G6 -> Dívidas
C45: Categoria | E45: Orçado | F45: Realizado | G45: Dif | J45: Pagamento de Dívidas no mês
B46: =+'Base de Dados'!F8 -> 0 | C46: =+'Base de Dados'!G9 -> Financiamento Carro | E46: =IFERROR(VLOOKUP(C46,Orçamento!$C$44:$P$51,3,0),0) -> 720 | F46: =SUMIF($M$71:$N$371,C46,$P$71:$Q$371) -> 0 | G46: =+F46-E46 -> -720 | J46: Orçado | K46: Realizado
B47: =+'Base de Dados'!F9 -> 0 | C47: =+'Base de Dados'!G10 -> Empréstimo Estudantil | E47: =IFERROR(VLOOKUP(C47,Orçamento!$C$44:$P$51,3,0),0) -> 330 | F47: =SUMIF($M$71:$N$371,C47,$P$71:$Q$371) -> 500 | G47: =+F47-E47 -> 170 | J47: =SUM(E46:E53) -> 3050 | K47: =SUM(F46:F53) -> 1700
B48: =+'Base de Dados'!F10 -> 0 | C48: =+'Base de Dados'!G11 -> Cartão de Crédito | E48: =IFERROR(VLOOKUP(C48,Orçamento!$C$44:$P$51,3,0),0) -> 450 | F48: =SUMIF($M$71:$N$371,C48,$P$71:$Q$371) -> 900 | G48: =+F48-E48 -> 450 | J48: =REPT("|",J49*210) -> |||||||||||||||||||||||||||||||||||||||||||||||||||||||||||||||||||||||||||||||||||||||||||||||||||||||||||||||||||||
B49: =+'Base de Dados'!F11 -> 0 | C49: =+'Base de Dados'!G12 -> Financiamento Apto | E49: =IFERROR(VLOOKUP(C49,Orçamento!$C$44:$P$51,3,0),0) -> 190 | F49: =SUMIF($M$71:$N$371,C49,$P$71:$Q$371) -> 0 | G49: =+F49-E49 -> -190 | J49: =+K47/J47 -> 0.55737705
B50: =+'Base de Dados'!F12 -> 0 | C50: =+'Base de Dados'!G13 -> Consórcio | E50: =IFERROR(VLOOKUP(C50,Orçamento!$C$44:$P$51,3,0),0) -> 290 | F50: =SUMIF($M$71:$N$371,C50,$P$71:$Q$371) -> 300 | G50: =+F50-E50 -> 10 | J50: =+J47-K47 -> 1350
B51: =+'Base de Dados'!F13 -> 0 | C51: =+'Base de Dados'!G14 -> Empréstimo | E51: =IFERROR(VLOOKUP(C51,Orçamento!$C$44:$P$51,3,0),0) -> 370 | F51: =SUMIF($M$71:$N$371,C51,$P$71:$Q$371) -> 0 | G51: =+F51-E51 -> -370
B52: =+'Base de Dados'!F14 -> 0 | C52: =+'Base de Dados'!G15 -> Agiota | E52: =IFERROR(VLOOKUP(C52,Orçamento!$C$44:$P$51,3,0),0) -> 520 | F52: =SUMIF($M$71:$N$371,C52,$P$71:$Q$371) -> 0 | G52: =+F52-E52 -> -520 | J52: =_xlfn.CONCAT(Q6," ","neste mês") -> Abaixo da Meta neste mês
B53: =+'Base de Dados'!F15 -> 0 | C53: =+'Base de Dados'!G16 -> Financiamento Lote | E53: =IFERROR(VLOOKUP(C53,Orçamento!$C$44:$P$51,3,0),0) -> 180 | F53: =SUMIF($M$71:$N$371,C53,$P$71:$Q$371) -> 0 | G53: =+F53-E53 -> -180
E54: =SUM(E46:E53) -> 3050
B56: =+'Base de Dados'!G19 -> Investimentos
C58: Categoria | E58: Meta | F58: Realizado | G58: Dif | J58: Investimentos no Mês
B59: =+'Base de Dados'!F21 -> 0 | C59: =+'Base de Dados'!G22 -> Reserva de Emergência | E59: =IFERROR(VLOOKUP(C59,Orçamento!$C$58:$P$65,3,0),0) -> 350 | F59: =SUMIF($M$71:$N$371,C59,$P$71:$Q$371) -> 0 | G59: =+F59-E59 -> -350 | J59: Meta | K59: Realizado
B60: =+'Base de Dados'!F22 -> 0 | C60: =+'Base de Dados'!G23 -> Previdência | E60: =IFERROR(VLOOKUP(C60,Orçamento!$C$58:$P$65,3,0),0) -> 230 | F60: =SUMIF($M$71:$N$371,C60,$P$71:$Q$371) -> 0 | G60: =+F60-E60 -> -230 | J60: =SUM(E59:E66) -> 2650 | K60: =SUM(F59:F66) -> 640
B61: =+'Base de Dados'!F23 -> 0 | C61: =+'Base de Dados'!G24 -> Ações | E61: =IFERROR(VLOOKUP(C61,Orçamento!$C$58:$P$65,3,0),0) -> 220 | F61: =SUMIF($M$71:$N$371,C61,$P$71:$Q$371) -> 0 | G61: =+F61-E61 -> -220 | J61: =REPT("|",J62*220) -> |||||||||||||||||||||||||||||||||||||||||||||||||||||
B62: =+'Base de Dados'!F24 -> 0 | C62: =+'Base de Dados'!G25 -> Fundos Imobiliários | E62: =IFERROR(VLOOKUP(C62,Orçamento!$C$58:$P$65,3,0),0) -> 390 | F62: =SUMIF($M$71:$N$371,C62,$P$71:$Q$371) -> 0 | G62: =+F62-E62 -> -390 | J62: =+K60/J60 -> 0.24150943
B63: =+'Base de Dados'!F25 -> 0 | C63: =+'Base de Dados'!G26 -> Renda Fixa | E63: =IFERROR(VLOOKUP(C63,Orçamento!$C$58:$P$65,3,0),0) -> 290 | F63: =SUMIF($M$71:$N$371,C63,$P$71:$Q$371) -> 100 | G63: =+F63-E63 -> -190 | J63: =+J60-K60 -> 2010
B64: =+'Base de Dados'!F26 -> 0 | C64: =+'Base de Dados'!G27 -> CDB Bradesco | E64: =IFERROR(VLOOKUP(C64,Orçamento!$C$58:$P$65,3,0),0) -> 250 | F64: =SUMIF($M$71:$N$371,C64,$P$71:$Q$371) -> 440 | G64: =+F64-E64 -> 190
B65: =+'Base de Dados'!F27 -> 0 | C65: =+'Base de Dados'!G28 -> CDB Itaú | E65: =IFERROR(VLOOKUP(C65,Orçamento!$C$58:$P$65,3,0),0) -> 530 | F65: =SUMIF($M$71:$N$371,C65,$P$71:$Q$371) -> 0 | G65: =+F65-E65 -> -530 | J65: =_xlfn.CONCAT(T6," ","neste mês") -> Abaixo da Meta neste mês
B66: =+'Base de Dados'!F28 -> 0 | C66: =+'Base de Dados'!G29 -> Imóveis | E66: =IFERROR(VLOOKUP(C66,Orçamento!$C$58:$P$65,3,0),0) -> 390 | F66: =SUMIF($M$71:$N$371,C66,$P$71:$Q$371) -> 100 | G66: =+F66-E66 -> -290
E67: =SUM(E59:E66) -> 2650 | F67: =SUM(F59:F66) -> 640
C69: Transações
C70: Data | E70: Descrição | J70: Tipo | M70: Categoria | P70: Valor | S70: Notas | AX70: Date | BC70: =+'Base de Dados'!C19 -> Despesas | BD70: =+'Base de Dados'!G6 -> Dívidas | BE70: =+'Base de Dados'!G19 -> Investimentos
C71: 45419 | J71: Receitas | M71: Salário | P71: 5000 | AX71: 45413 | AZ71: =+C71 -> 45419 | BA71: =+J71 -> Receitas | BB71: =+P71 -> 5000 | BC71: =SUMIFS($BB$71:$BB$371,$AZ$71:$AZ$371,$AX71,$BA$71:$BA$371,"Despesas") -> 0 | BD71: =SUMIFS($BB$71:$BB$371,$AZ$71:$AZ$371,$AX71,$BA$71:$BA$371,"Dívidas") -> 0 | BE71: =SUMIFS($BB$71:$BB$371,$AZ$71:$AZ$371,$AX71,$BA$71:$BA$371,"Investimentos") -> 0
C72: 45420 | J72: Receitas | M72: Salário Cônjuge | P72: 3500 | AX72: 45414 | AZ72: =+C72 -> 45420 | BA72: =+J72 -> Receitas | BB72: =+P72 -> 3500 | BC72: =SUMIFS($BB$71:$BB$371,$AZ$71:$AZ$371,$AX72,$BA$71:$BA$371,"Despesas") -> 0 | BD72: =SUMIFS($BB$71:$BB$371,$AZ$71:$AZ$371,$AX72,$BA$71:$BA$371,"Dívidas") -> 0 | BE72: =SUMIFS($BB$71:$BB$371,$AZ$71:$AZ$371,$AX72,$BA$71:$BA$371,"Investimentos") -> 0
C73: 45421 | J73: Despesas | M73: Casa | P73: 200 | AX73: 45415 | AZ73: =+C73 -> 45421 | BA73: =+J73 -> Despesas | BB73: =+P73 -> 200 | BC73: =SUMIFS($BB$71:$BB$371,$AZ$71:$AZ$371,$AX73,$BA$71:$BA$371,"Despesas") -> 0 | BD73: =SUMIFS($BB$71:$BB$371,$AZ$71:$AZ$371,$AX73,$BA$71:$BA$371,"Dívidas") -> 0 | BE73: =SUMIFS($BB$71:$BB$371,$AZ$71:$AZ$371,$AX73,$BA$71:$BA$371,"Investimentos") -> 0
C74: 45422 | J74: Dívidas | M74: Empréstimo Estudantil | P74: 500 | AX74: 45416 | AZ74: =+C74 -> 45422 | BA74: =+J74 -> Dívidas | BB74: =+P74 -> 500 | BC74: =SUMIFS($BB$71:$BB$371,$AZ$71:$AZ$371,$AX74,$BA$71:$BA$371,"Despesas") -> 0 | BD74: =SUMIFS($BB$71:$BB$371,$AZ$71:$AZ$371,$AX74,$BA$71:$BA$371,"Dívidas") -> 0 | BE74: =SUMIFS($BB$71:$BB$371,$AZ$71:$AZ$371,$AX74,$BA$71:$BA$371,"Investimentos") -> 0
C75: 45423 | J75: Investimentos | M75: Previdência | AX75: 45417 | AZ75: =+C75 -> 45423 | BA75: =+J75 -> Investimentos | BB75: =+P75 -> 0 | BC75: =SUMIFS($BB$71:$BB$371,$AZ$71:$AZ$371,$AX75,$BA$71:$BA$371,"Despesas") -> 0 | BD75: =SUMIFS($BB$71:$BB$371,$AZ$71:$AZ$371,$AX75,$BA$71:$BA$371,"Dívidas") -> 0 | BE75: =SUMIFS($BB$71:$BB$371,$AZ$71:$AZ$371,$AX75,$BA$71:$BA$371,"Investimentos") -> 0
C76: 45424 | J76: Receitas | M76: Dividendos | P76: 50 | AX76: 45418 | AZ76: =+C76 -> 45424 | BA76: =+J76 -> Receitas | BB76: =+P76 -> 50 | BC76: =SUMIFS($BB$71:$BB$371,$AZ$71:$AZ$371,$AX76,$BA$71:$BA$371,"Despesas") -> 0 | BD76: =SUMIFS($BB$71:$BB$371,$AZ$71:$AZ$371,$AX76,$BA$71:$BA$371,"Dívidas") -> 0 | BE76: =SUMIFS($BB$71:$BB$371,$AZ$71:$AZ$371,$AX76,$BA$71:$BA$371,"Investimentos") -> 0
C77: 45425 | J77: Despesas | M77: Alimentação | P77: 30 | AX77: 45419 | AZ77: =+C77 -> 45425 | BA77: =+J77 -> Despesas | BB77: =+P77 -> 30 | BC77: =SUMIFS($BB$71:$BB$371,$AZ$71:$AZ$371,$AX77,$BA$71:$BA$371,"Despesas") -> 0 | BD77: =SUMIFS($BB$71:$BB$371,$AZ$71:$AZ$371,$AX77,$BA$71:$BA$371,"Dívidas") -> 0 | BE77: =SUMIFS($BB$71:$BB$371,$AZ$71:$AZ$371,$AX77,$BA$71:$BA$371,"Investimentos") -> 0
C78: 45426 | J78: Investimentos | M78: Renda Fixa | P78: 100 | AX78: 45420 | AZ78: =+C78 -> 45426 | BA78: =+J78 -> Investimentos | BB78: =+P78 -> 100 | BC78: =SUMIFS($BB$71:$BB$371,$AZ$71:$AZ$371,$AX78,$BA$71:$BA$371,"Despesas") -> 0 | BD78: =SUMIFS($BB$71:$BB$371,$AZ$71:$AZ$371,$AX78,$BA$71:$BA$371,"Dívidas") -> 0 | BE78: =SUMIFS($BB$71:$BB$371,$AZ$71:$AZ$371,$AX78,$BA$71:$BA$371,"Investimentos") -> 0
C79: 45427 | J79: Investimentos | M79: Imóveis | P79: 100 | AX79: 45421 | AZ79: =+C79 -> 45427 | BA79: =+J79 -> Investimentos | BB79: =+P79 -> 100 | BC79: =SUMIFS($BB$71:$BB$371,$AZ$71:$AZ$371,$AX79,$BA$71:$BA$371,"Despesas") -> 200 | BD79: =SUMIFS($BB$71:$BB$371,$AZ$71:$AZ$371,$AX79,$BA$71:$BA$371,"Dívidas") -> 0 | BE79: =SUMIFS($BB$71:$BB$371,$AZ$71:$AZ$371,$AX79,$BA$71:$BA$371,"Investimentos") -> 0
C80: 45428 | J80: Receitas | M80: Dividendos | P80: 200 | AX80: 45422 | AZ80: =+C80 -> 45428 | BA80: =+J80 -> Receitas | BB80: =+P80 -> 200 | BC80: =SUMIFS($BB$71:$BB$371,$AZ$71:$AZ$371,$AX80,$BA$71:$BA$371,"Despesas") -> 0 | BD80: =SUMIFS($BB$71:$BB$371,$AZ$71:$AZ$371,$AX80,$BA$71:$BA$371,"Dívidas") -> 500 | BE80: =SUMIFS($BB$71:$BB$371,$AZ$71:$AZ$371,$AX80,$BA$71:$BA$371,"Investimentos") -> 0
C81: 45429 | J81: Despesas | M81: Entretenimento | P81: 3000 | AX81: 45423 | AZ81: =+C81 -> 45429 | BA81: =+J81 -> Despesas | BB81: =+P81 -> 3000 | BC81: =SUMIFS($BB$71:$BB$371,$AZ$71:$AZ$371,$AX81,$BA$71:$BA$371,"Despesas") -> 0 | BD81: =SUMIFS($BB$71:$BB$371,$AZ$71:$AZ$371,$AX81,$BA$71:$BA$371,"Dívidas") -> 0 | BE81: =SUMIFS($BB$71:$BB$371,$AZ$71:$AZ$371,$AX81,$BA$71:$BA$371,"Investimentos") -> 0
C82: 45430 | J82: Despesas | M82: Roupas | P82: 500 | AX82: 45424 | AZ82: =+C82 -> 45430 | BA82: =+J82 -> Despesas | BB82: =+P82 -> 500 | BC82: =SUMIFS($BB$71:$BB$371,$AZ$71:$AZ$371,$AX82,$BA$71:$BA$371,"Despesas") -> 0 | BD82: =SUMIFS($BB$71:$BB$371,$AZ$71:$AZ$371,$AX82,$BA$71:$BA$371,"Dívidas") -> 0 | BE82: =SUMIFS($BB$71:$BB$371,$AZ$71:$AZ$371,$AX82,$BA$71:$BA$371,"Investimentos") -> 0
C83: 45431 | J83: Despesas | M83: Lazer | P83: 90 | AX83: 45425 | AZ83: =+C83 -> 45431 | BA83: =+J83 -> Despesas | BB83: =+P83 -> 90 | BC83: =SUMIFS($BB$71:$BB$371,$AZ$71:$AZ$371,$AX83,$BA$71:$BA$371,"Despesas") -> 30 | BD83: =SUMIFS($BB$71:$BB$371,$AZ$71:$AZ$371,$AX83,$BA$71:$BA$371,"Dívidas") -> 0 | BE83: =SUMIFS($BB$71:$BB$371,$AZ$71:$AZ$371,$AX83,$BA$71:$BA$371,"Investimentos") -> 0
C84: 45432 | J84: Dívidas | M84: Consórcio | P84: 300 | AX84: 45426 | AZ84: =+C84 -> 45432 | BA84: =+J84 -> Dívidas | BB84: =+P84 -> 300 | BC84: =SUMIFS($BB$71:$BB$371,$AZ$71:$AZ$371,$AX84,$BA$71:$BA$371,"Despesas") -> 0 | BD84: =SUMIFS($BB$71:$BB$371,$AZ$71:$AZ$371,$AX84,$BA$71:$BA$371,"Dívidas") -> 0 | BE84: =SUMIFS($BB$71:$BB$371,$AZ$71:$AZ$371,$AX84,$BA$71:$BA$371,"Investimentos") -> 100
C85: 45433 | J85: Receitas | M85: Juros | P85: 800 | AX85: 45427 | AZ85: =+C85 -> 45433 | BA85: =+J85 -> Receitas | BB85: =+P85 -> 800 | BC85: =SUMIFS($BB$71:$BB$371,$AZ$71:$AZ$371,$AX85,$BA$71:$BA$371,"Despesas") -> 0 | BD85: =SUMIFS($BB$71:$BB$371,$AZ$71:$AZ$371,$AX85,$BA$71:$BA$371,"Dívidas") -> 0 | BE85: =SUMIFS($BB$71:$BB$371,$AZ$71:$AZ$371,$AX85,$BA$71:$BA$371,"Investimentos") -> 100
C86: 45434 | J86: Despesas | M86: Doações | P86: 20 | AX86: 45428 | AZ86: =+C86 -> 45434 | BA86: =+J86 -> Despesas | BB86: =+P86 -> 20 | BC86: =SUMIFS($BB$71:$BB$371,$AZ$71:$AZ$371,$AX86,$BA$71:$BA$371,"Despesas") -> 0 | BD86: =SUMIFS($BB$71:$BB$371,$AZ$71:$AZ$371,$AX86,$BA$71:$BA$371,"Dívidas") -> 0 | BE86: =SUMIFS($BB$71:$BB$371,$AZ$71:$AZ$371,$AX86,$BA$71:$BA$371,"Investimentos") -> 0
C87: 45435 | J87: Receitas | M87: Juros | P87: 600 | AX87: 45429 | AZ87: =+C87 -> 45435 | BA87: =+J87 -> Receitas | BB87: =+P87 -> 600 | BC87: =SUMIFS($BB$71:$BB$371,$AZ$71:$AZ$371,$AX87,$BA$71:$BA$371,"Despesas") -> 3000 | BD87: =SUMIFS($BB$71:$BB$371,$AZ$71:$AZ$371,$AX87,$BA$71:$BA$371,"Dívidas") -> 0 | BE87: =SUMIFS($BB$71:$BB$371,$AZ$71:$AZ$371,$AX87,$BA$71:$BA$371,"Investimentos") -> 0
... C96: 45444 | J96: Receitas | M96: Renda Extra | P96: 2000 | AX96: 45438 | AZ96: =+C96 -> 45444 | BA96: =+J96 -> Receitas | BB96: =+P96 -> 2000 | BC96: =SUMIFS($BB$71:$BB$371,$AZ$71:$AZ$371,$AX96,$BA$71:$BA$371,"Despesas") -> 5000 | BD96: =SUMIFS($BB$71:$BB$371,$AZ$71:$AZ$371,$AX96,$BA$71:$BA$371,"Dívidas") -> 0 | BE96: =SUMIFS($BB$71:$BB$371,$AZ$71:$AZ$371,$AX96,$BA$71:$BA$371,"Investimentos") -> 0
P97: 0 | AX97: 45439 | AZ97: =+C97 -> 0 | BA97: =+J97 -> 0 | BB97: =+P97 -> 0 | BC97: =SUMIFS($BB$71:$BB$371,$AZ$71:$AZ$371,$AX97,$BA$71:$BA$371,"Despesas") -> 95 | BD97: =SUMIFS($BB$71:$BB$371,$AZ$71:$AZ$371,$AX97,$BA$71:$BA$371,"Dívidas") -> 0 | BE97: =SUMIFS($BB$71:$BB$371,$AZ$71:$AZ$371,$AX97,$BA$71:$BA$371,"Investimentos") -> 0
P98: 0 | AX98: 45440 | AZ98: =+C98 -> 0 | BA98: =+J98 -> 0 | BB98: =+P98 -> 0 | BC98: =SUMIFS($BB$71:$BB$371,$AZ$71:$AZ$371,$AX98,$BA$71:$BA$371,"Despesas") -> 0 | BD98: =SUMIFS($BB$71:$BB$371,$AZ$71:$AZ$371,$AX98,$BA$71:$BA$371,"Dívidas") -> 600 | BE98: =SUMIFS($BB$71:$BB$371,$AZ$71:$AZ$371,$AX98,$BA$71:$BA$371,"Investimentos") -> 0
P99: 0 | AX99: 45441 | AZ99: =+C99 -> 0 | BA99: =+J99 -> 0 | BB99: =+P99 -> 0 | BC99: =SUMIFS($BB$71:$BB$371,$AZ$71:$AZ$371,$AX99,$BA$71:$BA$371,"Despesas") -> 0 | BD99: =SUMIFS($BB$71:$BB$371,$AZ$71:$AZ$371,$AX99,$BA$71:$BA$371,"Dívidas") -> 0 | BE99: =SUMIFS($BB$71:$BB$371,$AZ$71:$AZ$371,$AX99,$BA$71:$BA$371,"Investimentos") -> 240
P100: 0 | AX100: 45442 | AZ100: =+C100 -> 0 | BA100: =+J100 -> 0 | BB100: =+P100 -> 0 | BC100: =SUMIFS($BB$71:$BB$371,$AZ$71:$AZ$371,$AX100,$BA$71:$BA$371,"Despesas") -> 685 | BD100: =SUMIFS($BB$71:$BB$371,$AZ$71:$AZ$371,$AX100,$BA$71:$BA$371,"Dívidas") -> 0 | BE100: =SUMIFS($BB$71:$BB$371,$AZ$71:$AZ$371,$AX100,$BA$71:$BA$371,"Investimentos") -> 0
P101: 0 | AX101: 45443 | AZ101: =+C101 -> 0 | BA101: =+J101 -> 0 | BB101: =+P101 -> 0 | BC101: =SUMIFS($BB$71:$BB$371,$AZ$71:$AZ$371,$AX101,$BA$71:$BA$371,"Despesas") -> 48 | BD101: =SUMIFS($BB$71:$BB$371,$AZ$71:$AZ$371,$AX101,$BA$71:$BA$371,"Dívidas") -> 0 | BE101: =SUMIFS($BB$71:$BB$371,$AZ$71:$AZ$371,$AX101,$BA$71:$BA$371,"Investimentos") -> 0
P102: 0 | AZ102: =+C102 -> 0 | BA102: =+J102 -> 0 | BB102: =+P102 -> 0 | BC102: =SUMIFS($BB$71:$BB$371,$AZ$71:$AZ$371,$AX102,$BA$71:$BA$371,"Despesas") -> 0 | BD102: =SUMIFS($BB$71:$BB$371,$AZ$71:$AZ$371,$AX102,$BA$71:$BA$371,"Dívidas") -> 0 | BE102: =SUMIFS($BB$71:$BB$371,$AZ$71:$AZ$371,$AX102,$BA$71:$BA$371,"Investimentos") -> 0
P103: 0 | AZ103: =+C103 -> 0 | BA103: =+J103 -> 0 | BB103: =+P103 -> 0 | BC103: =SUMIFS($BB$71:$BB$371,$AZ$71:$AZ$371,$AX103,$BA$71:$BA$371,"Despesas") -> 0 | BD103: =SUMIFS($BB$71:$BB$371,$AZ$71:$AZ$371,$AX103,$BA$71:$BA$371,"Dívidas") -> 0 | BE103: =SUMIFS($BB$71:$BB$371,$AZ$71:$AZ$371,$AX103,$BA$71:$BA$371,"Investimentos") -> 0
P104: 0 | AZ104: =+C104 -> 0 | BA104: =+J104 -> 0 | BB104: =+P104 -> 0 | BC104: =SUMIFS($BB$71:$BB$371,$AZ$71:$AZ$371,$AX104,$BA$71:$BA$371,"Despesas") -> 0 | BD104: =SUMIFS($BB$71:$BB$371,$AZ$71:$AZ$371,$AX104,$BA$71:$BA$371,"Dívidas") -> 0 | BE104: =SUMIFS($BB$71:$BB$371,$AZ$71:$AZ$371,$AX104,$BA$71:$BA$371,"Investimentos") -> 0
P105: 0 | AZ105: =+C105 -> 0 | BA105: =+J105 -> 0 | BB105: =+P105 -> 0 | BC105: =SUMIFS($BB$71:$BB$371,$AZ$71:$AZ$371,$AX105,$BA$71:$BA$371,"Despesas") -> 0 | BD105: =SUMIFS($BB$71:$BB$371,$AZ$71:$AZ$371,$AX105,$BA$71:$BA$371,"Dívidas") -> 0 | BE105: =SUMIFS($BB$71:$BB$371,$AZ$71:$AZ$371,$AX105,$BA$71:$BA$371,"Investimentos") -> 0
P106: 0 | AZ106: =+C106 -> 0 | BA106: =+J106 -> 0 | BB106: =+P106 -> 0 | BC106: =SUMIFS($BB$71:$BB$371,$AZ$71:$AZ$371,$AX106,$BA$71:$BA$371,"Despesas") -> 0 | BD106: =SUMIFS($BB$71:$BB$371,$AZ$71:$AZ$371,$AX106,$BA$71:$BA$371,"Dívidas") -> 0 | BE106: =SUMIFS($BB$71:$BB$371,$AZ$71:$AZ$371,$AX106,$BA$71:$BA$371,"Investimentos") -> 0
P107: 0 | AZ107: =+C107 -> 0 | BA107: =+J107 -> 0 | BB107: =+P107 -> 0 | BC107: =SUMIFS($BB$71:$BB$371,$AZ$71:$AZ$371,$AX107,$BA$71:$BA$371,"Despesas") -> 0 | BD107: =SUMIFS($BB$71:$BB$371,$AZ$71:$AZ$371,$AX107,$BA$71:$BA$371,"Dívidas") -> 0 | BE107: =SUMIFS($BB$71:$BB$371,$AZ$71:$AZ$371,$AX107,$BA$71:$BA$371,"Investimentos") -> 0
P108: 0 | AZ108: =+C108 -> 0 | BA108: =+J108 -> 0 | BB108: =+P108 -> 0 | BC108: =SUMIFS($BB$71:$BB$371,$AZ$71:$AZ$371,$AX108,$BA$71:$BA$371,"Despesas") -> 0 | BD108: =SUMIFS($BB$71:$BB$371,$AZ$71:$AZ$371,$AX108,$BA$71:$BA$371,"Dívidas") -> 0 | BE108: =SUMIFS($BB$71:$BB$371,$AZ$71:$AZ$371,$AX108,$BA$71:$BA$371,"Investimentos") -> 0
P109: 0 | AZ109: =+C109 -> 0 | BA109: =+J109 -> 0 | BB109: =+P109 -> 0 | BC109: =SUMIFS($BB$71:$BB$371,$AZ$71:$AZ$371,$AX109,$BA$71:$BA$371,"Despesas") -> 0 | BD109: =SUMIFS($BB$71:$BB$371,$AZ$71:$AZ$371,$AX109,$BA$71:$BA$371,"Dívidas") -> 0 | BE109: =SUMIFS($BB$71:$BB$371,$AZ$71:$AZ$371,$AX109,$BA$71:$BA$371,"Investimentos") -> 0
P110: 0 | AZ110: =+C110 -> 0 | BA110: =+J110 -> 0 | BB110: =+P110 -> 0 | BC110: =SUMIFS($BB$71:$BB$371,$AZ$71:$AZ$371,$AX110,$BA$71:$BA$371,"Despesas") -> 0 | BD110: =SUMIFS($BB$71:$BB$371,$AZ$71:$AZ$371,$AX110,$BA$71:$BA$371,"Dívidas") -> 0 | BE110: =SUMIFS($BB$71:$BB$371,$AZ$71:$AZ$371,$AX110,$BA$71:$BA$371,"Investimentos") -> 0
P111: 0 | AZ111: =+C111 -> 0 | BA111: =+J111 -> 0 | BB111: =+P111 -> 0 | BC111: =SUMIFS($BB$71:$BB$371,$AZ$71:$AZ$371,$AX111,$BA$71:$BA$371,"Despesas") -> 0 | BD111: =SUMIFS($BB$71:$BB$371,$AZ$71:$AZ$371,$AX111,$BA$71:$BA$371,"Dívidas") -> 0 | BE111: =SUMIFS($BB$71:$BB$371,$AZ$71:$AZ$371,$AX111,$BA$71:$BA$371,"Investimentos") -> 0
P112: 0 | AZ112: =+C112 -> 0 | BA112: =+J112 -> 0 | BB112: =+P112 -> 0 | BC112: =SUMIFS($BB$71:$BB$371,$AZ$71:$AZ$371,$AX112,$BA$71:$BA$371,"Despesas") -> 0 | BD112: =SUMIFS($BB$71:$BB$371,$AZ$71:$AZ$371,$AX112,$BA$71:$BA$371,"Dívidas") -> 0 | BE112: =SUMIFS($BB$71:$BB$371,$AZ$71:$AZ$371,$AX112,$BA$71:$BA$371,"Investimentos") -> 0
P113: 0 | AZ113: =+C113 -> 0 | BA113: =+J113 -> 0 | BB113: =+P113 -> 0 | BC113: =SUMIFS($BB$71:$BB$371,$AZ$71:$AZ$371,$AX113,$BA$71:$BA$371,"Despesas") -> 0 | BD113: =SUMIFS($BB$71:$BB$371,$AZ$71:$AZ$371,$AX113,$BA$71:$BA$371,"Dívidas") -> 0 | BE113: =SUMIFS($BB$71:$BB$371,$AZ$71:$AZ$371,$AX113,$BA$71:$BA$371,"Investimentos") -> 0
... P371: 0 | AZ371: =+C371 -> 0 | BA371: =+J371 -> 0 | BB371: =+P371 -> 0 | BC371: =SUMIFS($BB$71:$BB$371,$AZ$71:$AZ$371,$AX371,$BA$71:$BA$371,"Despesas") -> 0 | BD371: =SUMIFS($BB$71:$BB$371,$AZ$71:$AZ$371,$AX371,$BA$71:$BA$371,"Dívidas") -> 0 | BE371: =SUMIFS($BB$71:$BB$371,$AZ$71:$AZ$371,$AX371,$BA$71:$BA$371,"Investimentos") -> 0

Sheet Jun
C2: Junho
J3: =SUM(F12:F19) -> 17150 | M3: =SUM(F25:F40) -> 9668 | P3: =SUM(F46:F53) -> 1700 | S3: =SUM(F59:F66) -> 4400 | V3: =+J3-M3-P3-S3 -> 1382 | W3: =+K1-N1-Q1-T1 -> 0
J4: Receita Total | M4: Despesa Total | P4: Pagamento de Dívidas Total | S4: Invetimentos Totais | V4: Não Alocado
J5: =REPT("|",J6*220) -> ||||||||||||||||||||||||||||||||||||||||||||||||||||||||||||||||||||||||||||||||||||||||||||||||||||||||||||||||||||||||||||||||||||||||||||||||||||||||||||||||||||||||||||||||||||||||||||||||||||||||||||||||||||||||||||||||||||||||||||||||||||||||||||||||||||||||||||||||||||||||||||||||||||||||||||||||||||||||||||||||||||||||||||||||||||||||||||||||||||||||||||||||||||||||||||||||||||||| | M5: =REPT("|",M6*95) -> ||||||||||||||||||||||||||||||||||||||||||||||||||||||||||||||||||||||||||||||||||||||||||||||||||||||||||||||||||||||||||||||||||||||||||||||||||||||||||||||||||||||||||||||||||||||||||||||||||||||||||||||||||||||||||||||||||||||||||||||||||||||||| | P5: =REPT("|",P6*95) -> |||||||||||||||||||||||||||||||||||||||||||||||||||| | S5: =REPT("|",S6*95) -> |||||||||||||||||||||||||||||||||||||||||||||||||||||||||||||||||||||||||||||| | V5: =REPT("|",V6*95) -> |||||||
C6: Dashboard Mensal | J6: =J3/SUM(E12:E19) -> 1.780893 | K6: {=_xlfn.IFS(J3>SUM(E12:E19),'Base de Dados'!BE12,Jun!J3<SUM(Jun!E12:E19),'Base de Dados'!BE11,Jun!J3=SUM(Jun!E12:E19),'Base de Dados'!BE13)} -> Acima da Meta | M6: =+M3/SUM(E25:E40) -> 2.6236092 | N6: {=_xlfn.IFS(M3>E41,"Acima do orçamento",Jun!M3<E41,"Abaixo do Orçado",Jun!M3=E41,'Base de Dados'!BE13)} -> Acima do orçamento | P6: =P3/SUM(E46:E53) -> 0.55737705 | Q6: {=_xlfn.IFS(P3<E54,'Base de Dados'!$BE$11,Jun!P3>E54,'Base de Dados'!$BE$12,Jun!P3=E54,'Base de Dados'!$BE$13)} -> Abaixo da Meta | S6: =+S3/SUM(E59:E67) -> 0.83018868 | T6: {=_xlfn.IFS(S3<E67,'Base de Dados'!$BE$11,Jun!S3>E67,'Base de Dados'!$BE$12,Jun!S3=E67,'Base de Dados'!$BE$13)} -> Acima da Meta | V6: =+V3/J3 -> 0.08058309 | W6: da Receita Total
B9: =+'Base de Dados'!C6 -> Receitas
C11: Categoria | E11: Meta | F11: Realizado | G11: Dif
C12: =+'Base de Dados'!C9 -> Salário | E12: =IFERROR(VLOOKUP(C12,Orçamento!$C$9:$P$37,3,0),0) -> 4500 | F12: =SUMIF($M$71:$N$371,C12,$P$71:$Q$371) -> 10000 | G12: =+F12-E12 -> 5500 | J12: ="Receita em "&C2 -> Receita em Junho | V12: Receita com Salário
C13: =+'Base de Dados'!C10 -> Salário Cônjuge | E13: =IFERROR(VLOOKUP(C13,Orçamento!$C$9:$P$37,3,0),0) -> 4350 | F13: =SUMIF($M$71:$N$371,C13,$P$71:$Q$371) -> 3500 | G13: =+F13-E13 -> -850 | J13: Meta | K13: Realizado | V13: =SUMIFS(F12:F19,C12:C19, "Salário*") -> 13500
C14: =+'Base de Dados'!C11 -> Dividendos | E14: =IFERROR(VLOOKUP(C14,Orçamento!$C$9:$P$37,3,0),0) -> 100 | F14: =SUMIF($M$71:$N$371,C14,$P$71:$Q$371) -> 250 | G14: =+F14-E14 -> 150 | J14: =+E20 -> 9630 | K14: =SUM(F12:F19) -> 17150 | V14: =REPT("|",V15*180) -> |||||||||||||||||||||||||||||||||||||||||||||||||||||||||||||||||||||||||||||||||||||||||||||||||||||||||||||||||||||||||||||||||||||||||||||
C15: =+'Base de Dados'!C12 -> Reembolsos | E15: =IFERROR(VLOOKUP(C15,Orçamento!$C$9:$P$37,3,0),0) -> 250 | F15: =SUMIF($M$71:$N$371,C15,$P$71:$Q$371) -> 0 | G15: =+F15-E15 -> -250 | J15: =REPT("|",J16*220) -> ||||||||||||||||||||||||||||||||||||||||||||||||||||||||||||||||||||||||||||||||||||||||||||||||||||||||||||||||||||||||||||||||||||||||||||||||||||||||||||||||||||||||||||||||||||||||||||||||||||||||||||||||||||||||||||||||||||||||||||||||||||||||||||||||||||||||||||||||||||||||||||||||||||||||||||||||||||||||||||||||||||||||||||||||||||||||||||||||||||||||||||||||||||||||||||||||||||||| | V15: =+V13/SUM(F12:F19) -> 0.78717201
C16: =+'Base de Dados'!C13 -> Presentes Receitas | E16: =IFERROR(VLOOKUP(C16,Orçamento!$C$9:$P$37,3,0),0) -> 100 | F16: =SUMIF($M$71:$N$371,C16,$P$71:$Q$371) -> 0 | G16: =+F16-E16 -> -100 | J16: =+K14/J14 -> 1.780893 | V16: Outras Receitas
C17: =+'Base de Dados'!C14 -> Aluguéis | E17: =IFERROR(VLOOKUP(C17,Orçamento!$C$9:$P$37,3,0),0) -> 30 | F17: =SUMIF($M$71:$N$371,C17,$P$71:$Q$371) -> 0 | G17: =+F17-E17 -> -30 | J17: =+K14-J14 -> 7520 | V17: =SUM(F12:F19)-V13 -> 3650
C18: =+'Base de Dados'!C15 -> Juros | E18: =IFERROR(VLOOKUP(C18,Orçamento!$C$9:$P$37,3,0),0) -> 300 | F18: =SUMIF($M$71:$N$371,C18,$P$71:$Q$371) -> 1400 | G18: =+F18-E18 -> 1100 | V18: =REPT("|",V19*180) -> ||||||||||||||||||||||||||||||||||||||
C19: =+'Base de Dados'!C16 -> Renda Extra | E19: =IFERROR(VLOOKUP(C19,Orçamento!$C$9:$P$37,3,0),0) -> 0 | F19: =SUMIF($M$71:$N$371,C19,$P$71:$Q$371) -> 2000 | G19: =+F19-E19 -> 2000 | J19: =_xlfn.CONCAT(K6," ","neste mês") -> Acima da Meta neste mês | V19: =+V17/SUM(F12:F19) -> 0.21282799
E20: =SUM(E12:E19) -> 9630
B22: =+'Base de Dados'!C19 -> Despesas
C24: Categoria | E24: Orçado | F24: Realizado | G24: Dif | J24: Despesas no mês | M24: Gastos por Dia | S24: % da Recita alocada para Despesas
B25: =+'Base de Dados'!B22 -> 0 | C25: =+'Base de Dados'!C22 -> Casa | E25: =IFERROR(VLOOKUP(C25,Orçamento!$C$23:$P$37,3,0),0) -> 750 | F25: =SUMIF($M$71:$N$371,C25,$P$71:$Q$371) -> 200 | G25: =+F25-E25 -> -550 | J25: Orçado | K25: Realizado | S25: =REPT("|",S26*200) -> ||||||||||||||||||||||||||||||||||||||||||||||||||||||||||||||||||||||||||||||||||||||||||||||||||||||||||||||||
B26: =+'Base de Dados'!B23 -> 0 | C26: =+'Base de Dados'!C23 -> Transporte | E26: =IFERROR(VLOOKUP(C26,Orçamento!$C$23:$P$37,3,0),0) -> 340 | F26: =SUMIF($M$71:$N$371,C26,$P$71:$Q$371) -> 0 | G26: =+F26-E26 -> -340 | J26: =SUM(E25:E40) -> 3685 | K26: =SUM(F25:F40) -> 9668 | S26: =+$K$26/$J$3 -> 0.56373178
B27: =+'Base de Dados'!B24 -> 0 | C27: =+'Base de Dados'!C24 -> Alimentação | E27: =IFERROR(VLOOKUP(C27,Orçamento!$C$23:$P$37,3,0),0) -> 220 | F27: =SUMIF($M$71:$N$371,C27,$P$71:$Q$371) -> 715 | G27: =+F27-E27 -> 495 | J27: =REPT("|",J28*220) -> |||||||||||||||||||||||||||||||||||||||||||||||||||||||||||||||||||||||||||||||||||||||||||||||||||||||||||||||||||||||||||||||||||||||||||||||||||||||||||||||||||||||||||||||||||||||||||||||||||||||||||||||||||||||||||||||||||||||||||||||||||||||||||||||||||||||||||||||||||||||||||||||||||||||||||||||||||||||||||||||||||||||||||||||||||||||||||||||||||||||||||||||||||||||||||||||||||||||||||||||||||||||||||||||||||||||||||||||||||||||||||||||||||||||||||||||||||||||||||||||||||||||||||||||||||||||||||||||||||||||||||||||||||||||||||||||||||||||||||||||||||||||||||||||||
B28: =+'Base de Dados'!B25 -> 0 | C28: =+'Base de Dados'!C25 -> Utilidades | E28: =IFERROR(VLOOKUP(C28,Orçamento!$C$23:$P$37,3,0),0) -> 140 | F28: =SUMIF($M$71:$N$371,C28,$P$71:$Q$371) -> 0 | G28: =+F28-E28 -> -140 | J28: =+K26/J26 -> 2.6236092
B29: =+'Base de Dados'!B26 -> 0 | C29: =+'Base de Dados'!C26 -> Seguro | E29: =IFERROR(VLOOKUP(C29,Orçamento!$C$23:$P$37,3,0),0) -> 280 | F29: =SUMIF($M$71:$N$371,C29,$P$71:$Q$371) -> 0 | G29: =+F29-E29 -> -280 | J29: =+J26-K26 -> -5983
B30: =+'Base de Dados'!B27 -> 0 | C30: =+'Base de Dados'!C27 -> Educação | E30: =IFERROR(VLOOKUP(C30,Orçamento!$C$23:$P$37,3,0),0) -> 190 | F30: =SUMIF($M$71:$N$371,C30,$P$71:$Q$371) -> 95 | G30: =+F30-E30 -> -95
B31: =+'Base de Dados'!B28 -> 0 | C31: =+'Base de Dados'!C28 -> Entretenimento | E31: =IFERROR(VLOOKUP(C31,Orçamento!$C$23:$P$37,3,0),0) -> 520 | F31: =SUMIF($M$71:$N$371,C31,$P$71:$Q$371) -> 3000 | G31: =+F31-E31 -> 2480 | J31: =_xlfn.CONCAT(N6," ","este mês") -> Acima do orçamento este mês
B32: =+'Base de Dados'!B29 -> 0 | C32: =+'Base de Dados'!C29 -> Roupas | E32: =IFERROR(VLOOKUP(C32,Orçamento!$C$23:$P$37,3,0),0) -> 80 | F32: =SUMIF($M$71:$N$371,C32,$P$71:$Q$371) -> 500 | G32: =+F32-E32 -> 420
B33: =+'Base de Dados'!B30 -> 0 | C33: =+'Base de Dados'!C30 -> Cuidados Pessoais | E33: =IFERROR(VLOOKUP(C33,Orçamento!$C$23:$P$37,3,0),0) -> 180 | F33: =SUMIF($M$71:$N$371,C33,$P$71:$Q$371) -> 0 | G33: =+F33-E33 -> -180
B34: =+'Base de Dados'!B31 -> 0 | C34: =+'Base de Dados'!C31 -> Presentes | E34: =IFERROR(VLOOKUP(C34,Orçamento!$C$23:$P$37,3,0),0) -> 70 | F34: =SUMIF($M$71:$N$371,C34,$P$71:$Q$371) -> 48 | G34: =+F34-E34 -> -22 | J34: Categorias Abaixo | K34: Categorias Acima
B35: =+'Base de Dados'!B32 -> 0 | C35: =+'Base de Dados'!C32 -> Doações | E35: =IFERROR(VLOOKUP(C35,Orçamento!$C$23:$P$37,3,0),0) -> 280 | F35: =SUMIF($M$71:$N$371,C35,$P$71:$Q$371) -> 20 | G35: =+F35-E35 -> -260 | J35: =COUNTIF(G25:G40,">0") -> 4 | K35: =COUNTIF(G25:G40,"<0") -> 10
B36: =+'Base de Dados'!B33 -> 0 | C36: =+'Base de Dados'!C33 -> Lazer | E36: =IFERROR(VLOOKUP(C36,Orçamento!$C$23:$P$37,3,0),0) -> 90 | F36: =SUMIF($M$71:$N$371,C36,$P$71:$Q$371) -> 90 | G36: =+F36-E36 -> 0 | J36: =+J35/(SUM($J$35,$K$35)) -> 0.28571429 | K36: =+K35/(SUM($J$35,$K$35)) -> 0.71428571
B37: =+'Base de Dados'!B34 -> 0 | C37: =+'Base de Dados'!C34 -> Animal de Estimação | E37: =IFERROR(VLOOKUP(C37,Orçamento!$C$23:$P$37,3,0),0) -> 150 | F37: =SUMIF($M$71:$N$371,C37,$P$71:$Q$371) -> 5000 | G37: =+F37-E37 -> 4850 | J37: 1 | K37: =100%-K36 -> 0.28571429
B38: =+'Base de Dados'!B35 -> 0 | C38: =+'Base de Dados'!C35 -> Viagens | E38: =IFERROR(VLOOKUP(C38,Orçamento!$C$23:$P$37,3,0),0) -> 300 | F38: =SUMIF($M$71:$N$371,C38,$P$71:$Q$371) -> 0 | G38: =+F38-E38 -> -300
C39: =+'Base de Dados'!C36 -> Streaming | E39: =IFERROR(VLOOKUP(C39,Orçamento!$C$23:$P$37,3,0),0) -> 95 | F39: =SUMIF($M$71:$N$371,C39,$P$71:$Q$371) -> 0 | G39: =+F39-E39 -> -95
B40: =+'Base de Dados'!B36 -> 0 | C40: =+'Base de Dados'!C37 -> Videogame | E40: =IFERROR(VLOOKUP(C40,Orçamento!$C$23:$P$37,3,0),0) -> 0 | F40: =SUMIF($M$71:$N$371,C40,$P$71:$Q$371) -> 0 | G40: =+F40-E40 -> 0
E41: =SUM(E25:E40) -> 3685
B43: =+'Base de Dados'!G6 -> Dívidas
C45: Categoria | E45: Orçado | F45: Realizado | G45: Dif | J45: Pagamento de Dívidas no mês
B46: =+'Base de Dados'!F8 -> 0 | C46: =+'Base de Dados'!G9 -> Financiamento Carro | E46: =IFERROR(VLOOKUP(C46,Orçamento!$C$44:$P$51,3,0),0) -> 720 | F46: =SUMIF($M$71:$N$371,C46,$P$71:$Q$371) -> 0 | G46: =+F46-E46 -> -720 | J46: Orçado | K46: Realizado
B47: =+'Base de Dados'!F9 -> 0 | C47: =+'Base de Dados'!G10 -> Empréstimo Estudantil | E47: =IFERROR(VLOOKUP(C47,Orçamento!$C$44:$P$51,3,0),0) -> 330 | F47: =SUMIF($M$71:$N$371,C47,$P$71:$Q$371) -> 500 | G47: =+F47-E47 -> 170 | J47: =SUM(E46:E53) -> 3050 | K47: =SUM(F46:F53) -> 1700
B48: =+'Base de Dados'!F10 -> 0 | C48: =+'Base de Dados'!G11 -> Cartão de Crédito | E48: =IFERROR(VLOOKUP(C48,Orçamento!$C$44:$P$51,3,0),0) -> 450 | F48: =SUMIF($M$71:$N$371,C48,$P$71:$Q$371) -> 900 | G48: =+F48-E48 -> 450 | J48: =REPT("|",J49*210) -> |||||||||||||||||||||||||||||||||||||||||||||||||||||||||||||||||||||||||||||||||||||||||||||||||||||||||||||||||||||
B49: =+'Base de Dados'!F11 -> 0 | C49: =+'Base de Dados'!G12 -> Financiamento Apto | E49: =IFERROR(VLOOKUP(C49,Orçamento!$C$44:$P$51,3,0),0) -> 190 | F49: =SUMIF($M$71:$N$371,C49,$P$71:$Q$371) -> 0 | G49: =+F49-E49 -> -190 | J49: =+K47/J47 -> 0.55737705
B50: =+'Base de Dados'!F12 -> 0 | C50: =+'Base de Dados'!G13 -> Consórcio | E50: =IFERROR(VLOOKUP(C50,Orçamento!$C$44:$P$51,3,0),0) -> 290 | F50: =SUMIF($M$71:$N$371,C50,$P$71:$Q$371) -> 300 | G50: =+F50-E50 -> 10 | J50: =+J47-K47 -> 1350
B51: =+'Base de Dados'!F13 -> 0 | C51: =+'Base de Dados'!G14 -> Empréstimo | E51: =IFERROR(VLOOKUP(C51,Orçamento!$C$44:$P$51,3,0),0) -> 370 | F51: =SUMIF($M$71:$N$371,C51,$P$71:$Q$371) -> 0 | G51: =+F51-E51 -> -370
B52: =+'Base de Dados'!F14 -> 0 | C52: =+'Base de Dados'!G15 -> Agiota | E52: =IFERROR(VLOOKUP(C52,Orçamento!$C$44:$P$51,3,0),0) -> 520 | F52: =SUMIF($M$71:$N$371,C52,$P$71:$Q$371) -> 0 | G52: =+F52-E52 -> -520 | J52: =_xlfn.CONCAT(Q6," ","neste mês") -> Abaixo da Meta neste mês
B53: =+'Base de Dados'!F15 -> 0 | C53: =+'Base de Dados'!G16 -> Financiamento Lote | E53: =IFERROR(VLOOKUP(C53,Orçamento!$C$44:$P$51,3,0),0) -> 180 | F53: =SUMIF($M$71:$N$371,C53,$P$71:$Q$371) -> 0 | G53: =+F53-E53 -> -180
E54: =SUM(E46:E53) -> 3050
B56: =+'Base de Dados'!G19 -> Investimentos
C58: Categoria | E58: Meta | F58: Realizado | G58: Dif | J58: Investimentos no Mês
B59: =+'Base de Dados'!F21 -> 0 | C59: =+'Base de Dados'!G22 -> Reserva de Emergência | E59: =IFERROR(VLOOKUP(C59,Orçamento!$C$58:$P$65,3,0),0) -> 350 | F59: =SUMIF($M$71:$N$371,C59,$P$71:$Q$371) -> 0 | G59: =+F59-E59 -> -350 | J59: Meta | K59: Realizado
B60: =+'Base de Dados'!F22 -> 0 | C60: =+'Base de Dados'!G23 -> Previdência | E60: =IFERROR(VLOOKUP(C60,Orçamento!$C$58:$P$65,3,0),0) -> 230 | F60: =SUMIF($M$71:$N$371,C60,$P$71:$Q$371) -> 0 | G60: =+F60-E60 -> -230 | J60: =SUM(E59:E66) -> 2650 | K60: =SUM(F59:F66) -> 4400
B61: =+'Base de Dados'!F23 -> 0 | C61: =+'Base de Dados'!G24 -> Ações | E61: =IFERROR(VLOOKUP(C61,Orçamento!$C$58:$P$65,3,0),0) -> 220 | F61: =SUMIF($M$71:$N$371,C61,$P$71:$Q$371) -> 0 | G61: =+F61-E61 -> -220 | J61: =REPT("|",J62*220) -> |||||||||||||||||||||||||||||||||||||||||||||||||||||||||||||||||||||||||||||||||||||||||||||||||||||||||||||||||||||||||||||||||||||||||||||||||||||||||||||||||||||||||||||||||||||||||||||||||||||||||||||||||||||||||||||||||||||||||||||||||||||||||||||||||||||||||||||||||||||||||||||||||||||||||||||||||||||||||||||||||||||||||||||||||||||||||||||||||||||||||||||
B62: =+'Base de Dados'!F24 -> 0 | C62: =+'Base de Dados'!G25 -> Fundos Imobiliários | E62: =IFERROR(VLOOKUP(C62,Orçamento!$C$58:$P$65,3,0),0) -> 390 | F62: =SUMIF($M$71:$N$371,C62,$P$71:$Q$371) -> 0 | G62: =+F62-E62 -> -390 | J62: =+K60/J60 -> 1.6603774
B63: =+'Base de Dados'!F25 -> 0 | C63: =+'Base de Dados'!G26 -> Renda Fixa | E63: =IFERROR(VLOOKUP(C63,Orçamento!$C$58:$P$65,3,0),0) -> 290 | F63: =SUMIF($M$71:$N$371,C63,$P$71:$Q$371) -> 100 | G63: =+F63-E63 -> -190 | J63: =+J60-K60 -> -1750
B64: =+'Base de Dados'!F26 -> 0 | C64: =+'Base de Dados'!G27 -> CDB Bradesco | E64: =IFERROR(VLOOKUP(C64,Orçamento!$C$58:$P$65,3,0),0) -> 250 | F64: =SUMIF($M$71:$N$371,C64,$P$71:$Q$371) -> 4200 | G64: =+F64-E64 -> 3950
B65: =+'Base de Dados'!F27 -> 0 | C65: =+'Base de Dados'!G28 -> CDB Itaú | E65: =IFERROR(VLOOKUP(C65,Orçamento!$C$58:$P$65,3,0),0) -> 530 | F65: =SUMIF($M$71:$N$371,C65,$P$71:$Q$371) -> 0 | G65: =+F65-E65 -> -530 | J65: =_xlfn.CONCAT(T6," ","neste mês") -> Acima da Meta neste mês
B66: =+'Base de Dados'!F28 -> 0 | C66: =+'Base de Dados'!G29 -> Imóveis | E66: =IFERROR(VLOOKUP(C66,Orçamento!$C$58:$P$65,3,0),0) -> 390 | F66: =SUMIF($M$71:$N$371,C66,$P$71:$Q$371) -> 100 | G66: =+F66-E66 -> -290
E67: =SUM(E59:E66) -> 2650 | F67: =SUM(F59:F66) -> 4400
C69: Transações
C70: Data | E70: Descrição | J70: Tipo | M70: Categoria | P70: Valor | S70: Notas | AX70: Date | BC70: =+'Base de Dados'!C19 -> Despesas | BD70: =+'Base de Dados'!G6 -> Dívidas | BE70: =+'Base de Dados'!G19 -> Investimentos
C71: 45450 | J71: Receitas | M71: Salário | P71: 10000 | AX71: 45444 | AZ71: =+C71 -> 45450 | BA71: =+J71 -> Receitas | BB71: =+P71 -> 10000 | BC71: =SUMIFS($BB$71:$BB$371,$AZ$71:$AZ$371,$AX71,$BA$71:$BA$371,"Despesas") -> 0 | BD71: =SUMIFS($BB$71:$BB$371,$AZ$71:$AZ$371,$AX71,$BA$71:$BA$371,"Dívidas") -> 0 | BE71: =SUMIFS($BB$71:$BB$371,$AZ$71:$AZ$371,$AX71,$BA$71:$BA$371,"Investimentos") -> 0
C72: 45451 | J72: Receitas | M72: Salário Cônjuge | P72: 3500 | AX72: 45445 | AZ72: =+C72 -> 45451 | BA72: =+J72 -> Receitas | BB72: =+P72 -> 3500 | BC72: =SUMIFS($BB$71:$BB$371,$AZ$71:$AZ$371,$AX72,$BA$71:$BA$371,"Despesas") -> 0 | BD72: =SUMIFS($BB$71:$BB$371,$AZ$71:$AZ$371,$AX72,$BA$71:$BA$371,"Dívidas") -> 0 | BE72: =SUMIFS($BB$71:$BB$371,$AZ$71:$AZ$371,$AX72,$BA$71:$BA$371,"Investimentos") -> 0
C73: 45452 | J73: Despesas | M73: Casa | P73: 200 | AX73: 45446 | AZ73: =+C73 -> 45452 | BA73: =+J73 -> Despesas | BB73: =+P73 -> 200 | BC73: =SUMIFS($BB$71:$BB$371,$AZ$71:$AZ$371,$AX73,$BA$71:$BA$371,"Despesas") -> 0 | BD73: =SUMIFS($BB$71:$BB$371,$AZ$71:$AZ$371,$AX73,$BA$71:$BA$371,"Dívidas") -> 0 | BE73: =SUMIFS($BB$71:$BB$371,$AZ$71:$AZ$371,$AX73,$BA$71:$BA$371,"Investimentos") -> 0
C74: 45453 | J74: Dívidas | M74: Empréstimo Estudantil | P74: 500 | AX74: 45447 | AZ74: =+C74 -> 45453 | BA74: =+J74 -> Dívidas | BB74: =+P74 -> 500 | BC74: =SUMIFS($BB$71:$BB$371,$AZ$71:$AZ$371,$AX74,$BA$71:$BA$371,"Despesas") -> 0 | BD74: =SUMIFS($BB$71:$BB$371,$AZ$71:$AZ$371,$AX74,$BA$71:$BA$371,"Dívidas") -> 0 | BE74: =SUMIFS($BB$71:$BB$371,$AZ$71:$AZ$371,$AX74,$BA$71:$BA$371,"Investimentos") -> 0
C75: 45454 | J75: Investimentos | M75: Previdência | AX75: 45448 | AZ75: =+C75 -> 45454 | BA75: =+J75 -> Investimentos | BB75: =+P75 -> 0 | BC75: =SUMIFS($BB$71:$BB$371,$AZ$71:$AZ$371,$AX75,$BA$71:$BA$371,"Despesas") -> 0 | BD75: =SUMIFS($BB$71:$BB$371,$AZ$71:$AZ$371,$AX75,$BA$71:$BA$371,"Dívidas") -> 0 | BE75: =SUMIFS($BB$71:$BB$371,$AZ$71:$AZ$371,$AX75,$BA$71:$BA$371,"Investimentos") -> 0
C76: 45455 | J76: Receitas | M76: Dividendos | P76: 50 | AX76: 45449 | AZ76: =+C76 -> 45455 | BA76: =+J76 -> Receitas | BB76: =+P76 -> 50 | BC76: =SUMIFS($BB$71:$BB$371,$AZ$71:$AZ$371,$AX76,$BA$71:$BA$371,"Despesas") -> 0 | BD76: =SUMIFS($BB$71:$BB$371,$AZ$71:$AZ$371,$AX76,$BA$71:$BA$371,"Dívidas") -> 0 | BE76: =SUMIFS($BB$71:$BB$371,$AZ$71:$AZ$371,$AX76,$BA$71:$BA$371,"Investimentos") -> 0
C77: 45456 | J77: Despesas | M77: Alimentação | P77: 30 | AX77: 45450 | AZ77: =+C77 -> 45456 | BA77: =+J77 -> Despesas | BB77: =+P77 -> 30 | BC77: =SUMIFS($BB$71:$BB$371,$AZ$71:$AZ$371,$AX77,$BA$71:$BA$371,"Despesas") -> 0 | BD77: =SUMIFS($BB$71:$BB$371,$AZ$71:$AZ$371,$AX77,$BA$71:$BA$371,"Dívidas") -> 0 | BE77: =SUMIFS($BB$71:$BB$371,$AZ$71:$AZ$371,$AX77,$BA$71:$BA$371,"Investimentos") -> 0
C78: 45457 | J78: Investimentos | M78: Renda Fixa | P78: 100 | AX78: 45451 | AZ78: =+C78 -> 45457 | BA78: =+J78 -> Investimentos | BB78: =+P78 -> 100 | BC78: =SUMIFS($BB$71:$BB$371,$AZ$71:$AZ$371,$AX78,$BA$71:$BA$371,"Despesas") -> 0 | BD78: =SUMIFS($BB$71:$BB$371,$AZ$71:$AZ$371,$AX78,$BA$71:$BA$371,"Dívidas") -> 0 | BE78: =SUMIFS($BB$71:$BB$371,$AZ$71:$AZ$371,$AX78,$BA$71:$BA$371,"Investimentos") -> 0
C79: 45458 | J79: Investimentos | M79: Imóveis | P79: 100 | AX79: 45452 | AZ79: =+C79 -> 45458 | BA79: =+J79 -> Investimentos | BB79: =+P79 -> 100 | BC79: =SUMIFS($BB$71:$BB$371,$AZ$71:$AZ$371,$AX79,$BA$71:$BA$371,"Despesas") -> 200 | BD79: =SUMIFS($BB$71:$BB$371,$AZ$71:$AZ$371,$AX79,$BA$71:$BA$371,"Dívidas") -> 0 | BE79: =SUMIFS($BB$71:$BB$371,$AZ$71:$AZ$371,$AX79,$BA$71:$BA$371,"Investimentos") -> 0
C80: 45459 | J80: Receitas | M80: Dividendos | P80: 200 | AX80: 45453 | AZ80: =+C80 -> 45459 | BA80: =+J80 -> Receitas | BB80: =+P80 -> 200 | BC80: =SUMIFS($BB$71:$BB$371,$AZ$71:$AZ$371,$AX80,$BA$71:$BA$371,"Despesas") -> 0 | BD80: =SUMIFS($BB$71:$BB$371,$AZ$71:$AZ$371,$AX80,$BA$71:$BA$371,"Dívidas") -> 500 | BE80: =SUMIFS($BB$71:$BB$371,$AZ$71:$AZ$371,$AX80,$BA$71:$BA$371,"Investimentos") -> 0
C81: 45460 | J81: Despesas | M81: Entretenimento | P81: 3000 | AX81: 45454 | AZ81: =+C81 -> 45460 | BA81: =+J81 -> Despesas | BB81: =+P81 -> 3000 | BC81: =SUMIFS($BB$71:$BB$371,$AZ$71:$AZ$371,$AX81,$BA$71:$BA$371,"Despesas") -> 0 | BD81: =SUMIFS($BB$71:$BB$371,$AZ$71:$AZ$371,$AX81,$BA$71:$BA$371,"Dívidas") -> 0 | BE81: =SUMIFS($BB$71:$BB$371,$AZ$71:$AZ$371,$AX81,$BA$71:$BA$371,"Investimentos") -> 0
C82: 45461 | J82: Despesas | M82: Roupas | P82: 500 | AX82: 45455 | AZ82: =+C82 -> 45461 | BA82: =+J82 -> Despesas | BB82: =+P82 -> 500 | BC82: =SUMIFS($BB$71:$BB$371,$AZ$71:$AZ$371,$AX82,$BA$71:$BA$371,"Despesas") -> 0 | BD82: =SUMIFS($BB$71:$BB$371,$AZ$71:$AZ$371,$AX82,$BA$71:$BA$371,"Dívidas") -> 0 | BE82: =SUMIFS($BB$71:$BB$371,$AZ$71:$AZ$371,$AX82,$BA$71:$BA$371,"Investimentos") -> 0
C83: 45462 | J83: Despesas | M83: Lazer | P83: 90 | AX83: 45456 | AZ83: =+C83 -> 45462 | BA83: =+J83 -> Despesas | BB83: =+P83 -> 90 | BC83: =SUMIFS($BB$71:$BB$371,$AZ$71:$AZ$371,$AX83,$BA$71:$BA$371,"Despesas") -> 30 | BD83: =SUMIFS($BB$71:$BB$371,$AZ$71:$AZ$371,$AX83,$BA$71:$BA$371,"Dívidas") -> 0 | BE83: =SUMIFS($BB$71:$BB$371,$AZ$71:$AZ$371,$AX83,$BA$71:$BA$371,"Investimentos") -> 0
C84: 45463 | J84: Dívidas | M84: Consórcio | P84: 300 | AX84: 45457 | AZ84: =+C84 -> 45463 | BA84: =+J84 -> Dívidas | BB84: =+P84 -> 300 | BC84: =SUMIFS($BB$71:$BB$371,$AZ$71:$AZ$371,$AX84,$BA$71:$BA$371,"Despesas") -> 0 | BD84: =SUMIFS($BB$71:$BB$371,$AZ$71:$AZ$371,$AX84,$BA$71:$BA$371,"Dívidas") -> 0 | BE84: =SUMIFS($BB$71:$BB$371,$AZ$71:$AZ$371,$AX84,$BA$71:$BA$371,"Investimentos") -> 100
C85: 45464 | J85: Receitas | M85: Juros | P85: 800 | AX85: 45458 | AZ85: =+C85 -> 45464 | BA85: =+J85 -> Receitas | BB85: =+P85 -> 800 | BC85: =SUMIFS($BB$71:$BB$371,$AZ$71:$AZ$371,$AX85,$BA$71:$BA$371,"Despesas") -> 0 | BD85: =SUMIFS($BB$71:$BB$371,$AZ$71:$AZ$371,$AX85,$BA$71:$BA$371,"Dívidas") -> 0 | BE85: =SUMIFS($BB$71:$BB$371,$AZ$71:$AZ$371,$AX85,$BA$71:$BA$371,"Investimentos") -> 100
C86: 45465 | J86: Despesas | M86: Doações | P86: 20 | AX86: 45459 | AZ86: =+C86 -> 45465 | BA86: =+J86 -> Despesas | BB86: =+P86 -> 20 | BC86: =SUMIFS($BB$71:$BB$371,$AZ$71:$AZ$371,$AX86,$BA$71:$BA$371,"Despesas") -> 0 | BD86: =SUMIFS($BB$71:$BB$371,$AZ$71:$AZ$371,$AX86,$BA$71:$BA$371,"Dívidas") -> 0 | BE86: =SUMIFS($BB$71:$BB$371,$AZ$71:$AZ$371,$AX86,$BA$71:$BA$371,"Investimentos") -> 0
C87: 45466 | J87: Receitas | M87: Juros | P87: 600 | AX87: 45460 | AZ87: =+C87 -> 45466 | BA87: =+J87 -> Receitas | BB87: =+P87 -> 600 | BC87: =SUMIFS($BB$71:$BB$371,$AZ$71:$AZ$371,$AX87,$BA$71:$BA$371,"Despesas") -> 3000 | BD87: =SUMIFS($BB$71:$BB$371,$AZ$71:$AZ$371,$AX87,$BA$71:$BA$371,"Dívidas") -> 0 | BE87: =SUMIFS($BB$71:$BB$371,$AZ$71:$AZ$371,$AX87,$BA$71:$BA$371,"Investimentos") -> 0
... C96: 45475 | J96: Receitas | M96: Renda Extra | P96: 2000 | AX96: 45469 | AZ96: =+C96 -> 45475 | BA96: =+J96 -> Receitas | BB96: =+P96 -> 2000 | BC96: =SUMIFS($BB$71:$BB$371,$AZ$71:$AZ$371,$AX96,$BA$71:$BA$371,"Despesas") -> 5000 | BD96: =SUMIFS($BB$71:$BB$371,$AZ$71:$AZ$371,$AX96,$BA$71:$BA$371,"Dívidas") -> 0 | BE96: =SUMIFS($BB$71:$BB$371,$AZ$71:$AZ$371,$AX96,$BA$71:$BA$371,"Investimentos") -> 0
P97: 0 | AX97: 45470 | AZ97: =+C97 -> 0 | BA97: =+J97 -> 0 | BB97: =+P97 -> 0 | BC97: =SUMIFS($BB$71:$BB$371,$AZ$71:$AZ$371,$AX97,$BA$71:$BA$371,"Despesas") -> 95 | BD97: =SUMIFS($BB$71:$BB$371,$AZ$71:$AZ$371,$AX97,$BA$71:$BA$371,"Dívidas") -> 0 | BE97: =SUMIFS($BB$71:$BB$371,$AZ$71:$AZ$371,$AX97,$BA$71:$BA$371,"Investimentos") -> 0
P98: 0 | AX98: 45471 | AZ98: =+C98 -> 0 | BA98: =+J98 -> 0 | BB98: =+P98 -> 0 | BC98: =SUMIFS($BB$71:$BB$371,$AZ$71:$AZ$371,$AX98,$BA$71:$BA$371,"Despesas") -> 0 | BD98: =SUMIFS($BB$71:$BB$371,$AZ$71:$AZ$371,$AX98,$BA$71:$BA$371,"Dívidas") -> 600 | BE98: =SUMIFS($BB$71:$BB$371,$AZ$71:$AZ$371,$AX98,$BA$71:$BA$371,"Investimentos") -> 0
P99: 0 | AX99: 45472 | AZ99: =+C99 -> 0 | BA99: =+J99 -> 0 | BB99: =+P99 -> 0 | BC99: =SUMIFS($BB$71:$BB$371,$AZ$71:$AZ$371,$AX99,$BA$71:$BA$371,"Despesas") -> 0 | BD99: =SUMIFS($BB$71:$BB$371,$AZ$71:$AZ$371,$AX99,$BA$71:$BA$371,"Dívidas") -> 0 | BE99: =SUMIFS($BB$71:$BB$371,$AZ$71:$AZ$371,$AX99,$BA$71:$BA$371,"Investimentos") -> 4000
P100: 0 | AX100: 45473 | AZ100: =+C100 -> 0 | BA100: =+J100 -> 0 | BB100: =+P100 -> 0 | BC100: =SUMIFS($BB$71:$BB$371,$AZ$71:$AZ$371,$AX100,$BA$71:$BA$371,"Despesas") -> 685 | BD100: =SUMIFS($BB$71:$BB$371,$AZ$71:$AZ$371,$AX100,$BA$71:$BA$371,"Dívidas") -> 0 | BE100: =SUMIFS($BB$71:$BB$371,$AZ$71:$AZ$371,$AX100,$BA$71:$BA$371,"Investimentos") -> 0
P101: 0 | AX101: 45474 | AZ101: =+C101 -> 0 | BA101: =+J101 -> 0 | BB101: =+P101 -> 0 | BC101: =SUMIFS($BB$71:$BB$371,$AZ$71:$AZ$371,$AX101,$BA$71:$BA$371,"Despesas") -> 48 | BD101: =SUMIFS($BB$71:$BB$371,$AZ$71:$AZ$371,$AX101,$BA$71:$BA$371,"Dívidas") -> 0 | BE101: =SUMIFS($BB$71:$BB$371,$AZ$71:$AZ$371,$AX101,$BA$71:$BA$371,"Investimentos") -> 0
P102: 0 | AZ102: =+C102 -> 0 | BA102: =+J102 -> 0 | BB102: =+P102 -> 0 | BC102: =SUMIFS($BB$71:$BB$371,$AZ$71:$AZ$371,$AX102,$BA$71:$BA$371,"Despesas") -> 0 | BD102: =SUMIFS($BB$71:$BB$371,$AZ$71:$AZ$371,$AX102,$BA$71:$BA$371,"Dívidas") -> 0 | BE102: =SUMIFS($BB$71:$BB$371,$AZ$71:$AZ$371,$AX102,$BA$71:$BA$371,"Investimentos") -> 0
P103: 0 | AZ103: =+C103 -> 0 | BA103: =+J103 -> 0 | BB103: =+P103 -> 0 | BC103: =SUMIFS($BB$71:$BB$371,$AZ$71:$AZ$371,$AX103,$BA$71:$BA$371,"Despesas") -> 0 | BD103: =SUMIFS($BB$71:$BB$371,$AZ$71:$AZ$371,$AX103,$BA$71:$BA$371,"Dívidas") -> 0 | BE103: =SUMIFS($BB$71:$BB$371,$AZ$71:$AZ$371,$AX103,$BA$71:$BA$371,"Investimentos") -> 0
P104: 0 | AZ104: =+C104 -> 0 | BA104: =+J104 -> 0 | BB104: =+P104 -> 0 | BC104: =SUMIFS($BB$71:$BB$371,$AZ$71:$AZ$371,$AX104,$BA$71:$BA$371,"Despesas") -> 0 | BD104: =SUMIFS($BB$71:$BB$371,$AZ$71:$AZ$371,$AX104,$BA$71:$BA$371,"Dívidas") -> 0 | BE104: =SUMIFS($BB$71:$BB$371,$AZ$71:$AZ$371,$AX104,$BA$71:$BA$371,"Investimentos") -> 0
P105: 0 | AZ105: =+C105 -> 0 | BA105: =+J105 -> 0 | BB105: =+P105 -> 0 | BC105: =SUMIFS($BB$71:$BB$371,$AZ$71:$AZ$371,$AX105,$BA$71:$BA$371,"Despesas") -> 0 | BD105: =SUMIFS($BB$71:$BB$371,$AZ$71:$AZ$371,$AX105,$BA$71:$BA$371,"Dívidas") -> 0 | BE105: =SUMIFS($BB$71:$BB$371,$AZ$71:$AZ$371,$AX105,$BA$71:$BA$371,"Investimentos") -> 0
P106: 0 | AZ106: =+C106 -> 0 | BA106: =+J106 -> 0 | BB106: =+P106 -> 0 | BC106: =SUMIFS($BB$71:$BB$371,$AZ$71:$AZ$371,$AX106,$BA$71:$BA$371,"Despesas") -> 0 | BD106: =SUMIFS($BB$71:$BB$371,$AZ$71:$AZ$371,$AX106,$BA$71:$BA$371,"Dívidas") -> 0 | BE106: =SUMIFS($BB$71:$BB$371,$AZ$71:$AZ$371,$AX106,$BA$71:$BA$371,"Investimentos") -> 0
P107: 0 | AZ107: =+C107 -> 0 | BA107: =+J107 -> 0 | BB107: =+P107 -> 0 | BC107: =SUMIFS($BB$71:$BB$371,$AZ$71:$AZ$371,$AX107,$BA$71:$BA$371,"Despesas") -> 0 | BD107: =SUMIFS($BB$71:$BB$371,$AZ$71:$AZ$371,$AX107,$BA$71:$BA$371,"Dívidas") -> 0 | BE107: =SUMIFS($BB$71:$BB$371,$AZ$71:$AZ$371,$AX107,$BA$71:$BA$371,"Investimentos") -> 0
P108: 0 | AZ108: =+C108 -> 0 | BA108: =+J108 -> 0 | BB108: =+P108 -> 0 | BC108: =SUMIFS($BB$71:$BB$371,$AZ$71:$AZ$371,$AX108,$BA$71:$BA$371,"Despesas") -> 0 | BD108: =SUMIFS($BB$71:$BB$371,$AZ$71:$AZ$371,$AX108,$BA$71:$BA$371,"Dívidas") -> 0 | BE108: =SUMIFS($BB$71:$BB$371,$AZ$71:$AZ$371,$AX108,$BA$71:$BA$371,"Investimentos") -> 0
P109: 0 | AZ109: =+C109 -> 0 | BA109: =+J109 -> 0 | BB109: =+P109 -> 0 | BC109: =SUMIFS($BB$71:$BB$371,$AZ$71:$AZ$371,$AX109,$BA$71:$BA$371,"Despesas") -> 0 | BD109: =SUMIFS($BB$71:$BB$371,$AZ$71:$AZ$371,$AX109,$BA$71:$BA$371,"Dívidas") -> 0 | BE109: =SUMIFS($BB$71:$BB$371,$AZ$71:$AZ$371,$AX109,$BA$71:$BA$371,"Investimentos") -> 0
P110: 0 | AZ110: =+C110 -> 0 | BA110: =+J110 -> 0 | BB110: =+P110 -> 0 | BC110: =SUMIFS($BB$71:$BB$371,$AZ$71:$AZ$371,$AX110,$BA$71:$BA$371,"Despesas") -> 0 | BD110: =SUMIFS($BB$71:$BB$371,$AZ$71:$AZ$371,$AX110,$BA$71:$BA$371,"Dívidas") -> 0 | BE110: =SUMIFS($BB$71:$BB$371,$AZ$71:$AZ$371,$AX110,$BA$71:$BA$371,"Investimentos") -> 0
P111: 0 | AZ111: =+C111 -> 0 | BA111: =+J111 -> 0 | BB111: =+P111 -> 0 | BC111: =SUMIFS($BB$71:$BB$371,$AZ$71:$AZ$371,$AX111,$BA$71:$BA$371,"Despesas") -> 0 | BD111: =SUMIFS($BB$71:$BB$371,$AZ$71:$AZ$371,$AX111,$BA$71:$BA$371,"Dívidas") -> 0 | BE111: =SUMIFS($BB$71:$BB$371,$AZ$71:$AZ$371,$AX111,$BA$71:$BA$371,"Investimentos") -> 0
P112: 0 | AZ112: =+C112 -> 0 | BA112: =+J112 -> 0 | BB112: =+P112 -> 0 | BC112: =SUMIFS($BB$71:$BB$371,$AZ$71:$AZ$371,$AX112,$BA$71:$BA$371,"Despesas") -> 0 | BD112: =SUMIFS($BB$71:$BB$371,$AZ$71:$AZ$371,$AX112,$BA$71:$BA$371,"Dívidas") -> 0 | BE112: =SUMIFS($BB$71:$BB$371,$AZ$71:$AZ$371,$AX112,$BA$71:$BA$371,"Investimentos") -> 0
P113: 0 | AZ113: =+C113 -> 0 | BA113: =+J113 -> 0 | BB113: =+P113 -> 0 | BC113: =SUMIFS($BB$71:$BB$371,$AZ$71:$AZ$371,$AX113,$BA$71:$BA$371,"Despesas") -> 0 | BD113: =SUMIFS($BB$71:$BB$371,$AZ$71:$AZ$371,$AX113,$BA$71:$BA$371,"Dívidas") -> 0 | BE113: =SUMIFS($BB$71:$BB$371,$AZ$71:$AZ$371,$AX113,$BA$71:$BA$371,"Investimentos") -> 0
... P371: 0 | AZ371: =+C371 -> 0 | BA371: =+J371 -> 0 | BB371: =+P371 -> 0 | BC371: =SUMIFS($BB$71:$BB$371,$AZ$71:$AZ$371,$AX371,$BA$71:$BA$371,"Despesas") -> 0 | BD371: =SUMIFS($BB$71:$BB$371,$AZ$71:$AZ$371,$AX371,$BA$71:$BA$371,"Dívidas") -> 0 | BE371: =SUMIFS($BB$71:$BB$371,$AZ$71:$AZ$371,$AX371,$BA$71:$BA$371,"Investimentos") -> 0

Sheet Jul
C2: Julho
J3: =SUM(F12:F19) -> 12150 | M3: =SUM(F25:F40) -> 9668 | P3: =SUM(F46:F53) -> 1700 | S3: =SUM(F59:F66) -> 640 | V3: =+J3-M3-P3-S3 -> 142 | W3: =+K1-N1-Q1-T1 -> 0
J4: Receita Total | M4: Despesa Total | P4: Pagamento de Dívidas Total | S4: Invetimentos Totais | V4: Não Alocado
J5: =REPT("|",J6*220) -> ||||||||||||||||||||||||||||||||||||||||||||||||||||||||||||||||||||||||||||||||||||||||||||||||||||||||||||||||||||||||||||||||||||||||||||||||||||||||||||||||||||||||||||||||||||||||||||||||||||||||||||||||||||||||||||||||||||||||||||||||||||||||||||||||||||||||||||||||||||| | M5: =REPT("|",M6*95) -> ||||||||||||||||||||||||||||||||||||||||||||||||||||||||||||||||||||||||||||||||||||||||||||||||||||||||||||||||||||||||||||||||||||||||||||||||||||||||||||||||||||||||||||||||||||||||||||||||||||||||||||||||||||||||||||||||||||||||||||||||||||||||| | P5: =REPT("|",P6*95) -> |||||||||||||||||||||||||||||||||||||||||||||||||||| | S5: =REPT("|",S6*95) -> ||||||||||| | V5: =REPT("|",V6*95) -> |
C6: Dashboard Mensal | J6: =J3/SUM(E12:E19) -> 1.2616822 | K6: {=_xlfn.IFS(J3>SUM(E12:E19),'Base de Dados'!BE12,Jul!J3<SUM(Jul!E12:E19),'Base de Dados'!BE11,Jul!J3=SUM(Jul!E12:E19),'Base de Dados'!BE13)} -> Acima da Meta | M6: =+M3/SUM(E25:E40) -> 2.6236092 | N6: {=_xlfn.IFS(M3>E41,"Acima do orçamento",Jul!M3<E41,"Abaixo do Orçado",Jul!M3=E41,'Base de Dados'!BE13)} -> Acima do orçamento | P6: =P3/SUM(E46:E53) -> 0.55737705 | Q6: {=_xlfn.IFS(P3<E54,'Base de Dados'!$BE$11,Jul!P3>E54,'Base de Dados'!$BE$12,Jul!P3=E54,'Base de Dados'!$BE$13)} -> Abaixo da Meta | S6: =+S3/SUM(E59:E67) -> 0.12075472 | T6: {=_xlfn.IFS(S3<E67,'Base de Dados'!$BE$11,Jul!S3>E67,'Base de Dados'!$BE$12,Jul!S3=E67,'Base de Dados'!$BE$13)} -> Abaixo da Meta | V6: =+V3/J3 -> 0.011687243 | W6: da Receita Total
B9: =+'Base de Dados'!C6 -> Receitas
C11: Categoria | E11: Meta | F11: Realizado | G11: Dif
C12: =+'Base de Dados'!C9 -> Salário | E12: =IFERROR(VLOOKUP(C12,Orçamento!$C$9:$P$37,3,0),0) -> 4500 | F12: =SUMIF($M$71:$N$371,C12,$P$71:$Q$371) -> 5000 | G12: =+F12-E12 -> 500 | J12: ="Receita em "&C2 -> Receita em Julho | V12: Receita com Salário
C13: =+'Base de Dados'!C10 -> Salário Cônjuge | E13: =IFERROR(VLOOKUP(C13,Orçamento!$C$9:$P$37,3,0),0) -> 4350 | F13: =SUMIF($M$71:$N$371,C13,$P$71:$Q$371) -> 3500 | G13: =+F13-E13 -> -850 | J13: Meta | K13: Realizado | V13: =SUMIFS(F12:F19,C12:C19, "Salário*") -> 8500
C14: =+'Base de Dados'!C11 -> Dividendos | E14: =IFERROR(VLOOKUP(C14,Orçamento!$C$9:$P$37,3,0),0) -> 100 | F14: =SUMIF($M$71:$N$371,C14,$P$71:$Q$371) -> 250 | G14: =+F14-E14 -> 150 | J14: =+E20 -> 9630 | K14: =SUM(F12:F19) -> 12150 | V14: =REPT("|",V15*180) -> |||||||||||||||||||||||||||||||||||||||||||||||||||||||||||||||||||||||||||||||||||||||||||||||||||||||||||||||||||||||||||||
C15: =+'Base de Dados'!C12 -> Reembolsos | E15: =IFERROR(VLOOKUP(C15,Orçamento!$C$9:$P$37,3,0),0) -> 250 | F15: =SUMIF($M$71:$N$371,C15,$P$71:$Q$371) -> 0 | G15: =+F15-E15 -> -250 | J15: =REPT("|",J16*220) -> ||||||||||||||||||||||||||||||||||||||||||||||||||||||||||||||||||||||||||||||||||||||||||||||||||||||||||||||||||||||||||||||||||||||||||||||||||||||||||||||||||||||||||||||||||||||||||||||||||||||||||||||||||||||||||||||||||||||||||||||||||||||||||||||||||||||||||||||||||||| | V15: =+V13/SUM(F12:F19) -> 0.69958848
C16: =+'Base de Dados'!C13 -> Presentes Receitas | E16: =IFERROR(VLOOKUP(C16,Orçamento!$C$9:$P$37,3,0),0) -> 100 | F16: =SUMIF($M$71:$N$371,C16,$P$71:$Q$371) -> 0 | G16: =+F16-E16 -> -100 | J16: =+K14/J14 -> 1.2616822 | V16: Outras Receitas
C17: =+'Base de Dados'!C14 -> Aluguéis | E17: =IFERROR(VLOOKUP(C17,Orçamento!$C$9:$P$37,3,0),0) -> 30 | F17: =SUMIF($M$71:$N$371,C17,$P$71:$Q$371) -> 0 | G17: =+F17-E17 -> -30 | J17: =+K14-J14 -> 2520 | V17: =SUM(F12:F19)-V13 -> 3650
C18: =+'Base de Dados'!C15 -> Juros | E18: =IFERROR(VLOOKUP(C18,Orçamento!$C$9:$P$37,3,0),0) -> 300 | F18: =SUMIF($M$71:$N$371,C18,$P$71:$Q$371) -> 1400 | G18: =+F18-E18 -> 1100 | V18: =REPT("|",V19*180) -> ||||||||||||||||||||||||||||||||||||||||||||||||||||||
C19: =+'Base de Dados'!C16 -> Renda Extra | E19: =IFERROR(VLOOKUP(C19,Orçamento!$C$9:$P$37,3,0),0) -> 0 | F19: =SUMIF($M$71:$N$371,C19,$P$71:$Q$371) -> 2000 | G19: =+F19-E19 -> 2000 | J19: =_xlfn.CONCAT(K6," ","neste mês") -> Acima da Meta neste mês | V19: =+V17/SUM(F12:F19) -> 0.30041152
E20: =SUM(E12:E19) -> 9630
B22: =+'Base de Dados'!C19 -> Despesas
C24: Categoria | E24: Orçado | F24: Realizado | G24: Dif | J24: Despesas no mês | M24: Gastos por Dia | S24: % da Recita alocada para Despesas
B25: =+'Base de Dados'!B22 -> 0 | C25: =+'Base de Dados'!C22 -> Casa | E25: =IFERROR(VLOOKUP(C25,Orçamento!$C$23:$P$37,3,0),0) -> 750 | F25: =SUMIF($M$71:$N$371,C25,$P$71:$Q$371) -> 200 | G25: =+F25-E25 -> -550 | J25: Orçado | K25: Realizado | S25: =REPT("|",S26*200) -> |||||||||||||||||||||||||||||||||||||||||||||||||||||||||||||||||||||||||||||||||||||||||||||||||||||||||||||||||||||||||||||||||||||||||||||||||||||||||||||||
B26: =+'Base de Dados'!B23 -> 0 | C26: =+'Base de Dados'!C23 -> Transporte | E26: =IFERROR(VLOOKUP(C26,Orçamento!$C$23:$P$37,3,0),0) -> 340 | F26: =SUMIF($M$71:$N$371,C26,$P$71:$Q$371) -> 0 | G26: =+F26-E26 -> -340 | J26: =SUM(E25:E40) -> 3685 | K26: =SUM(F25:F40) -> 9668 | S26: =+$K$26/$J$3 -> 0.79572016
B27: =+'Base de Dados'!B24 -> 0 | C27: =+'Base de Dados'!C24 -> Alimentação | E27: =IFERROR(VLOOKUP(C27,Orçamento!$C$23:$P$37,3,0),0) -> 220 | F27: =SUMIF($M$71:$N$371,C27,$P$71:$Q$371) -> 715 | G27: =+F27-E27 -> 495 | J27: =REPT("|",J28*220) -> |||||||||||||||||||||||||||||||||||||||||||||||||||||||||||||||||||||||||||||||||||||||||||||||||||||||||||||||||||||||||||||||||||||||||||||||||||||||||||||||||||||||||||||||||||||||||||||||||||||||||||||||||||||||||||||||||||||||||||||||||||||||||||||||||||||||||||||||||||||||||||||||||||||||||||||||||||||||||||||||||||||||||||||||||||||||||||||||||||||||||||||||||||||||||||||||||||||||||||||||||||||||||||||||||||||||||||||||||||||||||||||||||||||||||||||||||||||||||||||||||||||||||||||||||||||||||||||||||||||||||||||||||||||||||||||||||||||||||||||||||||||||||||||||||
B28: =+'Base de Dados'!B25 -> 0 | C28: =+'Base de Dados'!C25 -> Utilidades | E28: =IFERROR(VLOOKUP(C28,Orçamento!$C$23:$P$37,3,0),0) -> 140 | F28: =SUMIF($M$71:$N$371,C28,$P$71:$Q$371) -> 0 | G28: =+F28-E28 -> -140 | J28: =+K26/J26 -> 2.6236092
B29: =+'Base de Dados'!B26 -> 0 | C29: =+'Base de Dados'!C26 -> Seguro | E29: =IFERROR(VLOOKUP(C29,Orçamento!$C$23:$P$37,3,0),0) -> 280 | F29: =SUMIF($M$71:$N$371,C29,$P$71:$Q$371) -> 0 | G29: =+F29-E29 -> -280 | J29: =+J26-K26 -> -5983
B30: =+'Base de Dados'!B27 -> 0 | C30: =+'Base de Dados'!C27 -> Educação | E30: =IFERROR(VLOOKUP(C30,Orçamento!$C$23:$P$37,3,0),0) -> 190 | F30: =SUMIF($M$71:$N$371,C30,$P$71:$Q$371) -> 95 | G30: =+F30-E30 -> -95
B31: =+'Base de Dados'!B28 -> 0 | C31: =+'Base de Dados'!C28 -> Entretenimento | E31: =IFERROR(VLOOKUP(C31,Orçamento!$C$23:$P$37,3,0),0) -> 520 | F31: =SUMIF($M$71:$N$371,C31,$P$71:$Q$371) -> 3000 | G31: =+F31-E31 -> 2480 | J31: =_xlfn.CONCAT(N6," ","este mês") -> Acima do orçamento este mês
B32: =+'Base de Dados'!B29 -> 0 | C32: =+'Base de Dados'!C29 -> Roupas | E32: =IFERROR(VLOOKUP(C32,Orçamento!$C$23:$P$37,3,0),0) -> 80 | F32: =SUMIF($M$71:$N$371,C32,$P$71:$Q$371) -> 500 | G32: =+F32-E32 -> 420
B33: =+'Base de Dados'!B30 -> 0 | C33: =+'Base de Dados'!C30 -> Cuidados Pessoais | E33: =IFERROR(VLOOKUP(C33,Orçamento!$C$23:$P$37,3,0),0) -> 180 | F33: =SUMIF($M$71:$N$371,C33,$P$71:$Q$371) -> 0 | G33: =+F33-E33 -> -180
B34: =+'Base de Dados'!B31 -> 0 | C34: =+'Base de Dados'!C31 -> Presentes | E34: =IFERROR(VLOOKUP(C34,Orçamento!$C$23:$P$37,3,0),0) -> 70 | F34: =SUMIF($M$71:$N$371,C34,$P$71:$Q$371) -> 48 | G34: =+F34-E34 -> -22 | J34: Categorias Abaixo | K34: Categorias Acima
B35: =+'Base de Dados'!B32 -> 0 | C35: =+'Base de Dados'!C32 -> Doações | E35: =IFERROR(VLOOKUP(C35,Orçamento!$C$23:$P$37,3,0),0) -> 280 | F35: =SUMIF($M$71:$N$371,C35,$P$71:$Q$371) -> 20 | G35: =+F35-E35 -> -260 | J35: =COUNTIF(G25:G40,">0") -> 4 | K35: =COUNTIF(G25:G40,"<0") -> 10
B36: =+'Base de Dados'!B33 -> 0 | C36: =+'Base de Dados'!C33 -> Lazer | E36: =IFERROR(VLOOKUP(C36,Orçamento!$C$23:$P$37,3,0),0) -> 90 | F36: =SUMIF($M$71:$N$371,C36,$P$71:$Q$371) -> 90 | G36: =+F36-E36 -> 0 | J36: =+J35/(SUM($J$35,$K$35)) -> 0.28571429 | K36: =+K35/(SUM($J$35,$K$35)) -> 0.71428571
B37: =+'Base de Dados'!B34 -> 0 | C37: =+'Base de Dados'!C34 -> Animal de Estimação | E37: =IFERROR(VLOOKUP(C37,Orçamento!$C$23:$P$37,3,0),0) -> 150 | F37: =SUMIF($M$71:$N$371,C37,$P$71:$Q$371) -> 5000 | G37: =+F37-E37 -> 4850 | J37: 1 | K37: =100%-K36 -> 0.28571429
B38: =+'Base de Dados'!B35 -> 0 | C38: =+'Base de Dados'!C35 -> Viagens | E38: =IFERROR(VLOOKUP(C38,Orçamento!$C$23:$P$37,3,0),0) -> 300 | F38: =SUMIF($M$71:$N$371,C38,$P$71:$Q$371) -> 0 | G38: =+F38-E38 -> -300
C39: =+'Base de Dados'!C36 -> Streaming | E39: =IFERROR(VLOOKUP(C39,Orçamento!$C$23:$P$37,3,0),0) -> 95 | F39: =SUMIF($M$71:$N$371,C39,$P$71:$Q$371) -> 0 | G39: =+F39-E39 -> -95
B40: =+'Base de Dados'!B36 -> 0 | C40: =+'Base de Dados'!C37 -> Videogame | E40: =IFERROR(VLOOKUP(C40,Orçamento!$C$23:$P$37,3,0),0) -> 0 | F40: =SUMIF($M$71:$N$371,C40,$P$71:$Q$371) -> 0 | G40: =+F40-E40 -> 0
E41: =SUM(E25:E40) -> 3685
B43: =+'Base de Dados'!G6 -> Dívidas
C45: Categoria | E45: Orçado | F45: Realizado | G45: Dif | J45: Pagamento de Dívidas no mês
B46: =+'Base de Dados'!F8 -> 0 | C46: =+'Base de Dados'!G9 -> Financiamento Carro | E46: =IFERROR(VLOOKUP(C46,Orçamento!$C$44:$P$51,3,0),0) -> 720 | F46: =SUMIF($M$71:$N$371,C46,$P$71:$Q$371) -> 0 | G46: =+F46-E46 -> -720 | J46: Orçado | K46: Realizado
B47: =+'Base de Dados'!F9 -> 0 | C47: =+'Base de Dados'!G10 -> Empréstimo Estudantil | E47: =IFERROR(VLOOKUP(C47,Orçamento!$C$44:$P$51,3,0),0) -> 330 | F47: =SUMIF($M$71:$N$371,C47,$P$71:$Q$371) -> 500 | G47: =+F47-E47 -> 170 | J47: =SUM(E46:E53) -> 3050 | K47: =SUM(F46:F53) -> 1700
B48: =+'Base de Dados'!F10 -> 0 | C48: =+'Base de Dados'!G11 -> Cartão de Crédito | E48: =IFERROR(VLOOKUP(C48,Orçamento!$C$44:$P$51,3,0),0) -> 450 | F48: =SUMIF($M$71:$N$371,C48,$P$71:$Q$371) -> 900 | G48: =+F48-E48 -> 450 | J48: =REPT("|",J49*210) -> |||||||||||||||||||||||||||||||||||||||||||||||||||||||||||||||||||||||||||||||||||||||||||||||||||||||||||||||||||||
B49: =+'Base de Dados'!F11 -> 0 | C49: =+'Base de Dados'!G12 -> Financiamento Apto | E49: =IFERROR(VLOOKUP(C49,Orçamento!$C$44:$P$51,3,0),0) -> 190 | F49: =SUMIF($M$71:$N$371,C49,$P$71:$Q$371) -> 0 | G49: =+F49-E49 -> -190 | J49: =+K47/J47 -> 0.55737705
B50: =+'Base de Dados'!F12 -> 0 | C50: =+'Base de Dados'!G13 -> Consórcio | E50: =IFERROR(VLOOKUP(C50,Orçamento!$C$44:$P$51,3,0),0) -> 290 | F50: =SUMIF($M$71:$N$371,C50,$P$71:$Q$371) -> 300 | G50: =+F50-E50 -> 10 | J50: =+J47-K47 -> 1350
B51: =+'Base de Dados'!F13 -> 0 | C51: =+'Base de Dados'!G14 -> Empréstimo | E51: =IFERROR(VLOOKUP(C51,Orçamento!$C$44:$P$51,3,0),0) -> 370 | F51: =SUMIF($M$71:$N$371,C51,$P$71:$Q$371) -> 0 | G51: =+F51-E51 -> -370
B52: =+'Base de Dados'!F14 -> 0 | C52: =+'Base de Dados'!G15 -> Agiota | E52: =IFERROR(VLOOKUP(C52,Orçamento!$C$44:$P$51,3,0),0) -> 520 | F52: =SUMIF($M$71:$N$371,C52,$P$71:$Q$371) -> 0 | G52: =+F52-E52 -> -520 | J52: =_xlfn.CONCAT(Q6," ","neste mês") -> Abaixo da Meta neste mês
B53: =+'Base de Dados'!F15 -> 0 | C53: =+'Base de Dados'!G16 -> Financiamento Lote | E53: =IFERROR(VLOOKUP(C53,Orçamento!$C$44:$P$51,3,0),0) -> 180 | F53: =SUMIF($M$71:$N$371,C53,$P$71:$Q$371) -> 0 | G53: =+F53-E53 -> -180
E54: =SUM(E46:E53) -> 3050
B56: =+'Base de Dados'!G19 -> Investimentos
C58: Categoria | E58: Meta | F58: Realizado | G58: Dif | J58: Investimentos no Mês
B59: =+'Base de Dados'!F21 -> 0 | C59: =+'Base de Dados'!G22 -> Reserva de Emergência | E59: =IFERROR(VLOOKUP(C59,Orçamento!$C$58:$P$65,3,0),0) -> 350 | F59: =SUMIF($M$71:$N$371,C59,$P$71:$Q$371) -> 0 | G59: =+F59-E59 -> -350 | J59: Meta | K59: Realizado
B60: =+'Base de Dados'!F22 -> 0 | C60: =+'Base de Dados'!G23 -> Previdência | E60: =IFERROR(VLOOKUP(C60,Orçamento!$C$58:$P$65,3,0),0) -> 230 | F60: =SUMIF($M$71:$N$371,C60,$P$71:$Q$371) -> 0 | G60: =+F60-E60 -> -230 | J60: =SUM(E59:E66) -> 2650 | K60: =SUM(F59:F66) -> 640
B61: =+'Base de Dados'!F23 -> 0 | C61: =+'Base de Dados'!G24 -> Ações | E61: =IFERROR(VLOOKUP(C61,Orçamento!$C$58:$P$65,3,0),0) -> 220 | F61: =SUMIF($M$71:$N$371,C61,$P$71:$Q$371) -> 0 | G61: =+F61-E61 -> -220 | J61: =REPT("|",J62*220) -> |||||||||||||||||||||||||||||||||||||||||||||||||||||
B62: =+'Base de Dados'!F24 -> 0 | C62: =+'Base de Dados'!G25 -> Fundos Imobiliários | E62: =IFERROR(VLOOKUP(C62,Orçamento!$C$58:$P$65,3,0),0) -> 390 | F62: =SUMIF($M$71:$N$371,C62,$P$71:$Q$371) -> 0 | G62: =+F62-E62 -> -390 | J62: =+K60/J60 -> 0.24150943
B63: =+'Base de Dados'!F25 -> 0 | C63: =+'Base de Dados'!G26 -> Renda Fixa | E63: =IFERROR(VLOOKUP(C63,Orçamento!$C$58:$P$65,3,0),0) -> 290 | F63: =SUMIF($M$71:$N$371,C63,$P$71:$Q$371) -> 100 | G63: =+F63-E63 -> -190 | J63: =+J60-K60 -> 2010
B64: =+'Base de Dados'!F26 -> 0 | C64: =+'Base de Dados'!G27 -> CDB Bradesco | E64: =IFERROR(VLOOKUP(C64,Orçamento!$C$58:$P$65,3,0),0) -> 250 | F64: =SUMIF($M$71:$N$371,C64,$P$71:$Q$371) -> 440 | G64: =+F64-E64 -> 190
B65: =+'Base de Dados'!F27 -> 0 | C65: =+'Base de Dados'!G28 -> CDB Itaú | E65: =IFERROR(VLOOKUP(C65,Orçamento!$C$58:$P$65,3,0),0) -> 530 | F65: =SUMIF($M$71:$N$371,C65,$P$71:$Q$371) -> 0 | G65: =+F65-E65 -> -530 | J65: =_xlfn.CONCAT(T6," ","neste mês") -> Abaixo da Meta neste mês
B66: =+'Base de Dados'!F28 -> 0 | C66: =+'Base de Dados'!G29 -> Imóveis | E66: =IFERROR(VLOOKUP(C66,Orçamento!$C$58:$P$65,3,0),0) -> 390 | F66: =SUMIF($M$71:$N$371,C66,$P$71:$Q$371) -> 100 | G66: =+F66-E66 -> -290
E67: =SUM(E59:E66) -> 2650 | F67: =SUM(F59:F66) -> 640
C69: Transações
C70: Data | E70: Descrição | J70: Tipo | M70: Categoria | P70: Valor | S70: Notas | AX70: Date | BC70: =+'Base de Dados'!C19 -> Despesas | BD70: =+'Base de Dados'!G6 -> Dívidas | BE70: =+'Base de Dados'!G19 -> Investimentos
C71: 45480 | J71: Receitas | M71: Salário | P71: 5000 | AX71: 45474 | AZ71: =+C71 -> 45480 | BA71: =+J71 -> Receitas | BB71: =+P71 -> 5000 | BC71: =SUMIFS($BB$71:$BB$371,$AZ$71:$AZ$371,$AX71,$BA$71:$BA$371,"Despesas") -> 0 | BD71: =SUMIFS($BB$71:$BB$371,$AZ$71:$AZ$371,$AX71,$BA$71:$BA$371,"Dívidas") -> 0 | BE71: =SUMIFS($BB$71:$BB$371,$AZ$71:$AZ$371,$AX71,$BA$71:$BA$371,"Investimentos") -> 0
C72: 45481 | J72: Receitas | M72: Salário Cônjuge | P72: 3500 | AX72: 45475 | AZ72: =+C72 -> 45481 | BA72: =+J72 -> Receitas | BB72: =+P72 -> 3500 | BC72: =SUMIFS($BB$71:$BB$371,$AZ$71:$AZ$371,$AX72,$BA$71:$BA$371,"Despesas") -> 0 | BD72: =SUMIFS($BB$71:$BB$371,$AZ$71:$AZ$371,$AX72,$BA$71:$BA$371,"Dívidas") -> 0 | BE72: =SUMIFS($BB$71:$BB$371,$AZ$71:$AZ$371,$AX72,$BA$71:$BA$371,"Investimentos") -> 0
C73: 45482 | J73: Despesas | M73: Casa | P73: 200 | AX73: 45476 | AZ73: =+C73 -> 45482 | BA73: =+J73 -> Despesas | BB73: =+P73 -> 200 | BC73: =SUMIFS($BB$71:$BB$371,$AZ$71:$AZ$371,$AX73,$BA$71:$BA$371,"Despesas") -> 0 | BD73: =SUMIFS($BB$71:$BB$371,$AZ$71:$AZ$371,$AX73,$BA$71:$BA$371,"Dívidas") -> 0 | BE73: =SUMIFS($BB$71:$BB$371,$AZ$71:$AZ$371,$AX73,$BA$71:$BA$371,"Investimentos") -> 0
C74: 45483 | J74: Dívidas | M74: Empréstimo Estudantil | P74: 500 | AX74: 45477 | AZ74: =+C74 -> 45483 | BA74: =+J74 -> Dívidas | BB74: =+P74 -> 500 | BC74: =SUMIFS($BB$71:$BB$371,$AZ$71:$AZ$371,$AX74,$BA$71:$BA$371,"Despesas") -> 0 | BD74: =SUMIFS($BB$71:$BB$371,$AZ$71:$AZ$371,$AX74,$BA$71:$BA$371,"Dívidas") -> 0 | BE74: =SUMIFS($BB$71:$BB$371,$AZ$71:$AZ$371,$AX74,$BA$71:$BA$371,"Investimentos") -> 0
C75: 45484 | J75: Investimentos | M75: Previdência | AX75: 45478 | AZ75: =+C75 -> 45484 | BA75: =+J75 -> Investimentos | BB75: =+P75 -> 0 | BC75: =SUMIFS($BB$71:$BB$371,$AZ$71:$AZ$371,$AX75,$BA$71:$BA$371,"Despesas") -> 0 | BD75: =SUMIFS($BB$71:$BB$371,$AZ$71:$AZ$371,$AX75,$BA$71:$BA$371,"Dívidas") -> 0 | BE75: =SUMIFS($BB$71:$BB$371,$AZ$71:$AZ$371,$AX75,$BA$71:$BA$371,"Investimentos") -> 0
C76: 45485 | J76: Receitas | M76: Dividendos | P76: 50 | AX76: 45479 | AZ76: =+C76 -> 45485 | BA76: =+J76 -> Receitas | BB76: =+P76 -> 50 | BC76: =SUMIFS($BB$71:$BB$371,$AZ$71:$AZ$371,$AX76,$BA$71:$BA$371,"Despesas") -> 0 | BD76: =SUMIFS($BB$71:$BB$371,$AZ$71:$AZ$371,$AX76,$BA$71:$BA$371,"Dívidas") -> 0 | BE76: =SUMIFS($BB$71:$BB$371,$AZ$71:$AZ$371,$AX76,$BA$71:$BA$371,"Investimentos") -> 0
C77: 45486 | J77: Despesas | M77: Alimentação | P77: 30 | AX77: 45480 | AZ77: =+C77 -> 45486 | BA77: =+J77 -> Despesas | BB77: =+P77 -> 30 | BC77: =SUMIFS($BB$71:$BB$371,$AZ$71:$AZ$371,$AX77,$BA$71:$BA$371,"Despesas") -> 0 | BD77: =SUMIFS($BB$71:$BB$371,$AZ$71:$AZ$371,$AX77,$BA$71:$BA$371,"Dívidas") -> 0 | BE77: =SUMIFS($BB$71:$BB$371,$AZ$71:$AZ$371,$AX77,$BA$71:$BA$371,"Investimentos") -> 0
C78: 45487 | J78: Investimentos | M78: Renda Fixa | P78: 100 | AX78: 45481 | AZ78: =+C78 -> 45487 | BA78: =+J78 -> Investimentos | BB78: =+P78 -> 100 | BC78: =SUMIFS($BB$71:$BB$371,$AZ$71:$AZ$371,$AX78,$BA$71:$BA$371,"Despesas") -> 0 | BD78: =SUMIFS($BB$71:$BB$371,$AZ$71:$AZ$371,$AX78,$BA$71:$BA$371,"Dívidas") -> 0 | BE78: =SUMIFS($BB$71:$BB$371,$AZ$71:$AZ$371,$AX78,$BA$71:$BA$371,"Investimentos") -> 0
C79: 45488 | J79: Investimentos | M79: Imóveis | P79: 100 | AX79: 45482 | AZ79: =+C79 -> 45488 | BA79: =+J79 -> Investimentos | BB79: =+P79 -> 100 | BC79: =SUMIFS($BB$71:$BB$371,$AZ$71:$AZ$371,$AX79,$BA$71:$BA$371,"Despesas") -> 200 | BD79: =SUMIFS($BB$71:$BB$371,$AZ$71:$AZ$371,$AX79,$BA$71:$BA$371,"Dívidas") -> 0 | BE79: =SUMIFS($BB$71:$BB$371,$AZ$71:$AZ$371,$AX79,$BA$71:$BA$371,"Investimentos") -> 0
C80: 45489 | J80: Receitas | M80: Dividendos | P80: 200 | AX80: 45483 | AZ80: =+C80 -> 45489 | BA80: =+J80 -> Receitas | BB80: =+P80 -> 200 | BC80: =SUMIFS($BB$71:$BB$371,$AZ$71:$AZ$371,$AX80,$BA$71:$BA$371,"Despesas") -> 0 | BD80: =SUMIFS($BB$71:$BB$371,$AZ$71:$AZ$371,$AX80,$BA$71:$BA$371,"Dívidas") -> 500 | BE80: =SUMIFS($BB$71:$BB$371,$AZ$71:$AZ$371,$AX80,$BA$71:$BA$371,"Investimentos") -> 0
C81: 45490 | J81: Despesas | M81: Entretenimento | P81: 3000 | AX81: 45484 | AZ81: =+C81 -> 45490 | BA81: =+J81 -> Despesas | BB81: =+P81 -> 3000 | BC81: =SUMIFS($BB$71:$BB$371,$AZ$71:$AZ$371,$AX81,$BA$71:$BA$371,"Despesas") -> 0 | BD81: =SUMIFS($BB$71:$BB$371,$AZ$71:$AZ$371,$AX81,$BA$71:$BA$371,"Dívidas") -> 0 | BE81: =SUMIFS($BB$71:$BB$371,$AZ$71:$AZ$371,$AX81,$BA$71:$BA$371,"Investimentos") -> 0
C82: 45491 | J82: Despesas | M82: Roupas | P82: 500 | AX82: 45485 | AZ82: =+C82 -> 45491 | BA82: =+J82 -> Despesas | BB82: =+P82 -> 500 | BC82: =SUMIFS($BB$71:$BB$371,$AZ$71:$AZ$371,$AX82,$BA$71:$BA$371,"Despesas") -> 0 | BD82: =SUMIFS($BB$71:$BB$371,$AZ$71:$AZ$371,$AX82,$BA$71:$BA$371,"Dívidas") -> 0 | BE82: =SUMIFS($BB$71:$BB$371,$AZ$71:$AZ$371,$AX82,$BA$71:$BA$371,"Investimentos") -> 0
C83: 45492 | J83: Despesas | M83: Lazer | P83: 90 | AX83: 45486 | AZ83: =+C83 -> 45492 | BA83: =+J83 -> Despesas | BB83: =+P83 -> 90 | BC83: =SUMIFS($BB$71:$BB$371,$AZ$71:$AZ$371,$AX83,$BA$71:$BA$371,"Despesas") -> 30 | BD83: =SUMIFS($BB$71:$BB$371,$AZ$71:$AZ$371,$AX83,$BA$71:$BA$371,"Dívidas") -> 0 | BE83: =SUMIFS($BB$71:$BB$371,$AZ$71:$AZ$371,$AX83,$BA$71:$BA$371,"Investimentos") -> 0
C84: 45493 | J84: Dívidas | M84: Consórcio | P84: 300 | AX84: 45487 | AZ84: =+C84 -> 45493 | BA84: =+J84 -> Dívidas | BB84: =+P84 -> 300 | BC84: =SUMIFS($BB$71:$BB$371,$AZ$71:$AZ$371,$AX84,$BA$71:$BA$371,"Despesas") -> 0 | BD84: =SUMIFS($BB$71:$BB$371,$AZ$71:$AZ$371,$AX84,$BA$71:$BA$371,"Dívidas") -> 0 | BE84: =SUMIFS($BB$71:$BB$371,$AZ$71:$AZ$371,$AX84,$BA$71:$BA$371,"Investimentos") -> 100
C85: 45494 | J85: Receitas | M85: Juros | P85: 800 | AX85: 45488 | AZ85: =+C85 -> 45494 | BA85: =+J85 -> Receitas | BB85: =+P85 -> 800 | BC85: =SUMIFS($BB$71:$BB$371,$AZ$71:$AZ$371,$AX85,$BA$71:$BA$371,"Despesas") -> 0 | BD85: =SUMIFS($BB$71:$BB$371,$AZ$71:$AZ$371,$AX85,$BA$71:$BA$371,"Dívidas") -> 0 | BE85: =SUMIFS($BB$71:$BB$371,$AZ$71:$AZ$371,$AX85,$BA$71:$BA$371,"Investimentos") -> 100
C86: 45495 | J86: Despesas | M86: Doações | P86: 20 | AX86: 45489 | AZ86: =+C86 -> 45495 | BA86: =+J86 -> Despesas | BB86: =+P86 -> 20 | BC86: =SUMIFS($BB$71:$BB$371,$AZ$71:$AZ$371,$AX86,$BA$71:$BA$371,"Despesas") -> 0 | BD86: =SUMIFS($BB$71:$BB$371,$AZ$71:$AZ$371,$AX86,$BA$71:$BA$371,"Dívidas") -> 0 | BE86: =SUMIFS($BB$71:$BB$371,$AZ$71:$AZ$371,$AX86,$BA$71:$BA$371,"Investimentos") -> 0
C87: 45496 | J87: Receitas | M87: Juros | P87: 600 | AX87: 45490 | AZ87: =+C87 -> 45496 | BA87: =+J87 -> Receitas | BB87: =+P87 -> 600 | BC87: =SUMIFS($BB$71:$BB$371,$AZ$71:$AZ$371,$AX87,$BA$71:$BA$371,"Despesas") -> 3000 | BD87: =SUMIFS($BB$71:$BB$371,$AZ$71:$AZ$371,$AX87,$BA$71:$BA$371,"Dívidas") -> 0 | BE87: =SUMIFS($BB$71:$BB$371,$AZ$71:$AZ$371,$AX87,$BA$71:$BA$371,"Investimentos") -> 0
... C96: 45505 | J96: Receitas | M96: Renda Extra | P96: 2000 | AX96: 45499 | AZ96: =+C96 -> 45505 | BA96: =+J96 -> Receitas | BB96: =+P96 -> 2000 | BC96: =SUMIFS($BB$71:$BB$371,$AZ$71:$AZ$371,$AX96,$BA$71:$BA$371,"Despesas") -> 5000 | BD96: =SUMIFS($BB$71:$BB$371,$AZ$71:$AZ$371,$AX96,$BA$71:$BA$371,"Dívidas") -> 0 | BE96: =SUMIFS($BB$71:$BB$371,$AZ$71:$AZ$371,$AX96,$BA$71:$BA$371,"Investimentos") -> 0
P97: 0 | AX97: 45500 | AZ97: =+C97 -> 0 | BA97: =+J97 -> 0 | BB97: =+P97 -> 0 | BC97: =SUMIFS($BB$71:$BB$371,$AZ$71:$AZ$371,$AX97,$BA$71:$BA$371,"Despesas") -> 95 | BD97: =SUMIFS($BB$71:$BB$371,$AZ$71:$AZ$371,$AX97,$BA$71:$BA$371,"Dívidas") -> 0 | BE97: =SUMIFS($BB$71:$BB$371,$AZ$71:$AZ$371,$AX97,$BA$71:$BA$371,"Investimentos") -> 0
P98: 0 | AX98: 45501 | AZ98: =+C98 -> 0 | BA98: =+J98 -> 0 | BB98: =+P98 -> 0 | BC98: =SUMIFS($BB$71:$BB$371,$AZ$71:$AZ$371,$AX98,$BA$71:$BA$371,"Despesas") -> 0 | BD98: =SUMIFS($BB$71:$BB$371,$AZ$71:$AZ$371,$AX98,$BA$71:$BA$371,"Dívidas") -> 600 | BE98: =SUMIFS($BB$71:$BB$371,$AZ$71:$AZ$371,$AX98,$BA$71:$BA$371,"Investimentos") -> 0
P99: 0 | AX99: 45502 | AZ99: =+C99 -> 0 | BA99: =+J99 -> 0 | BB99: =+P99 -> 0 | BC99: =SUMIFS($BB$71:$BB$371,$AZ$71:$AZ$371,$AX99,$BA$71:$BA$371,"Despesas") -> 0 | BD99: =SUMIFS($BB$71:$BB$371,$AZ$71:$AZ$371,$AX99,$BA$71:$BA$371,"Dívidas") -> 0 | BE99: =SUMIFS($BB$71:$BB$371,$AZ$71:$AZ$371,$AX99,$BA$71:$BA$371,"Investimentos") -> 240
